Workbook
Name __123Graph_A: #REF!
Name __123Graph_A: '[1]All road-work file'!#REF!
Name __123Graph_X: #REF!
Name __123Graph_X: '[1]All road-work file'!#REF!
Name _12yrto100: #REF!
Name _12yrto60: #REF!
Name _3_IOU_and_POU_Rates: #REF!
Name _3yrto100: #REF!
Name _3yrto60: #REF!
Name _6yrto100: #REF!
Name _6yrto60: #REF!
Name _8yrt0100: #REF!
Name _9yrto100: #REF!
Name _9yrto60: #REF!
Name _AMO_UniqueIdentifier: "'7f26e32b-2cc9-4f43-881e-47427f0e1ea5'"
Name _Fill: #REF!
Name _Fill: [2]IWWABST!#REF!
Name _Key1: #REF!
Name _Key2: #REF!
Name _MatMult_A: #REF!
Name _MatMult_AxB: #REF!
Name _MatMult_B: #REF!
Name _New1: #REF!
Name _Order1: 255
Name _Order2: 255
Name _Regression_Int: 1
Name _SAS_empty_: #REF!
Name _Sort: #REF!
Name Account_Detail: #REF!
Name Account_Errors: #REF!
Name ACTION_FRACTION: #REF!
Name ACTION_FRACTION: '[3]BEARS Worksheet'!$T$85
Name adgadfghsfghb44: #REF!
Name bbbbb: #REF!
Name Budget___Expenditures______1: #REF!
Name CAlist: #REF!
Name Commitment_Type: #REF!
Name Consumption_Detail: #REF!
Name Cost_Scenario: #REF!
Name Cost_Scenario: '[4]Lists for Data Validation'!$O$3
Name County: #REF!
Name County: [5]CleanData!$Z$2
Name Countylookup: #REF!
Name Countylookup: [6]Finance!$A:$AF
Name Criteria_MI: #REF!
Name d: #REF!
Name DASFASDF: #REF!
Name data: #REF!
Name Database_MI: #REF!
Name Days: #REF!
Name DDD: #REF!
Name Demand_Reduction__Summer_Peak_kW___2: #REF!
Name Discount_Rate: #REF!
Name Discount_Rate: '[4]Project Level Details'!$I$22
Name Disrate: #REF!
Name DynCompany: "DPPI"
Name DynMajor: "Enter Pivot Title Here"
Name DynUser: "Steve"
Name EEGAVersion: #REF!
Name Elec_EndUse: #REF!

Sheet Read Me
B2: California Public Utilities Commission
B3: Business Plan Application Template
B7: Updated: | C7: July, 2025 | F7: WORKBOOK DROPDOWN MENU CONTROL
B9: General Instructions for Completing the Tables: | F9: Target Exempt | G9: PA | H9: Program Implementer | I9: Sector | J9: Program Category | K9: Program Segment | L9: Program Changes Reason
B10: WestLight Energy | C10: Input your PA name here. This will appear on all tabs. | F10: Yes | G10: PG&E | H10: IOU Core | I10: Residential | J10: Emerging Tech | K10: Resource Acquisition | L10: Programs to be closed with the disposition of 2028-2035 EE Application
B11: 2028-2035 | C11: Input your reference years here. This will appear on all tabs | F11: No | G11: SCE | H11: Third Party | I11: Commercial | J11: WE&T | K11: Market Support | L11: Programs to be closed upon completion of commitments
C12: All currency will be reported to the dollar, i.e., $0. | G12: SoCalGas | H12: REN/CCA | I12: Industrial | J12: Financing | K12: Equity | L12: Programs with reduced budgets (>40% budget decrease)
C13: Follow the legend to guide the input of various data requirements. | G13: SDG&E | I13: Agricultural | J13: Market Transformation | K13: Codes & Standards | L13: Programs with enhanced budgets (>40% budget increase)
C14: When adding rows, ensure all formulas are copied. | G14: BayREN | I14: Public | J14: Other | K14: EM&V | L14: Programs that are new in 2028 or beyond
C15: All tables totals should be recalculated to ensure footing/cross footing accuracy. | G15: WestLight Energy | I15: Cross-Cutting | J15: New Construction | L15: Programs with Third-Party Contracts that Sunset in 2028-2031
C16: Be mindful of print area to ensure footnotes are included when added. | I16: Portfolio Support | J16: Marketing Education & Outreach
C17: Review the legend at the bottom of the the Read Me. | J17: Energy Savings Assistance
J18: Codes & Standards
B19: Description | J19: EM&V
B20: This workbook supports the development and submission of CPUC Business Plan Application by providing a standardized template for organizing key programmatic, budgetary, and analytical information. Each Tab plans a specific role in collecting, processing, and summarizing relevant data to meet submission and regulatory requirements.
B22: Workbook Tab Definitions
B23: Function Definitions | C23: This tab provides a detailed breakdown of functional categories and definitions used to allocate and report energy efficiency program costs across planning, implementation, compliance, engineering, analytics, marketing, IT, and incentive functions.
B24: 0 Validations | C24: Provides a summary of key budget, revenue requirement, and cost category comparisons across the workbook, highlighting differences to ensure consistency between spending requests, cost recovery, and functional allocations.
B25: 1 Biller Payer Impacts | C25: Calculates estimated average annual and lifecycle bill savings for participating customers by applying electric and gas rates to forecasted program energy savings.
B26: 2 Rates Rev-IOU Only | C26: Presents the projected changes in electric and gas revenues, rates, and the energy efficiency portion of rates by customer class, illustrating the impact of proposed energy efficiency investments on utility bills.
B27: 3.1 Funding Category | C27: Summarizes funding sources and budget allocations for electric and gas programs, including procurement and revenue requirements, across various program administrators and utilities.
B28: 3.2 Funding - CCA_REN only | C28: Tracks annual electric and gas energy efficiency funds allocated by IOUs to RENs and CCAs from 2028–2035.
B29: 4.1 Program Budget 2028-2031 | C29: Outlines portfolio budget requests, spending, unspent and carryover balances, and cost components for your utility energy efficiency portfolio, including EM&V, ME&O, ESA, and financing pilots.
B30: 4.2 Sector Seg Budget 2032-2035 | C30: Details annual budget requests, energy savings, and emissions impacts by sector and program segment to support portfolio planning from 2028–2035.
B31: 4.3 TSB and C&S Budget 2032-2035 | C31: Compares business plan forecasts to CPUC goals for 2028–2035, including Total System Benefit and energy savings metrics for incentive programs and codes & standards.
B32: Budget Filing Data | C32: Contains raw budget filing data from CEDARS and CET grouped by Year, PA, Program ID, Program Name, Program Group, Primary Sector, Statewide Program, Program Category, Program Implementer, Filing Year Quarter, Program Segment and Program Status. Also includes calculations of interim steps related to cost-effectiveness metrics.
B33: 6 Statewide Programs | C33: Outlines statewide energy efficiency programs, including total contract budgets, proportional funding contributions, and administrative costs allocated across IOUs based on electric and gas load shares.
B34: 7 PA PY Budget | C34: Summarizes annual cost recovery requests (2028–2031) for IOUs, RENs, and CCAs, including EM&V, oversight, and offsets from unspent funds.
... B38: 11 Program Cards | C38: Flat file version of the program card tables in the narrative. Pas can use this template to populate the narrative.
B40: Legend
B41: Solid Gray, black font | C41: This cell style indicates a formula that should not be edited by the user.
B42: Solid Blue, blue font | C42: This cell style indicates a data input cell that should be edited by the user.
B43: Solid Gold, black font | C43: This cell style indicates the cell is a header/footer, no data input cell.
B44: Solid Green, black font | C44: This cell style indicates the aggregated data could come from record level budget filing (posted in CEDARS) or from the aggregated data described in the "Raw Budget Filing Data" tab.

Sheet Function Definitions
B2: Description | C2: This tab provides a detailed breakdown of functional categories and definitions used to allocate and report energy efficiency program costs across planning, implementation, compliance, engineering, analytics, marketing, IT, and incentive functions.
B4: Instructions | C4: Review table to familiarize yourself with functions definitions.
B6: PA Name: | C6: ='Read Me'!B10 -> WestLight Energy
B7: Budget Year: | C7: ='Read Me'!B11 -> 2028-2035
B9: FUNCTION DEFINITIONS
B10: Aggregated Category | C10: Definition | D10: Functional Category | E10: Detailed Definition
B11: Policy, Strategy, and Regulatory Reporting Compliance | C11: Includes policy, strategy, compliance, audits and regulatory support | D11: Planning & Compliance | E11: DSM Goal Planning; lead legislative review/positioning; policy support on reg proceedings; portfolio optimization; end use-market strategy; DSM lead for PRP, DRP, ES; locational targeting; audit support; SOX certifications; developing control plans; developing action plans; continuous monitoring; inspections; program/product QA/QC; decision compliance oversight/tracking; data requests; policies & procedures
D12: Company Regulatory Support | E12: Case management for EE proceedings
B13: Program management | C13: Includes labor, contracts, admin costs for program design, program implementation, product and channel management for all sectors | D13: Program Management & Delivery | E13: Market Segment & Locational Resource programs; Business Core & Finance Programs; Large Power DR Programs; Non-Res HVAC & Technical Services; Program Integration & Optimization; Residential EE & DR Programs (incl. Res HVAC QI); IQP & Economic Assistance Programs; Mass Market DR Programs; Education & Information Products & Services; Energy Leader Partnerships; Institutional & Federal Partnerships; REN Coordination; Strategic Plan Support; Energy/Water Program Mgt; Service Level Agreement Tracking
D14: Product Management | E14: Manage end-to-end new products and services (P&S) intake, evaluation, and launch process; develop and facilitate P&S governance teams, coordination of all sub-process owners, stakeholders, and technical resources required to evaluate and launch new products; evaluate and launch new services and OOR opportunities; develop external partnerships & strategic alliances; work with various companies and associations to help advance standards, products, and tech.; work with external experts to help reduce SCE costs to deliver new prog. and products; develop and launch new customer technologies, products, services for residential and business customers; conduct customer pilots of new technologies and programs; lead customer field demonstrations of new technologies and products; align new P&S to savings programs/incentives; develop new programs/incentives in support of savings goals
D15: Channel Management
D16: Contract Management | E16: Budget forecasting, spend tracking, invoice processing, and contract management with vendors and suppliers; Regulatory support for ME&O activities
B17: Engineering Services | C17: Includes engineering, project management, and contracts associated with workpaper development and pre/post sales project technical reviews and design assistance | D17: Custom project support | E17: Management of Emerging Products projects; Customized reviews; LCR/RFO support; Ex-ante review management; Technical policy support; Technical assessments; Workpapers; Tool development; End use subject matter expertise
D18: Deemed workpapers
D19: Project management
B20: Customer Application/Rebate and Incentive Processing | C20: Costs associated with application management and rebate and incentive processing (deemed and custom) | D20: Rebate & Application Processing
B21: Inspections | C21: Costs associated with project inspections | D21: Inspections
B22: Portfolio Analytics | C22: Includes analytics support, including internal performance reporting and external reporting | D22: Data analytics | E22: Data development for programs, products and services; Standard and ad hoc data extracts for internal and external clients ; Database management; CPUC, CAISO reporting; Data reconciliation; E3 support ; Compliance filing support; Funding Oversight; ESPI support; Program Results Data & Performance
B24: EM&V | C24: EM&V expenditures | D24: EM&V Studies | E24: Program and product review; manage evaluation studies
D25: EM&V Forecasting | E25: EE lead for LTPP and IEPR; market potential study; integration w/ procurement planning; CPUC Demand Analysis Working Group
B26: ME&O | C26: Costs associated with utility EE marketing; no statewide; focus on outsourced portion | D26: Marketing | E26: Customer Programs, Products, and Services Marketing; Digital Product Development; Digital Content & Optimization
D27: Customer insights | E27: Voice of the Customer; Customer satisfaction study measurement and analysis (JD Power, SDS); Customer testing/research
B28: Account Management / Sales | C28: Costs associated with account rep energy efficiency sales functions | D28: Account Management
B29: IT | C29: IT project specific costs and regular O&M | D29: IT - project specific | E29: Projects and minor enhancements. Includes project management/business integration ("PMO/BID"). Excluded: maintenance (which SCE defines as when something goes down, normal batch processing, verifying interfaces, etc.).
D30: IT - regular O&M
B31: Call Center | C31: Costs associated with call center staff fielding EE program questions | D31: Call Center
B32: Incentives | C32: Costs of rebate and incentive payments to customers | D32: Incentives

Sheet 0 Validations
B2: Description | C2: Provides a summary of key budget, revenue requirement, and cost category comparisons across the workbook, highlighting differences to ensure consistency between spending requests, cost recovery, and functional allocations.
B4: Instructions | C4: No entry required. Review summary tables after completing workbook.
B6: PA Name: | C6: ='Read Me'!B10 -> WestLight Energy
B7: Budget Year: | C7: ='Read Me'!B11 -> 2028-2035
C9: Spending Budget Comparison | D9: 2028 | E9: =+D9+1 -> 2029 | F9: =+E9+1 -> 2030 | G9: =+F9+1 -> 2031 | H9: =+G9+1 -> 2032 | I9: =+H9+1 -> 2033 | J9: =+I9+1 -> 2034 | K9: =+J9+1 -> 2035
C10: Tab 3.1 - PA Spending Budget Request (PA Program and EM&V) | D10: =SUMIFS('3.1 Funding Category'!$D$10:$D$81, '3.1 Funding Category'!$C$10:$C$81, '3.1 Funding Category'!$C$42, '3.1 Funding Category'!$B$10:$B$81, '0 Validations'!D9) -> 6593750 | E10: =SUMIFS('3.1 Funding Category'!$D$10:$D$81, '3.1 Funding Category'!$C$10:$C$81, '3.1 Funding Category'!$C$42, '3.1 Funding Category'!$B$10:$B$81, '0 Validations'!E9) -> 9025208.8 | F10: =SUMIFS('3.1 Funding Category'!$D$10:$D$81, '3.1 Funding Category'!$C$10:$C$81, '3.1 Funding Category'!$C$42, '3.1 Funding Category'!$B$10:$B$81, '0 Validations'!F9) -> 9817397.3 | G10: =SUMIFS('3.1 Funding Category'!$D$10:$D$81, '3.1 Funding Category'!$C$10:$C$81, '3.1 Funding Category'!$C$42, '3.1 Funding Category'!$B$10:$B$81, '0 Validations'!G9) -> 10865729 | H10: =SUMIFS('3.1 Funding Category'!$D$10:$D$81, '3.1 Funding Category'!$C$10:$C$81, '3.1 Funding Category'!$C$42, '3.1 Funding Category'!$B$10:$B$81, '0 Validations'!H9) -> 11191701 | I10: =SUMIFS('3.1 Funding Category'!$D$10:$D$81, '3.1 Funding Category'!$C$10:$C$81, '3.1 Funding Category'!$C$42, '3.1 Funding Category'!$B$10:$B$81, '0 Validations'!I9) -> 11527452 | J10: =SUMIFS('3.1 Funding Category'!$D$10:$D$81, '3.1 Funding Category'!$C$10:$C$81, '3.1 Funding Category'!$C$42, '3.1 Funding Category'!$B$10:$B$81, '0 Validations'!J9) -> 11873276 | K10: =SUMIFS('3.1 Funding Category'!$D$10:$D$81, '3.1 Funding Category'!$C$10:$C$81, '3.1 Funding Category'!$C$42, '3.1 Funding Category'!$B$10:$B$81, '0 Validations'!K9) -> 12229474
C11: Tab 4.1 & 4.2 - PA Spending Budget Request (PA Program and EM&V) | D11: =SUMIFS('4.1 Program Budget 2028-2031'!$N$16:$N$215, '4.1 Program Budget 2028-2031'!$M$16:$M$215, '0 Validations'!D9) -> 6593750 | E11: =SUMIFS('4.1 Program Budget 2028-2031'!$N$16:$N$215, '4.1 Program Budget 2028-2031'!$M$16:$M$215, '0 Validations'!E9) -> 9025208.8 | F11: =SUMIFS('4.1 Program Budget 2028-2031'!$N$16:$N$215, '4.1 Program Budget 2028-2031'!$M$16:$M$215, '0 Validations'!F9) -> 9817397.3 | G11: =SUMIFS('4.1 Program Budget 2028-2031'!$N$16:$N$215, '4.1 Program Budget 2028-2031'!$M$16:$M$215, '0 Validations'!G9) -> 10865729 | H11: =SUMIFS('4.2 Sector Seg Budget 2032-2035'!$F$13:$F$110, '4.2 Sector Seg Budget 2032-2035'!$E$13:$E$110, '0 Validations'!H9) -> 11191701 | I11: =SUMIFS('4.2 Sector Seg Budget 2032-2035'!$F$13:$F$110, '4.2 Sector Seg Budget 2032-2035'!$E$13:$E$110, '0 Validations'!I9) -> 11527452 | J11: =SUMIFS('4.2 Sector Seg Budget 2032-2035'!$F$13:$F$110, '4.2 Sector Seg Budget 2032-2035'!$E$13:$E$110, '0 Validations'!J9) -> 11873276 | K11: =SUMIFS('4.2 Sector Seg Budget 2032-2035'!$F$13:$F$110, '4.2 Sector Seg Budget 2032-2035'!$E$13:$E$110, '0 Validations'!K9) -> 12229474
C12: Tab 7 - PA Spending Budget Request (PA Program and EM&V) | D12: =SUMIFS('7 PA PY Budget'!$J$9:$J$60, '7 PA PY Budget'!$D$9:$D$60, '0 Validations'!$C$6, '7 PA PY Budget'!$C$9:$C$60, '0 Validations'!D9) -> 6593750 | E12: =SUMIFS('7 PA PY Budget'!$J$9:$J$60, '7 PA PY Budget'!$D$9:$D$60, '0 Validations'!$C$6, '7 PA PY Budget'!$C$9:$C$60, '0 Validations'!E9) -> 9025208.8 | F12: =SUMIFS('7 PA PY Budget'!$J$9:$J$60, '7 PA PY Budget'!$D$9:$D$60, '0 Validations'!$C$6, '7 PA PY Budget'!$C$9:$C$60, '0 Validations'!F9) -> 9817397.3 | G12: =SUMIFS('7 PA PY Budget'!$J$9:$J$60, '7 PA PY Budget'!$D$9:$D$60, '0 Validations'!$C$6, '7 PA PY Budget'!$C$9:$C$60, '0 Validations'!G9) -> 10865729
C13: Tab 8 - PA Spending Budget Request (PA Program and EM&V) | D13: =SUMIFS('8 Cap & Target '!$G$32:$G$111, '8 Cap & Target '!$D$32:$D$111, '8 Cap & Target '!$D$51, '8 Cap & Target '!$B$32:$B$111, D9) -> 6593750 | E13: =SUMIFS('8 Cap & Target '!$G$32:$G$111, '8 Cap & Target '!$D$32:$D$111, '8 Cap & Target '!$D$51, '8 Cap & Target '!$B$32:$B$111, E9) -> 9025208.8 | F13: =SUMIFS('8 Cap & Target '!$G$32:$G$111, '8 Cap & Target '!$D$32:$D$111, '8 Cap & Target '!$D$51, '8 Cap & Target '!$B$32:$B$111, F9) -> 9817397.3 | G13: =SUMIFS('8 Cap & Target '!$G$32:$G$111, '8 Cap & Target '!$D$32:$D$111, '8 Cap & Target '!$D$51, '8 Cap & Target '!$B$32:$B$111, G9) -> 10865729
C14: Tab 9 - PA Spending Budget Request (PA Program and EM&V) | D14: ='9 Portfolio FTE and Budget'!E55 -> 6593749.8 | E14: ='9 Portfolio FTE and Budget'!F55 -> 9025208.6 | F14: ='9 Portfolio FTE and Budget'!G55 -> 9817397.4 | G14: ='9 Portfolio FTE and Budget'!H55 -> 10865729
C15: Difference | D15: =IF(AND(D10=D11,D12=D13,D14=D13,D12=D11,D10=D14,D11=D13)=TRUE,0,"ERROR") -> ERROR | E15: =IF(AND(E10=E11,E12=E13,E14=E13,E12=E11,E10=E14,E11=E13)=TRUE,0,"ERROR") -> ERROR | F15: =IF(AND(F10=F11,F12=F13,F14=F13,F12=F11,F10=F14,F11=F13)=TRUE,0,"ERROR") -> ERROR | G15: =IF(AND(G10=G11,G12=G13,G14=G13,G12=G11,G10=G14,G11=G13)=TRUE,0,"ERROR") -> ERROR | H15: =IF(AND(H10=H11)=TRUE,0,"ERROR") -> 0 | I15: =IF(AND(I10=I11)=TRUE,0,"ERROR") -> 0 | J15: =IF(AND(J10=J11)=TRUE,0,"ERROR") -> 0 | K15: =IF(AND(K10=K11)=TRUE,0,"ERROR") -> 0
C17: Revenue Requirement or Cost Recovery Comparison | D17: =LEFT($C$7,4) -> 2028 | E17: =+D17+1 -> 2029 | F17: =+E17+1 -> 2030 | G17: =+F17+1 -> 2031 | H17: =+G17+1 -> 2032 | I17: =+H17+1 -> 2033 | J17: =+I17+1 -> 2034 | K17: =+J17+1 -> 2035
C18: Tab 3.1 - PA Revenue Requirement Request (Cost Recovery) | D18: ='3.1 Funding Category'!$D74 -> 6593750 | E18: ='3.1 Funding Category'!$D75 -> 9025208.8 | F18: ='3.1 Funding Category'!$D76 -> 9817397.3 | G18: ='3.1 Funding Category'!$D77 -> 10865729 | H18: ='3.1 Funding Category'!$D78 -> 11191701 | I18: ='3.1 Funding Category'!$D79 -> 11527452 | J18: ='3.1 Funding Category'!$D80 -> 11873276 | K18: ='3.1 Funding Category'!$D81 -> 12229474
D20: 2028 | I20: =+D20+1 -> 2029 | N20: =+I20+1 -> 2030 | S20: =+N20+1 -> 2031
C21: Program Budget by Cost Category | D21: Admin | E21: Mktg | F21: DINI | G21: DI Incentive | H21: EM&V | I21: Admin | J21: Mktg | K21: DINI | L21: DI Incentive | M21: EM&V | N21: Admin | O21: Mktg | P21: DINI | Q21: DI Incentive | R21: EM&V | S21: Admin | T21: Mktg | U21: DINI | V21: DI Incentive | W21: EM&V
C22: Tab 4.1 - Program Budgets | D22: =SUMIFS('4.1 Program Budget 2028-2031'!O$16:O$80, '4.1 Program Budget 2028-2031'!$M$16:$M$80,$D$20) -> 599400 | E22: =SUMIFS('4.1 Program Budget 2028-2031'!P$16:P$80, '4.1 Program Budget 2028-2031'!$M$16:$M$80, $D$20) -> 173520 | F22: =SUMIFS('4.1 Program Budget 2028-2031'!Q$16:Q$80, '4.1 Program Budget 2028-2031'!$M$16:$M$80, $D$20) -> 4517040 | G22: =SUMIFS('4.1 Program Budget 2028-2031'!U$16:U$80, '4.1 Program Budget 2028-2031'!$M$16:$M$80, $D$20) -> 1040040 | H22: =SUMIFS('4.1 Program Budget 2028-2031'!R$16:R$80, '4.1 Program Budget 2028-2031'!$M$16:$M$80, $D$20) -> 263750 | I22: =SUMIFS('4.1 Program Budget 2028-2031'!O$16:O$80, '4.1 Program Budget 2028-2031'!$M$16:$M$80, $I$20) -> 816600 | J22: =SUMIFS('4.1 Program Budget 2028-2031'!P$16:P$80, '4.1 Program Budget 2028-2031'!$M$16:$M$80, $I$20) -> 251040 | K22: =SUMIFS('4.1 Program Budget 2028-2031'!Q$16:Q$80, '4.1 Program Budget 2028-2031'!$M$16:$M$80, $I$20) -> 5083840 | L22: =SUMIFS('4.1 Program Budget 2028-2031'!U$16:U$80, '4.1 Program Budget 2028-2031'!$M$16:$M$80, $I$20) -> 2512720.8 | M22: =SUMIFS('4.1 Program Budget 2028-2031'!$R$16:$R$80, '4.1 Program Budget 2028-2031'!$M$16:$M$80, $I$20) -> 361008 | N22: =SUMIFS('4.1 Program Budget 2028-2031'!O$16:O$80, '4.1 Program Budget 2028-2031'!$M$16:$M$80, $N$20) -> 904200 | O22: =SUMIFS('4.1 Program Budget 2028-2031'!P$16:P$80, '4.1 Program Budget 2028-2031'!$M$16:$M$80, $N$20) -> 277860 | P22: =SUMIFS('4.1 Program Budget 2028-2031'!Q$16:Q$80, '4.1 Program Budget 2028-2031'!$M$16:$M$80, $N$20) -> 5517400 | Q22: =SUMIFS('4.1 Program Budget 2028-2031'!U$16:U$80, '4.1 Program Budget 2028-2031'!$M$16:$M$80, $N$20) -> 2725241.3 | R22: =SUMIFS('4.1 Program Budget 2028-2031'!$R$16:$R$80, '4.1 Program Budget 2028-2031'!$M$16:$M$80, $N$20) -> 392696 | S22: =SUMIFS('4.1 Program Budget 2028-2031'!O$16:O$80, '4.1 Program Budget 2028-2031'!$M$16:$M$80, $S$20) -> 1019800 | T22: =SUMIFS('4.1 Program Budget 2028-2031'!P$16:P$80, '4.1 Program Budget 2028-2031'!$M$16:$M$80, $S$20) -> 311580 | U22: =SUMIFS('4.1 Program Budget 2028-2031'!Q$16:Q$80, '4.1 Program Budget 2028-2031'!$M$16:$M$80, $S$20) -> 6092400 | V22: =SUMIFS('4.1 Program Budget 2028-2031'!U$16:U$80, '4.1 Program Budget 2028-2031'!$M$16:$M$80, $S$20) -> 3007320.3 | W22: =SUMIFS('4.1 Program Budget 2028-2031'!$R$16:$R$80, '4.1 Program Budget 2028-2031'!$M$16:$M$80, $S$20) -> 434629
C23: Tab 8 - Caps & Targets [1] | D23: =SUMIFS('8 Cap & Target '!$G$12:$G$111,'8 Cap & Target '!$D$12:$D$111,'8 Cap & Target '!$D$13,'8 Cap & Target '!$B$12:$B$111, D20)+ SUMIFS('8 Cap & Target '!$G$12:$G$111,'8 Cap & Target '!$D$12:$D$111,'8 Cap & Target '!$D$14,'8 Cap & Target '!$B$12:$B$111, D20)+ SUMIFS('8 Cap & Target '!$G$12:$G$111,'8 Cap & Target '!$D$12:$D$111,'8 Cap & Target '!$D$15,'8 Cap & Target '!$B$12:$B$111, D20) -> 599400 | E23: =SUMIFS('8 Cap & Target '!$G$12:$G$111,'8 Cap & Target '!$D$12:$D$111, '8 Cap & Target '!$D$16,'8 Cap & Target '!$B$12:$B$111, D20) -> 173520 | F23: ='8 Cap & Target '!E39+'8 Cap & Target '!E40 -> 4517040 | G23: =SUMIFS('8 Cap & Target '!$G$12:$G$111,'8 Cap & Target '!$D$12:$D$111, '8 Cap & Target '!$D$18,'8 Cap & Target '!$B$12:$B$111, D20) -> 1040040 | H23: ='8 Cap & Target '!E41 -> 263750 | I23: =SUMIFS('8 Cap & Target '!$G$12:$G$111,'8 Cap & Target '!$D$12:$D$111,'8 Cap & Target '!$D$13,'8 Cap & Target '!$B$12:$B$111, I20)+ SUMIFS('8 Cap & Target '!$G$12:$G$111,'8 Cap & Target '!$D$12:$D$111,'8 Cap & Target '!$D$14,'8 Cap & Target '!$B$12:$B$111, I20)+ SUMIFS('8 Cap & Target '!$G$12:$G$111,'8 Cap & Target '!$D$12:$D$111,'8 Cap & Target '!$D$15,'8 Cap & Target '!$B$12:$B$111, I20) -> 816600 | J23: =SUMIFS('8 Cap & Target '!$G$12:$G$111,'8 Cap & Target '!$D$12:$D$111, '8 Cap & Target '!$D$16,'8 Cap & Target '!$B$12:$B$111, I20) -> 251040 | K23: ='8 Cap & Target '!E59+'8 Cap & Target '!E60 -> 5083840 | L23: =SUMIFS('8 Cap & Target '!$G$12:$G$111,'8 Cap & Target '!$D$12:$D$111, '8 Cap & Target '!$D$18,'8 Cap & Target '!$B$12:$B$111, I20) -> 2512720.8 | M23: ='8 Cap & Target '!E61 -> 361008 | N23: =SUMIFS('8 Cap & Target '!$G$12:$G$111,'8 Cap & Target '!$D$12:$D$111,'8 Cap & Target '!$D$13,'8 Cap & Target '!$B$12:$B$111, N20)+ SUMIFS('8 Cap & Target '!$G$12:$G$111,'8 Cap & Target '!$D$12:$D$111,'8 Cap & Target '!$D$14,'8 Cap & Target '!$B$12:$B$111, N20)+ SUMIFS('8 Cap & Target '!$G$12:$G$111,'8 Cap & Target '!$D$12:$D$111,'8 Cap & Target '!$D$15,'8 Cap & Target '!$B$12:$B$111, N20) -> 904200 | O23: =SUMIFS('8 Cap & Target '!$G$12:$G$111,'8 Cap & Target '!$D$12:$D$111, '8 Cap & Target '!$D$16,'8 Cap & Target '!$B$12:$B$111, N20) -> 277860 | P23: ='8 Cap & Target '!E79+'8 Cap & Target '!E80 -> 5517400 | Q23: =SUMIFS('8 Cap & Target '!$G$12:$G$111,'8 Cap & Target '!$D$12:$D$111, '8 Cap & Target '!$D$18,'8 Cap & Target '!$B$12:$B$111, N20) -> 2725241.3 | R23: ='8 Cap & Target '!E81 -> 392696 | S23: =SUMIFS('8 Cap & Target '!$G$12:$G$111,'8 Cap & Target '!$D$12:$D$111,'8 Cap & Target '!$D$13,'8 Cap & Target '!$B$12:$B$111, S20)+ SUMIFS('8 Cap & Target '!$G$12:$G$111,'8 Cap & Target '!$D$12:$D$111,'8 Cap & Target '!$D$14,'8 Cap & Target '!$B$12:$B$111, S20)+ SUMIFS('8 Cap & Target '!$G$12:$G$111,'8 Cap & Target '!$D$12:$D$111,'8 Cap & Target '!$D$15,'8 Cap & Target '!$B$12:$B$111, S20) -> 1019800 | T23: =SUMIFS('8 Cap & Target '!$G$12:$G$111,'8 Cap & Target '!$D$12:$D$111, '8 Cap & Target '!$D$16,'8 Cap & Target '!$B$12:$B$111, S20) -> 311580 | U23: ='8 Cap & Target '!E99+'8 Cap & Target '!E100 -> 6092400 | V23: =SUMIFS('8 Cap & Target '!$G$12:$G$111,'8 Cap & Target '!$D$12:$D$111, '8 Cap & Target '!$D$18,'8 Cap & Target '!$B$12:$B$111, S20) -> 3007320.3 | W23: ='8 Cap & Target '!E101 -> 434629
C24: Difference | D24: =+D22-D23 -> 0 | E24: =+E22-E23 -> 0 | F24: =+F22-F23 -> 0 | G24: =+G22-G23 -> 0 | I24: =+I22-I23 -> 0 | J24: =+J22-J23 -> 0 | K24: =+K22-K23 -> 0 | L24: =+L22-L23 -> 0 | N24: =+N22-N23 -> 0 | O24: =+O22-O23 -> 0 | P24: =+P22-P23 -> 0 | Q24: =+Q22-Q23 -> 0 | S24: =+S22-S23 -> 0 | T24: =+T22-T23 -> 0 | U24: =+U22-U23 -> 0 | V24: =+V22-V23 -> 0
C25: Tab 9 - Incentives Column, EE Total | G25: =SUM('9 Portfolio FTE and Budget'!E52:E53) -> 1040040 | L25: =SUM('9 Portfolio FTE and Budget'!F52:F53) -> 2512721 | Q25: =SUM('9 Portfolio FTE and Budget'!G52:G53) -> 2725241 | V25: =SUM('9 Portfolio FTE and Budget'!H52:H53) -> 3007320
C26: Difference | G26: =+G22-G25 -> -0.00144 | K26: =+L22-L25 -> -0.1625 | O26: =+Q22-Q25 -> 0.2606 | S26: =+V22-V25 -> 0.2668
C29: [1] Updated DINI to capture both target exempt and non-exempt programs and EM&V to capture both PA and ED portions.

Sheet 1 Participant Bill Impacts
B2: Description | C2: Calculates estimated average first year bill savings for participating customers by calculated the electric and gas savings with the forecasted program energy savings.
B3: Instructions | C3: 2024 data is required for baseline.
B5: PA Name: | C5: ='Read Me'!B10 -> WestLight Energy
B6: Budget Year: | C6: ='Read Me'!B11 -> 2028-2035
B9: Note: Due to fuel substitution, participant first year savings and associated annual bill savings be negative
B11: Program Year | C11: Sector | D11: Participant First Year Electric Net Savings (kWh) | E11: Participant First Year Gas Net Savings (Therms) | F11: Total Average Annual Bill Savings Electric ($) | G11: Total Average Annual Bill Savings Gas ($) | H11: Total Bill Savings | I11: Calculated $/kWh | J11: Calculated $/Therms
B12: Reference: 2024 | C12: Total | D12: =D17+D22+D27+D32+D37+D42+D47 -> 0 | E12: =E17+E22+E27+E32+E37+E42+E47 -> 0 | F12: =F17+F22+F27+F32+F37+F42+F47 -> 0 | G12: =G17+G22+G27+G32+G37+G42+G47 -> 0 | H12: =H17+H22+H27+H32+H37+H42+H47 -> 0 | I12: =IF(D12=0, "NA",F12/D12) -> NA | J12: =IF(E12=0,"NA",G12/E12) -> NA
B13: 2028 | C13: Total | D13: =D18+D23+D28+D33+D38+D43+D48 -> 2584686.9 | E13: =E18+E23+E28+E33+E38+E43+E48 -> 102492.22 | F13: =F18+F23+F28+F33+F38+F43+F48 -> 868325.37 | G13: =G18+G23+G28+G33+G38+G43+G48 -> 219615.5 | H13: =H18+H23+H28+H33+H38+H43+H48 -> 1087940.9 | I13: =IF(D13=0, "NA",F13/D13) -> 0.33594993 | J13: =IF(E13=0,"NA",G13/E13) -> 2.1427529
B14: 2029 | C14: Total | D14: =D19+D24+D29+D34+D39+D44+D49 -> 9400379.8 | E14: =E19+E24+E29+E34+E39+E44+E49 -> 227635.9 | F14: =F19+F24+F29+F34+F39+F44+F49 -> 2617595.8 | G14: =G19+G24+G29+G34+G39+G44+G49 -> 444628.16 | H14: =H19+H24+H29+H34+H39+H44+H49 -> 3062224 | I14: =IF(D14=0, "NA",F14/D14) -> 0.27845639 | J14: =IF(E14=0,"NA",G14/E14) -> 1.9532427
B15: 2030 | C15: Total | D15: =D20+D25+D30+D35+D40+D45+D50 -> 9765779.5 | E15: =E20+E25+E30+E35+E40+E45+E50 -> 272976.24 | F15: =F20+F25+F30+F35+F40+F45+F50 -> 2696518.8 | G15: =G20+G25+G30+G35+G40+G45+G50 -> 578632.68 | H15: =H20+H25+H30+H35+H40+H45+H50 -> 3275151.5 | I15: =IF(D15=0, "NA",F15/D15) -> 0.27611916 | J15: =IF(E15=0,"NA",G15/E15) -> 2.1197181
B16: 2031 | C16: Total | D16: =D21+D26+D31+D36+D41+D46+D51 -> 10432493 | E16: =E21+E26+E31+E36+E41+E46+E51 -> 319158.72 | F16: =F21+F26+F31+F36+F41+F46+F51 -> 2954086.5 | G16: =G21+G26+G31+G36+G41+G46+G51 -> 698754.44 | H16: =H21+H26+H31+H36+H41+H46+H51 -> 3652840.9 | I16: =IF(D16=0, "NA",F16/D16) -> 0.2831621 | J16: =IF(E16=0,"NA",G16/E16) -> 2.1893634
B17: Reference: 2024 | C17: Residential | H17: =F17+G17 -> 0 | I17: =IF(D17=0, "NA",F17/D17) -> NA | J17: =IF(E17=0,"NA",G17/E17) -> NA
B18: 2028 | C18: Residential | D18: =SUMIFS('Budget Filing Data'!$P$10:$P$314,'Budget Filing Data'!$G$10:$G$314,'1 Participant Bill Impacts'!$C18,'Budget Filing Data'!$B$10:$B$314,'1 Participant Bill Impacts'!$B18) -> 485070.23 | E18: =SUMIFS('Budget Filing Data'!$R$10:$R$314,'Budget Filing Data'!$G$10:$G$314,'1 Participant Bill Impacts'!$C18,'Budget Filing Data'!$B$10:$B$314,'1 Participant Bill Impacts'!$B18) -> 20453.213 | F18: =SUMIFS('Budget Filing Data'!AT$10:AT$314,'Budget Filing Data'!$G$10:$G$314,'1 Participant Bill Impacts'!$C18,'Budget Filing Data'!$B$10:$B$314,'1 Participant Bill Impacts'!$B18) -> 123954.07 | G18: =SUMIFS('Budget Filing Data'!AU$10:AU$314,'Budget Filing Data'!$G$10:$G$314,'1 Participant Bill Impacts'!$C18,'Budget Filing Data'!$B$10:$B$314,'1 Participant Bill Impacts'!$B18) -> 50767.766 | H18: =F18+G18 -> 174721.84 | I18: =IF(D18=0, "NA",F18/D18) -> 0.2555384 | J18: =IF(E18=0,"NA",G18/E18) -> 2.4821413
B19: 2029 | C19: Residential | D19: =SUMIFS('Budget Filing Data'!$P$10:$P$314,'Budget Filing Data'!$G$10:$G$314,'1 Participant Bill Impacts'!$C19,'Budget Filing Data'!$B$10:$B$314,'1 Participant Bill Impacts'!$B19) -> 854443.99 | E19: =SUMIFS('Budget Filing Data'!$R$10:$R$314,'Budget Filing Data'!$G$10:$G$314,'1 Participant Bill Impacts'!$C19,'Budget Filing Data'!$B$10:$B$314,'1 Participant Bill Impacts'!$B19) -> 73341.251 | F19: =SUMIFS('Budget Filing Data'!AT$10:AT$314,'Budget Filing Data'!$G$10:$G$314,'1 Participant Bill Impacts'!$C19,'Budget Filing Data'!$B$10:$B$314,'1 Participant Bill Impacts'!$B19) -> 198229.33 | G19: =SUMIFS('Budget Filing Data'!AU$10:AU$314,'Budget Filing Data'!$G$10:$G$314,'1 Participant Bill Impacts'!$C19,'Budget Filing Data'!$B$10:$B$314,'1 Participant Bill Impacts'!$B19) -> 184947.81 | H19: =F19+G19 -> 383177.13 | I19: =IF(D19=0, "NA",F19/D19) -> 0.23199804 | J19: =IF(E19=0,"NA",G19/E19) -> 2.5217433
B20: 2030 | C20: Residential | D20: =SUMIFS('Budget Filing Data'!$P$10:$P$314,'Budget Filing Data'!$G$10:$G$314,'1 Participant Bill Impacts'!$C20,'Budget Filing Data'!$B$10:$B$314,'1 Participant Bill Impacts'!$B20) -> 1319348.2 | E20: =SUMIFS('Budget Filing Data'!$R$10:$R$314,'Budget Filing Data'!$G$10:$G$314,'1 Participant Bill Impacts'!$C20,'Budget Filing Data'!$B$10:$B$314,'1 Participant Bill Impacts'!$B20) -> 120028.87 | F20: =SUMIFS('Budget Filing Data'!AT$10:AT$314,'Budget Filing Data'!$G$10:$G$314,'1 Participant Bill Impacts'!$C20,'Budget Filing Data'!$B$10:$B$314,'1 Participant Bill Impacts'!$B20) -> 291396.86 | G20: =SUMIFS('Budget Filing Data'!AU$10:AU$314,'Budget Filing Data'!$G$10:$G$314,'1 Participant Bill Impacts'!$C20,'Budget Filing Data'!$B$10:$B$314,'1 Participant Bill Impacts'!$B20) -> 310716.53 | H20: =F20+G20 -> 602113.39 | I20: =IF(D20=0, "NA",F20/D20) -> 0.22086426 | J20: =IF(E20=0,"NA",G20/E20) -> 2.5886816
B21: 2031 | C21: Residential | D21: =SUMIFS('Budget Filing Data'!$P$10:$P$314,'Budget Filing Data'!$G$10:$G$314,'1 Participant Bill Impacts'!$C21,'Budget Filing Data'!$B$10:$B$314,'1 Participant Bill Impacts'!$B21) -> 1773986.9 | E21: =SUMIFS('Budget Filing Data'!$R$10:$R$314,'Budget Filing Data'!$G$10:$G$314,'1 Participant Bill Impacts'!$C21,'Budget Filing Data'!$B$10:$B$314,'1 Participant Bill Impacts'!$B21) -> 146868.89 | F21: =SUMIFS('Budget Filing Data'!AT$10:AT$314,'Budget Filing Data'!$G$10:$G$314,'1 Participant Bill Impacts'!$C21,'Budget Filing Data'!$B$10:$B$314,'1 Participant Bill Impacts'!$B21) -> 422055.95 | G21: =SUMIFS('Budget Filing Data'!AU$10:AU$314,'Budget Filing Data'!$G$10:$G$314,'1 Participant Bill Impacts'!$C21,'Budget Filing Data'!$B$10:$B$314,'1 Participant Bill Impacts'!$B21) -> 387648.51 | H21: =F21+G21 -> 809704.46 | I21: =IF(D21=0, "NA",F21/D21) -> 0.23791379 | J21: =IF(E21=0,"NA",G21/E21) -> 2.6394187
B22: Reference: 2024 | C22: Commercial | H22: =F22+G22 -> 0 | I22: =IF(D22=0, "NA",F22/D22) -> NA | J22: =IF(E22=0,"NA",G22/E22) -> NA
B23: 2028 | C23: Commercial | D23: =SUMIFS('Budget Filing Data'!$P$10:$P$314,'Budget Filing Data'!$G$10:$G$314,'1 Participant Bill Impacts'!$C23,'Budget Filing Data'!$B$10:$B$314,'1 Participant Bill Impacts'!$B23) -> 2099616.6 | E23: =SUMIFS('Budget Filing Data'!$R$10:$R$314,'Budget Filing Data'!$G$10:$G$314,'1 Participant Bill Impacts'!$C23,'Budget Filing Data'!$B$10:$B$314,'1 Participant Bill Impacts'!$B23) -> 82039.004 | F23: =SUMIFS('Budget Filing Data'!AT$10:AT$314,'Budget Filing Data'!$G$10:$G$314,'1 Participant Bill Impacts'!$C23,'Budget Filing Data'!$B$10:$B$314,'1 Participant Bill Impacts'!$B23) -> 744371.3 | G23: =SUMIFS('Budget Filing Data'!AU$10:AU$314,'Budget Filing Data'!$G$10:$G$314,'1 Participant Bill Impacts'!$C23,'Budget Filing Data'!$B$10:$B$314,'1 Participant Bill Impacts'!$B23) -> 168847.73 | H23: =F23+G23 -> 913219.03 | I23: =IF(D23=0, "NA",F23/D23) -> 0.35452724 | J23: =IF(E23=0,"NA",G23/E23) -> 2.0581397
B24: 2029 | C24: Commercial | D24: =SUMIFS('Budget Filing Data'!$P$10:$P$314,'Budget Filing Data'!$G$10:$G$314,'1 Participant Bill Impacts'!$C24,'Budget Filing Data'!$B$10:$B$314,'1 Participant Bill Impacts'!$B24) -> 8545935.8 | E24: =SUMIFS('Budget Filing Data'!$R$10:$R$314,'Budget Filing Data'!$G$10:$G$314,'1 Participant Bill Impacts'!$C24,'Budget Filing Data'!$B$10:$B$314,'1 Participant Bill Impacts'!$B24) -> 154294.65 | F24: =SUMIFS('Budget Filing Data'!AT$10:AT$314,'Budget Filing Data'!$G$10:$G$314,'1 Participant Bill Impacts'!$C24,'Budget Filing Data'!$B$10:$B$314,'1 Participant Bill Impacts'!$B24) -> 2419366.5 | G24: =SUMIFS('Budget Filing Data'!AU$10:AU$314,'Budget Filing Data'!$G$10:$G$314,'1 Participant Bill Impacts'!$C24,'Budget Filing Data'!$B$10:$B$314,'1 Participant Bill Impacts'!$B24) -> 259680.36 | H24: =F24+G24 -> 2679046.9 | I24: =IF(D24=0, "NA",F24/D24) -> 0.28310141 | J24: =IF(E24=0,"NA",G24/E24) -> 1.683016
B25: 2030 | C25: Commercial | D25: =SUMIFS('Budget Filing Data'!$P$10:$P$314,'Budget Filing Data'!$G$10:$G$314,'1 Participant Bill Impacts'!$C25,'Budget Filing Data'!$B$10:$B$314,'1 Participant Bill Impacts'!$B25) -> 8446431.4 | E25: =SUMIFS('Budget Filing Data'!$R$10:$R$314,'Budget Filing Data'!$G$10:$G$314,'1 Participant Bill Impacts'!$C25,'Budget Filing Data'!$B$10:$B$314,'1 Participant Bill Impacts'!$B25) -> 152947.37 | F25: =SUMIFS('Budget Filing Data'!AT$10:AT$314,'Budget Filing Data'!$G$10:$G$314,'1 Participant Bill Impacts'!$C25,'Budget Filing Data'!$B$10:$B$314,'1 Participant Bill Impacts'!$B25) -> 2405122 | G25: =SUMIFS('Budget Filing Data'!AU$10:AU$314,'Budget Filing Data'!$G$10:$G$314,'1 Participant Bill Impacts'!$C25,'Budget Filing Data'!$B$10:$B$314,'1 Participant Bill Impacts'!$B25) -> 267916.15 | H25: =F25+G25 -> 2673038.1 | I25: =IF(D25=0, "NA",F25/D25) -> 0.28475008 | J25: =IF(E25=0,"NA",G25/E25) -> 1.7516885
B26: 2031 | C26: Commercial | D26: =SUMIFS('Budget Filing Data'!$P$10:$P$314,'Budget Filing Data'!$G$10:$G$314,'1 Participant Bill Impacts'!$C26,'Budget Filing Data'!$B$10:$B$314,'1 Participant Bill Impacts'!$B26) -> 8658505.7 | E26: =SUMIFS('Budget Filing Data'!$R$10:$R$314,'Budget Filing Data'!$G$10:$G$314,'1 Participant Bill Impacts'!$C26,'Budget Filing Data'!$B$10:$B$314,'1 Participant Bill Impacts'!$B26) -> 172289.83 | F26: =SUMIFS('Budget Filing Data'!AT$10:AT$314,'Budget Filing Data'!$G$10:$G$314,'1 Participant Bill Impacts'!$C26,'Budget Filing Data'!$B$10:$B$314,'1 Participant Bill Impacts'!$B26) -> 2532030.5 | G26: =SUMIFS('Budget Filing Data'!AU$10:AU$314,'Budget Filing Data'!$G$10:$G$314,'1 Participant Bill Impacts'!$C26,'Budget Filing Data'!$B$10:$B$314,'1 Participant Bill Impacts'!$B26) -> 311105.93 | H26: =F26+G26 -> 2843136.5 | I26: =IF(D26=0, "NA",F26/D26) -> 0.29243274 | J26: =IF(E26=0,"NA",G26/E26) -> 1.8057127
B27: Reference: 2024 | C27: Industrial | H27: =F27+G27 -> 0 | I27: =IF(D27=0, "NA",F27/D27) -> NA | J27: =IF(E27=0,"NA",G27/E27) -> NA
B28: 2028 | C28: Industrial | D28: =SUMIFS('Budget Filing Data'!$P$10:$P$314,'Budget Filing Data'!$G$10:$G$314,'1 Participant Bill Impacts'!$C28,'Budget Filing Data'!$B$10:$B$314,'1 Participant Bill Impacts'!$B28) -> 0 | E28: =SUMIFS('Budget Filing Data'!$R$10:$R$314,'Budget Filing Data'!$G$10:$G$314,'1 Participant Bill Impacts'!$C28,'Budget Filing Data'!$B$10:$B$314,'1 Participant Bill Impacts'!$B28) -> 0 | F28: =SUMIFS('Budget Filing Data'!AT$10:AT$314,'Budget Filing Data'!$G$10:$G$314,'1 Participant Bill Impacts'!$C28,'Budget Filing Data'!$B$10:$B$314,'1 Participant Bill Impacts'!$B28) -> 0 | G28: =SUMIFS('Budget Filing Data'!AU$10:AU$314,'Budget Filing Data'!$G$10:$G$314,'1 Participant Bill Impacts'!$C28,'Budget Filing Data'!$B$10:$B$314,'1 Participant Bill Impacts'!$B28) -> 0 | H28: =F28+G28 -> 0 | I28: =IF(D28=0, "NA",F28/D28) -> NA | J28: =IF(E28=0,"NA",G28/E28) -> NA
B29: 2029 | C29: Industrial | D29: =SUMIFS('Budget Filing Data'!$P$10:$P$314,'Budget Filing Data'!$G$10:$G$314,'1 Participant Bill Impacts'!$C29,'Budget Filing Data'!$B$10:$B$314,'1 Participant Bill Impacts'!$B29) -> 0 | E29: =SUMIFS('Budget Filing Data'!$R$10:$R$314,'Budget Filing Data'!$G$10:$G$314,'1 Participant Bill Impacts'!$C29,'Budget Filing Data'!$B$10:$B$314,'1 Participant Bill Impacts'!$B29) -> 0 | F29: =SUMIFS('Budget Filing Data'!AT$10:AT$314,'Budget Filing Data'!$G$10:$G$314,'1 Participant Bill Impacts'!$C29,'Budget Filing Data'!$B$10:$B$314,'1 Participant Bill Impacts'!$B29) -> 0 | G29: =SUMIFS('Budget Filing Data'!AU$10:AU$314,'Budget Filing Data'!$G$10:$G$314,'1 Participant Bill Impacts'!$C29,'Budget Filing Data'!$B$10:$B$314,'1 Participant Bill Impacts'!$B29) -> 0 | H29: =F29+G29 -> 0 | I29: =IF(D29=0, "NA",F29/D29) -> NA | J29: =IF(E29=0,"NA",G29/E29) -> NA
B30: 2030 | C30: Industrial | D30: =SUMIFS('Budget Filing Data'!$P$10:$P$314,'Budget Filing Data'!$G$10:$G$314,'1 Participant Bill Impacts'!$C30,'Budget Filing Data'!$B$10:$B$314,'1 Participant Bill Impacts'!$B30) -> 0 | E30: =SUMIFS('Budget Filing Data'!$R$10:$R$314,'Budget Filing Data'!$G$10:$G$314,'1 Participant Bill Impacts'!$C30,'Budget Filing Data'!$B$10:$B$314,'1 Participant Bill Impacts'!$B30) -> 0 | F30: =SUMIFS('Budget Filing Data'!AT$10:AT$314,'Budget Filing Data'!$G$10:$G$314,'1 Participant Bill Impacts'!$C30,'Budget Filing Data'!$B$10:$B$314,'1 Participant Bill Impacts'!$B30) -> 0 | G30: =SUMIFS('Budget Filing Data'!AU$10:AU$314,'Budget Filing Data'!$G$10:$G$314,'1 Participant Bill Impacts'!$C30,'Budget Filing Data'!$B$10:$B$314,'1 Participant Bill Impacts'!$B30) -> 0 | H30: =F30+G30 -> 0 | I30: =IF(D30=0, "NA",F30/D30) -> NA | J30: =IF(E30=0,"NA",G30/E30) -> NA
B31: 2031 | C31: Industrial | D31: =SUMIFS('Budget Filing Data'!$P$10:$P$314,'Budget Filing Data'!$G$10:$G$314,'1 Participant Bill Impacts'!$C31,'Budget Filing Data'!$B$10:$B$314,'1 Participant Bill Impacts'!$B31) -> 0 | E31: =SUMIFS('Budget Filing Data'!$R$10:$R$314,'Budget Filing Data'!$G$10:$G$314,'1 Participant Bill Impacts'!$C31,'Budget Filing Data'!$B$10:$B$314,'1 Participant Bill Impacts'!$B31) -> 0 | F31: =SUMIFS('Budget Filing Data'!AT$10:AT$314,'Budget Filing Data'!$G$10:$G$314,'1 Participant Bill Impacts'!$C31,'Budget Filing Data'!$B$10:$B$314,'1 Participant Bill Impacts'!$B31) -> 0 | G31: =SUMIFS('Budget Filing Data'!AU$10:AU$314,'Budget Filing Data'!$G$10:$G$314,'1 Participant Bill Impacts'!$C31,'Budget Filing Data'!$B$10:$B$314,'1 Participant Bill Impacts'!$B31) -> 0 | H31: =F31+G31 -> 0 | I31: =IF(D31=0, "NA",F31/D31) -> NA | J31: =IF(E31=0,"NA",G31/E31) -> NA
B32: Reference: 2024 | C32: Agricultural | H32: =F32+G32 -> 0 | I32: =IF(D32=0, "NA",F32/D32) -> NA | J32: =IF(E32=0,"NA",G32/E32) -> NA
B33: 2028 | C33: Agricultural | D33: =SUMIFS('Budget Filing Data'!$P$10:$P$314,'Budget Filing Data'!$G$10:$G$314,'1 Participant Bill Impacts'!$C33,'Budget Filing Data'!$B$10:$B$314,'1 Participant Bill Impacts'!$B33) -> 0 | E33: =SUMIFS('Budget Filing Data'!$R$10:$R$314,'Budget Filing Data'!$G$10:$G$314,'1 Participant Bill Impacts'!$C33,'Budget Filing Data'!$B$10:$B$314,'1 Participant Bill Impacts'!$B33) -> 0 | F33: =SUMIFS('Budget Filing Data'!AT$10:AT$314,'Budget Filing Data'!$G$10:$G$314,'1 Participant Bill Impacts'!$C33,'Budget Filing Data'!$B$10:$B$314,'1 Participant Bill Impacts'!$B33) -> 0 | G33: =SUMIFS('Budget Filing Data'!AU$10:AU$314,'Budget Filing Data'!$G$10:$G$314,'1 Participant Bill Impacts'!$C33,'Budget Filing Data'!$B$10:$B$314,'1 Participant Bill Impacts'!$B33) -> 0 | H33: =F33+G33 -> 0 | I33: =IF(D33=0, "NA",F33/D33) -> NA | J33: =IF(E33=0,"NA",G33/E33) -> NA
B34: 2029 | C34: Agricultural | D34: =SUMIFS('Budget Filing Data'!$P$10:$P$314,'Budget Filing Data'!$G$10:$G$314,'1 Participant Bill Impacts'!$C34,'Budget Filing Data'!$B$10:$B$314,'1 Participant Bill Impacts'!$B34) -> 0 | E34: =SUMIFS('Budget Filing Data'!$R$10:$R$314,'Budget Filing Data'!$G$10:$G$314,'1 Participant Bill Impacts'!$C34,'Budget Filing Data'!$B$10:$B$314,'1 Participant Bill Impacts'!$B34) -> 0 | F34: =SUMIFS('Budget Filing Data'!AT$10:AT$314,'Budget Filing Data'!$G$10:$G$314,'1 Participant Bill Impacts'!$C34,'Budget Filing Data'!$B$10:$B$314,'1 Participant Bill Impacts'!$B34) -> 0 | G34: =SUMIFS('Budget Filing Data'!AU$10:AU$314,'Budget Filing Data'!$G$10:$G$314,'1 Participant Bill Impacts'!$C34,'Budget Filing Data'!$B$10:$B$314,'1 Participant Bill Impacts'!$B34) -> 0 | H34: =F34+G34 -> 0 | I34: =IF(D34=0, "NA",F34/D34) -> NA | J34: =IF(E34=0,"NA",G34/E34) -> NA
B35: 2030 | C35: Agricultural | D35: =SUMIFS('Budget Filing Data'!$P$10:$P$314,'Budget Filing Data'!$G$10:$G$314,'1 Participant Bill Impacts'!$C35,'Budget Filing Data'!$B$10:$B$314,'1 Participant Bill Impacts'!$B35) -> 0 | E35: =SUMIFS('Budget Filing Data'!$R$10:$R$314,'Budget Filing Data'!$G$10:$G$314,'1 Participant Bill Impacts'!$C35,'Budget Filing Data'!$B$10:$B$314,'1 Participant Bill Impacts'!$B35) -> 0 | F35: =SUMIFS('Budget Filing Data'!AT$10:AT$314,'Budget Filing Data'!$G$10:$G$314,'1 Participant Bill Impacts'!$C35,'Budget Filing Data'!$B$10:$B$314,'1 Participant Bill Impacts'!$B35) -> 0 | G35: =SUMIFS('Budget Filing Data'!AU$10:AU$314,'Budget Filing Data'!$G$10:$G$314,'1 Participant Bill Impacts'!$C35,'Budget Filing Data'!$B$10:$B$314,'1 Participant Bill Impacts'!$B35) -> 0 | H35: =F35+G35 -> 0 | I35: =IF(D35=0, "NA",F35/D35) -> NA | J35: =IF(E35=0,"NA",G35/E35) -> NA
B36: 2031 | C36: Agricultural | D36: =SUMIFS('Budget Filing Data'!$P$10:$P$314,'Budget Filing Data'!$G$10:$G$314,'1 Participant Bill Impacts'!$C36,'Budget Filing Data'!$B$10:$B$314,'1 Participant Bill Impacts'!$B36) -> 0 | E36: =SUMIFS('Budget Filing Data'!$R$10:$R$314,'Budget Filing Data'!$G$10:$G$314,'1 Participant Bill Impacts'!$C36,'Budget Filing Data'!$B$10:$B$314,'1 Participant Bill Impacts'!$B36) -> 0 | F36: =SUMIFS('Budget Filing Data'!AT$10:AT$314,'Budget Filing Data'!$G$10:$G$314,'1 Participant Bill Impacts'!$C36,'Budget Filing Data'!$B$10:$B$314,'1 Participant Bill Impacts'!$B36) -> 0 | G36: =SUMIFS('Budget Filing Data'!AU$10:AU$314,'Budget Filing Data'!$G$10:$G$314,'1 Participant Bill Impacts'!$C36,'Budget Filing Data'!$B$10:$B$314,'1 Participant Bill Impacts'!$B36) -> 0 | H36: =F36+G36 -> 0 | I36: =IF(D36=0, "NA",F36/D36) -> NA | J36: =IF(E36=0,"NA",G36/E36) -> NA
B37: Reference: 2024 | C37: Public | H37: =F37+G37 -> 0 | I37: =IF(D37=0, "NA",F37/D37) -> NA | J37: =IF(E37=0,"NA",G37/E37) -> NA
B38: 2028 | C38: Public | D38: =SUMIFS('Budget Filing Data'!$P$10:$P$314,'Budget Filing Data'!$G$10:$G$314,'1 Participant Bill Impacts'!$C38,'Budget Filing Data'!$B$10:$B$314,'1 Participant Bill Impacts'!$B38) -> 0 | E38: =SUMIFS('Budget Filing Data'!$R$10:$R$314,'Budget Filing Data'!$G$10:$G$314,'1 Participant Bill Impacts'!$C38,'Budget Filing Data'!$B$10:$B$314,'1 Participant Bill Impacts'!$B38) -> 0 | F38: =SUMIFS('Budget Filing Data'!AT$10:AT$314,'Budget Filing Data'!$G$10:$G$314,'1 Participant Bill Impacts'!$C38,'Budget Filing Data'!$B$10:$B$314,'1 Participant Bill Impacts'!$B38) -> 0 | G38: =SUMIFS('Budget Filing Data'!AU$10:AU$314,'Budget Filing Data'!$G$10:$G$314,'1 Participant Bill Impacts'!$C38,'Budget Filing Data'!$B$10:$B$314,'1 Participant Bill Impacts'!$B38) -> 0 | H38: =F38+G38 -> 0 | I38: =IF(D38=0, "NA",F38/D38) -> NA | J38: =IF(E38=0,"NA",G38/E38) -> NA
B39: 2029 | C39: Public | D39: =SUMIFS('Budget Filing Data'!$P$10:$P$314,'Budget Filing Data'!$G$10:$G$314,'1 Participant Bill Impacts'!$C39,'Budget Filing Data'!$B$10:$B$314,'1 Participant Bill Impacts'!$B39) -> 0 | E39: =SUMIFS('Budget Filing Data'!$R$10:$R$314,'Budget Filing Data'!$G$10:$G$314,'1 Participant Bill Impacts'!$C39,'Budget Filing Data'!$B$10:$B$314,'1 Participant Bill Impacts'!$B39) -> 0 | F39: =SUMIFS('Budget Filing Data'!AT$10:AT$314,'Budget Filing Data'!$G$10:$G$314,'1 Participant Bill Impacts'!$C39,'Budget Filing Data'!$B$10:$B$314,'1 Participant Bill Impacts'!$B39) -> 0 | G39: =SUMIFS('Budget Filing Data'!AU$10:AU$314,'Budget Filing Data'!$G$10:$G$314,'1 Participant Bill Impacts'!$C39,'Budget Filing Data'!$B$10:$B$314,'1 Participant Bill Impacts'!$B39) -> 0 | H39: =F39+G39 -> 0 | I39: =IF(D39=0, "NA",F39/D39) -> NA | J39: =IF(E39=0,"NA",G39/E39) -> NA
B40: 2030 | C40: Public | D40: =SUMIFS('Budget Filing Data'!$P$10:$P$314,'Budget Filing Data'!$G$10:$G$314,'1 Participant Bill Impacts'!$C40,'Budget Filing Data'!$B$10:$B$314,'1 Participant Bill Impacts'!$B40) -> 0 | E40: =SUMIFS('Budget Filing Data'!$R$10:$R$314,'Budget Filing Data'!$G$10:$G$314,'1 Participant Bill Impacts'!$C40,'Budget Filing Data'!$B$10:$B$314,'1 Participant Bill Impacts'!$B40) -> 0 | F40: =SUMIFS('Budget Filing Data'!AT$10:AT$314,'Budget Filing Data'!$G$10:$G$314,'1 Participant Bill Impacts'!$C40,'Budget Filing Data'!$B$10:$B$314,'1 Participant Bill Impacts'!$B40) -> 0 | G40: =SUMIFS('Budget Filing Data'!AU$10:AU$314,'Budget Filing Data'!$G$10:$G$314,'1 Participant Bill Impacts'!$C40,'Budget Filing Data'!$B$10:$B$314,'1 Participant Bill Impacts'!$B40) -> 0 | H40: =F40+G40 -> 0 | I40: =IF(D40=0, "NA",F40/D40) -> NA | J40: =IF(E40=0,"NA",G40/E40) -> NA
B41: 2031 | C41: Public | D41: =SUMIFS('Budget Filing Data'!$P$10:$P$314,'Budget Filing Data'!$G$10:$G$314,'1 Participant Bill Impacts'!$C41,'Budget Filing Data'!$B$10:$B$314,'1 Participant Bill Impacts'!$B41) -> 0 | E41: =SUMIFS('Budget Filing Data'!$R$10:$R$314,'Budget Filing Data'!$G$10:$G$314,'1 Participant Bill Impacts'!$C41,'Budget Filing Data'!$B$10:$B$314,'1 Participant Bill Impacts'!$B41) -> 0 | F41: =SUMIFS('Budget Filing Data'!AT$10:AT$314,'Budget Filing Data'!$G$10:$G$314,'1 Participant Bill Impacts'!$C41,'Budget Filing Data'!$B$10:$B$314,'1 Participant Bill Impacts'!$B41) -> 0 | G41: =SUMIFS('Budget Filing Data'!AU$10:AU$314,'Budget Filing Data'!$G$10:$G$314,'1 Participant Bill Impacts'!$C41,'Budget Filing Data'!$B$10:$B$314,'1 Participant Bill Impacts'!$B41) -> 0 | H41: =F41+G41 -> 0 | I41: =IF(D41=0, "NA",F41/D41) -> NA | J41: =IF(E41=0,"NA",G41/E41) -> NA
B42: Reference: 2024 | C42: Cross-Cutting | H42: =F42+G42 -> 0 | I42: =IF(D42=0, "NA",F42/D42) -> NA | J42: =IF(E42=0,"NA",G42/E42) -> NA
B43: 2028 | C43: Cross-Cutting | D43: =SUMIFS('Budget Filing Data'!$P$10:$P$314,'Budget Filing Data'!$G$10:$G$314,'1 Participant Bill Impacts'!$C43,'Budget Filing Data'!$B$10:$B$314,'1 Participant Bill Impacts'!$B43) -> 0 | E43: =SUMIFS('Budget Filing Data'!$R$10:$R$314,'Budget Filing Data'!$G$10:$G$314,'1 Participant Bill Impacts'!$C43,'Budget Filing Data'!$B$10:$B$314,'1 Participant Bill Impacts'!$B43) -> 0 | F43: =SUMIFS('Budget Filing Data'!AT$10:AT$314,'Budget Filing Data'!$G$10:$G$314,'1 Participant Bill Impacts'!$C43,'Budget Filing Data'!$B$10:$B$314,'1 Participant Bill Impacts'!$B43) -> 0 | G43: =SUMIFS('Budget Filing Data'!AU$10:AU$314,'Budget Filing Data'!$G$10:$G$314,'1 Participant Bill Impacts'!$C43,'Budget Filing Data'!$B$10:$B$314,'1 Participant Bill Impacts'!$B43) -> 0 | H43: =F43+G43 -> 0 | I43: =IF(D43=0, "NA",F43/D43) -> NA | J43: =IF(E43=0,"NA",G43/E43) -> NA
B44: 2029 | C44: Cross-Cutting | D44: =SUMIFS('Budget Filing Data'!$P$10:$P$314,'Budget Filing Data'!$G$10:$G$314,'1 Participant Bill Impacts'!$C44,'Budget Filing Data'!$B$10:$B$314,'1 Participant Bill Impacts'!$B44) -> 0 | E44: =SUMIFS('Budget Filing Data'!$R$10:$R$314,'Budget Filing Data'!$G$10:$G$314,'1 Participant Bill Impacts'!$C44,'Budget Filing Data'!$B$10:$B$314,'1 Participant Bill Impacts'!$B44) -> 0 | F44: =SUMIFS('Budget Filing Data'!AT$10:AT$314,'Budget Filing Data'!$G$10:$G$314,'1 Participant Bill Impacts'!$C44,'Budget Filing Data'!$B$10:$B$314,'1 Participant Bill Impacts'!$B44) -> 0 | G44: =SUMIFS('Budget Filing Data'!AU$10:AU$314,'Budget Filing Data'!$G$10:$G$314,'1 Participant Bill Impacts'!$C44,'Budget Filing Data'!$B$10:$B$314,'1 Participant Bill Impacts'!$B44) -> 0 | H44: =F44+G44 -> 0 | I44: =IF(D44=0, "NA",F44/D44) -> NA | J44: =IF(E44=0,"NA",G44/E44) -> NA
B45: 2030 | C45: Cross-Cutting | D45: =SUMIFS('Budget Filing Data'!$P$10:$P$314,'Budget Filing Data'!$G$10:$G$314,'1 Participant Bill Impacts'!$C45,'Budget Filing Data'!$B$10:$B$314,'1 Participant Bill Impacts'!$B45) -> 0 | E45: =SUMIFS('Budget Filing Data'!$R$10:$R$314,'Budget Filing Data'!$G$10:$G$314,'1 Participant Bill Impacts'!$C45,'Budget Filing Data'!$B$10:$B$314,'1 Participant Bill Impacts'!$B45) -> 0 | F45: =SUMIFS('Budget Filing Data'!AT$10:AT$314,'Budget Filing Data'!$G$10:$G$314,'1 Participant Bill Impacts'!$C45,'Budget Filing Data'!$B$10:$B$314,'1 Participant Bill Impacts'!$B45) -> 0 | G45: =SUMIFS('Budget Filing Data'!AU$10:AU$314,'Budget Filing Data'!$G$10:$G$314,'1 Participant Bill Impacts'!$C45,'Budget Filing Data'!$B$10:$B$314,'1 Participant Bill Impacts'!$B45) -> 0 | H45: =F45+G45 -> 0 | I45: =IF(D45=0, "NA",F45/D45) -> NA | J45: =IF(E45=0,"NA",G45/E45) -> NA
B46: 2031 | C46: Cross-Cutting | D46: =SUMIFS('Budget Filing Data'!$P$10:$P$314,'Budget Filing Data'!$G$10:$G$314,'1 Participant Bill Impacts'!$C46,'Budget Filing Data'!$B$10:$B$314,'1 Participant Bill Impacts'!$B46) -> 0 | E46: =SUMIFS('Budget Filing Data'!$R$10:$R$314,'Budget Filing Data'!$G$10:$G$314,'1 Participant Bill Impacts'!$C46,'Budget Filing Data'!$B$10:$B$314,'1 Participant Bill Impacts'!$B46) -> 0 | F46: =SUMIFS('Budget Filing Data'!AT$10:AT$314,'Budget Filing Data'!$G$10:$G$314,'1 Participant Bill Impacts'!$C46,'Budget Filing Data'!$B$10:$B$314,'1 Participant Bill Impacts'!$B46) -> 0 | G46: =SUMIFS('Budget Filing Data'!AU$10:AU$314,'Budget Filing Data'!$G$10:$G$314,'1 Participant Bill Impacts'!$C46,'Budget Filing Data'!$B$10:$B$314,'1 Participant Bill Impacts'!$B46) -> 0 | H46: =F46+G46 -> 0 | I46: =IF(D46=0, "NA",F46/D46) -> NA | J46: =IF(E46=0,"NA",G46/E46) -> NA
B47: Reference: 2024 | C47: Portfolio Support | H47: =F47+G47 -> 0 | I47: =IF(D47=0, "NA",F47/D47) -> NA | J47: =IF(E47=0,"NA",G47/E47) -> NA
B48: 2028 | C48: Portfolio Support | D48: =SUMIFS('Budget Filing Data'!$P$10:$P$314,'Budget Filing Data'!$G$10:$G$314,'1 Participant Bill Impacts'!$C48,'Budget Filing Data'!$B$10:$B$314,'1 Participant Bill Impacts'!$B48) -> 0 | E48: =SUMIFS('Budget Filing Data'!$R$10:$R$314,'Budget Filing Data'!$G$10:$G$314,'1 Participant Bill Impacts'!$C48,'Budget Filing Data'!$B$10:$B$314,'1 Participant Bill Impacts'!$B48) -> 0 | F48: =SUMIFS('Budget Filing Data'!AT$10:AT$314,'Budget Filing Data'!$G$10:$G$314,'1 Participant Bill Impacts'!$C48,'Budget Filing Data'!$B$10:$B$314,'1 Participant Bill Impacts'!$B48) -> 0 | G48: =SUMIFS('Budget Filing Data'!AU$10:AU$314,'Budget Filing Data'!$G$10:$G$314,'1 Participant Bill Impacts'!$C48,'Budget Filing Data'!$B$10:$B$314,'1 Participant Bill Impacts'!$B48) -> 0 | H48: =F48+G48 -> 0 | I48: =IF(D48=0, "NA",F48/D48) -> NA | J48: =IF(E48=0,"NA",G48/E48) -> NA
B49: 2029 | C49: Portfolio Support | D49: =SUMIFS('Budget Filing Data'!$P$10:$P$314,'Budget Filing Data'!$G$10:$G$314,'1 Participant Bill Impacts'!$C49,'Budget Filing Data'!$B$10:$B$314,'1 Participant Bill Impacts'!$B49) -> 0 | E49: =SUMIFS('Budget Filing Data'!$R$10:$R$314,'Budget Filing Data'!$G$10:$G$314,'1 Participant Bill Impacts'!$C49,'Budget Filing Data'!$B$10:$B$314,'1 Participant Bill Impacts'!$B49) -> 0 | F49: =SUMIFS('Budget Filing Data'!AT$10:AT$314,'Budget Filing Data'!$G$10:$G$314,'1 Participant Bill Impacts'!$C49,'Budget Filing Data'!$B$10:$B$314,'1 Participant Bill Impacts'!$B49) -> 0 | G49: =SUMIFS('Budget Filing Data'!AU$10:AU$314,'Budget Filing Data'!$G$10:$G$314,'1 Participant Bill Impacts'!$C49,'Budget Filing Data'!$B$10:$B$314,'1 Participant Bill Impacts'!$B49) -> 0 | H49: =F49+G49 -> 0 | I49: =IF(D49=0, "NA",F49/D49) -> NA | J49: =IF(E49=0,"NA",G49/E49) -> NA
B50: 2030 | C50: Portfolio Support | D50: =SUMIFS('Budget Filing Data'!$P$10:$P$314,'Budget Filing Data'!$G$10:$G$314,'1 Participant Bill Impacts'!$C50,'Budget Filing Data'!$B$10:$B$314,'1 Participant Bill Impacts'!$B50) -> 0 | E50: =SUMIFS('Budget Filing Data'!$R$10:$R$314,'Budget Filing Data'!$G$10:$G$314,'1 Participant Bill Impacts'!$C50,'Budget Filing Data'!$B$10:$B$314,'1 Participant Bill Impacts'!$B50) -> 0 | F50: =SUMIFS('Budget Filing Data'!AT$10:AT$314,'Budget Filing Data'!$G$10:$G$314,'1 Participant Bill Impacts'!$C50,'Budget Filing Data'!$B$10:$B$314,'1 Participant Bill Impacts'!$B50) -> 0 | G50: =SUMIFS('Budget Filing Data'!AU$10:AU$314,'Budget Filing Data'!$G$10:$G$314,'1 Participant Bill Impacts'!$C50,'Budget Filing Data'!$B$10:$B$314,'1 Participant Bill Impacts'!$B50) -> 0 | H50: =F50+G50 -> 0 | I50: =IF(D50=0, "NA",F50/D50) -> NA | J50: =IF(E50=0,"NA",G50/E50) -> NA
B51: 2031 | C51: Portfolio Support | D51: =SUMIFS('Budget Filing Data'!$P$10:$P$314,'Budget Filing Data'!$G$10:$G$314,'1 Participant Bill Impacts'!$C51,'Budget Filing Data'!$B$10:$B$314,'1 Participant Bill Impacts'!$B51) -> 0 | E51: =SUMIFS('Budget Filing Data'!$R$10:$R$314,'Budget Filing Data'!$G$10:$G$314,'1 Participant Bill Impacts'!$C51,'Budget Filing Data'!$B$10:$B$314,'1 Participant Bill Impacts'!$B51) -> 0 | F51: =SUMIFS('Budget Filing Data'!AT$10:AT$314,'Budget Filing Data'!$G$10:$G$314,'1 Participant Bill Impacts'!$C51,'Budget Filing Data'!$B$10:$B$314,'1 Participant Bill Impacts'!$B51) -> 0 | G51: =SUMIFS('Budget Filing Data'!AU$10:AU$314,'Budget Filing Data'!$G$10:$G$314,'1 Participant Bill Impacts'!$C51,'Budget Filing Data'!$B$10:$B$314,'1 Participant Bill Impacts'!$B51) -> 0 | H51: =F51+G51 -> 0 | I51: =IF(D51=0, "NA",F51/D51) -> NA | J51: =IF(E51=0,"NA",G51/E51) -> NA

Sheet 2 Rates Rev- IOU Only
B2: Description | C2: Presents the projected changes in electric and gas revenues, rates, and the energy efficiency portion of rates by customer class, illustrating the impact of proposed energy efficiency investments on utility bills. (This Table applies only to the IOU PAs.)
B3: Instructions | C3: Populate only the blue highlighted cells. Review and complete the table accordingly.
B5: PA Name: | C5: ='Read Me'!B10 -> WestLight Energy
B6: Budget Year: | C6: ='Read Me'!B11 -> 2028-2035
D10: Net Present Value of Lifecycle RIM Electric Benefits / Weighted EUL | E10: Net Present Value of Lifecycle RIM Gas Benefits / Weighted EUL | F10: Net Present Value of Lifecycle RIM Electric Costs / Weighted EUL | G10: Net Present Value of Lifecycle RIM Gas Costs / Weighted EUL | H10: RIM Electric Benefits - RIM Electric Costs | I10: RIM Electric Benefits - RIM Electric Costs | J10: Use either IEPR reported or GRC forecasted sales (sector-specific). Provide link to the referenced source. | L10: Net Electric RIM Benefits/2024 Baseline Energy Electric Sales | M10: Net Gas RIM Benefits/2024 Baseline Energy Gas Sales
B11: Program Year | C11: Sector | D11: Annualized RIM Electric Benefits | E11: AnnualizedRIM Gas Benefits | F11: Annualized RIM Electric Costs | G11: AnnualizedRIM Gas Costs | H11: Net Annualized Electric RIM Benefits | I11: Net Annualized Gas RIM Benefits | J11: Forecast 2024 Electric Sales (kWh) | K11: Forecast 2024 Gas Sales (Therms) | L11: $/kWh Impacts | M11: $/Therm Impacts
B12: Reference: 2024 | C12: Total | D12: =D17+D22+D27+D32+D37+D42+D47 -> 0 | E12: =E17+E22+E27+E32+E37+E42+E47 -> 0 | F12: =F17+F22+F27+F32+F37+F42+F47 -> 0 | G12: =G17+G22+G27+G32+G37+G42+G47 -> 0 | H12: =D12-F12 -> 0 | I12: =E12-G12 -> 0 | L12: =H12/$J$12 -> #DIV/0! | M12: =I12/$K$12 -> #DIV/0!
B13: 2028 | C13: Total | D13: =D18+D23+D28+D33+D38+D43+D48 -> 233818.72 | E13: =E18+E23+E28+E33+E38+E43+E48 -> 193215.31 | F13: =F18+F23+F28+F33+F38+F43+F48 -> 1120770 | G13: =G18+G23+G28+G33+G38+G43+G48 -> 299265.74 | H13: =D13-F13 -> -886951.28 | I13: =E13-G13 -> -106050.42 | J13: =F13-H13 -> 2007721.3 | K13: =G13-I13 -> 405316.16 | L13: =H13/$J$12 -> #DIV/0! | M13: =I13/$K$12 -> #DIV/0!
B14: 2029 | C14: Total | D14: =D19+D24+D29+D34+D39+D44+D49 -> 1038567.5 | E14: =E19+E24+E29+E34+E39+E44+E49 -> 459155.54 | F14: =F19+F24+F29+F34+F39+F44+F49 -> 3447497.2 | G14: =G19+G24+G29+G34+G39+G44+G49 -> 649426.64 | H14: =D14-F14 -> -2408929.7 | I14: =E14-G14 -> -190271.1 | J14: =F14-H14 -> 5856426.9 | K14: =G14-I14 -> 839697.74 | L14: =H14/$J$12 -> #DIV/0! | M14: =I14/$K$12 -> #DIV/0!
B15: 2030 | C15: Total | D15: =D20+D25+D30+D35+D40+D45+D50 -> 1164644.5 | E15: =E20+E25+E30+E35+E40+E45+E50 -> 602424.59 | F15: =F20+F25+F30+F35+F40+F45+F50 -> 3663812.3 | G15: =G20+G25+G30+G35+G40+G45+G50 -> 794199.6 | H15: =D15-F15 -> -2499167.8 | I15: =E15-G15 -> -191775 | J15: =F15-H15 -> 6162980.2 | K15: =G15-I15 -> 985974.6 | L15: =H15/$J$12 -> #DIV/0! | M15: =I15/$K$12 -> #DIV/0!
B16: 2031 | C16: Total | D16: =D21+D26+D31+D36+D41+D46+D51 -> 1298625.6 | E16: =E21+E26+E31+E36+E41+E46+E51 -> 746898.32 | F16: =F21+F26+F31+F36+F41+F46+F51 -> 4042214.8 | G16: =G21+G26+G31+G36+G41+G46+G51 -> 943367.34 | H16: =D16-F16 -> -2743589.2 | I16: =E16-G16 -> -196469.02 | J16: =F16-H16 -> 6785803.9 | K16: =G16-I16 -> 1139836.4 | L16: =H16/$J$12 -> #DIV/0! | M16: =I16/$K$12 -> #DIV/0!
B17: Reference: 2024 | C17: Residential | H17: =D17-F17 -> 0 | I17: =E17-G17 -> 0 | L17: =H17/$J$17 -> #DIV/0! | M17: =I17/$K$17 -> #DIV/0!
B18: 2028 | C18: Residential | D18: =SUMIFS('Budget Filing Data'!BA$10:BA$1000000,'Budget Filing Data'!$B$10:$B$1000000,'2 Rates Rev- IOU Only'!$B18,'Budget Filing Data'!$G$10:$G$1000000,'2 Rates Rev- IOU Only'!$C18) -> 55157.699 | E18: =SUMIFS('Budget Filing Data'!BB$10:BB$1000000,'Budget Filing Data'!$B$10:$B$1000000,'2 Rates Rev- IOU Only'!$B18,'Budget Filing Data'!$G$10:$G$1000000,'2 Rates Rev- IOU Only'!$C18) -> 44326.334 | F18: =SUMIFS('Budget Filing Data'!BC$10:BC$1000000,'Budget Filing Data'!$B$10:$B$1000000,'2 Rates Rev- IOU Only'!$B18,'Budget Filing Data'!$G$10:$G$1000000,'2 Rates Rev- IOU Only'!$C18) -> 234606.53 | G18: =SUMIFS('Budget Filing Data'!BD$10:BD$1000000,'Budget Filing Data'!$B$10:$B$1000000,'2 Rates Rev- IOU Only'!$B18,'Budget Filing Data'!$G$10:$G$1000000,'2 Rates Rev- IOU Only'!$C18) -> 85658.506 | H18: =D18-F18 -> -179448.83 | I18: =E18-G18 -> -41332.173 | L18: =H18/$J$17 -> #DIV/0! | M18: =I18/$K$17 -> #DIV/0!
B19: 2029 | C19: Residential | D19: =SUMIFS('Budget Filing Data'!BA$10:BA$1000000,'Budget Filing Data'!$B$10:$B$1000000,'2 Rates Rev- IOU Only'!$B19,'Budget Filing Data'!$G$10:$G$1000000,'2 Rates Rev- IOU Only'!$C19) -> 79000.629 | E19: =SUMIFS('Budget Filing Data'!BB$10:BB$1000000,'Budget Filing Data'!$B$10:$B$1000000,'2 Rates Rev- IOU Only'!$B19,'Budget Filing Data'!$G$10:$G$1000000,'2 Rates Rev- IOU Only'!$C19) -> 168185.99 | F19: =SUMIFS('Budget Filing Data'!BC$10:BC$1000000,'Budget Filing Data'!$B$10:$B$1000000,'2 Rates Rev- IOU Only'!$B19,'Budget Filing Data'!$G$10:$G$1000000,'2 Rates Rev- IOU Only'!$C19) -> 424373.53 | G19: =SUMIFS('Budget Filing Data'!BD$10:BD$1000000,'Budget Filing Data'!$B$10:$B$1000000,'2 Rates Rev- IOU Only'!$B19,'Budget Filing Data'!$G$10:$G$1000000,'2 Rates Rev- IOU Only'!$C19) -> 248342.25 | H19: =D19-F19 -> -345372.9 | I19: =E19-G19 -> -80156.258 | L19: =H19/$J$17 -> #DIV/0! | M19: =I19/$K$17 -> #DIV/0!
B20: 2030 | C20: Residential | D20: =SUMIFS('Budget Filing Data'!BA$10:BA$1000000,'Budget Filing Data'!$B$10:$B$1000000,'2 Rates Rev- IOU Only'!$B20,'Budget Filing Data'!$G$10:$G$1000000,'2 Rates Rev- IOU Only'!$C20) -> 105281.95 | E20: =SUMIFS('Budget Filing Data'!BB$10:BB$1000000,'Budget Filing Data'!$B$10:$B$1000000,'2 Rates Rev- IOU Only'!$B20,'Budget Filing Data'!$G$10:$G$1000000,'2 Rates Rev- IOU Only'!$C20) -> 294557.19 | F20: =SUMIFS('Budget Filing Data'!BC$10:BC$1000000,'Budget Filing Data'!$B$10:$B$1000000,'2 Rates Rev- IOU Only'!$B20,'Budget Filing Data'!$G$10:$G$1000000,'2 Rates Rev- IOU Only'!$C20) -> 545966.98 | G20: =SUMIFS('Budget Filing Data'!BD$10:BD$1000000,'Budget Filing Data'!$B$10:$B$1000000,'2 Rates Rev- IOU Only'!$B20,'Budget Filing Data'!$G$10:$G$1000000,'2 Rates Rev- IOU Only'!$C20) -> 377891.42 | H20: =D20-F20 -> -440685.04 | I20: =E20-G20 -> -83334.229 | L20: =H20/$J$17 -> #DIV/0! | M20: =I20/$K$17 -> #DIV/0!
B21: 2031 | C21: Residential | D21: =SUMIFS('Budget Filing Data'!BA$10:BA$1000000,'Budget Filing Data'!$B$10:$B$1000000,'2 Rates Rev- IOU Only'!$B21,'Budget Filing Data'!$G$10:$G$1000000,'2 Rates Rev- IOU Only'!$C21) -> 145512.91 | E21: =SUMIFS('Budget Filing Data'!BB$10:BB$1000000,'Budget Filing Data'!$B$10:$B$1000000,'2 Rates Rev- IOU Only'!$B21,'Budget Filing Data'!$G$10:$G$1000000,'2 Rates Rev- IOU Only'!$C21) -> 382056.96 | F21: =SUMIFS('Budget Filing Data'!BC$10:BC$1000000,'Budget Filing Data'!$B$10:$B$1000000,'2 Rates Rev- IOU Only'!$B21,'Budget Filing Data'!$G$10:$G$1000000,'2 Rates Rev- IOU Only'!$C21) -> 711840.5 | G21: =SUMIFS('Budget Filing Data'!BD$10:BD$1000000,'Budget Filing Data'!$B$10:$B$1000000,'2 Rates Rev- IOU Only'!$B21,'Budget Filing Data'!$G$10:$G$1000000,'2 Rates Rev- IOU Only'!$C21) -> 465704.51 | H21: =D21-F21 -> -566327.59 | I21: =E21-G21 -> -83647.553 | L21: =H21/$J$17 -> #DIV/0! | M21: =I21/$K$17 -> #DIV/0!
B22: Reference: 2024 | C22: Commercial | H22: =D22-F22 -> 0 | I22: =E22-G22 -> 0 | L22: =H22/$J$22 -> #DIV/0! | M22: =I22/$K$22 -> #DIV/0!
B23: 2028 | C23: Commercial | D23: =SUMIFS('Budget Filing Data'!BA$10:BA$1000000,'Budget Filing Data'!$B$10:$B$1000000,'2 Rates Rev- IOU Only'!$B23,'Budget Filing Data'!$G$10:$G$1000000,'2 Rates Rev- IOU Only'!$C23) -> 178661.02 | E23: =SUMIFS('Budget Filing Data'!BB$10:BB$1000000,'Budget Filing Data'!$B$10:$B$1000000,'2 Rates Rev- IOU Only'!$B23,'Budget Filing Data'!$G$10:$G$1000000,'2 Rates Rev- IOU Only'!$C23) -> 148888.98 | F23: =SUMIFS('Budget Filing Data'!BC$10:BC$1000000,'Budget Filing Data'!$B$10:$B$1000000,'2 Rates Rev- IOU Only'!$B23,'Budget Filing Data'!$G$10:$G$1000000,'2 Rates Rev- IOU Only'!$C23) -> 886163.47 | G23: =SUMIFS('Budget Filing Data'!BD$10:BD$1000000,'Budget Filing Data'!$B$10:$B$1000000,'2 Rates Rev- IOU Only'!$B23,'Budget Filing Data'!$G$10:$G$1000000,'2 Rates Rev- IOU Only'!$C23) -> 213607.23 | H23: =D23-F23 -> -707502.46 | I23: =E23-G23 -> -64718.249 | L23: =H23/$J$22 -> #DIV/0! | M23: =I23/$K$22 -> #DIV/0!
B24: 2029 | C24: Commercial | D24: =SUMIFS('Budget Filing Data'!BA$10:BA$1000000,'Budget Filing Data'!$B$10:$B$1000000,'2 Rates Rev- IOU Only'!$B24,'Budget Filing Data'!$G$10:$G$1000000,'2 Rates Rev- IOU Only'!$C24) -> 959566.87 | E24: =SUMIFS('Budget Filing Data'!BB$10:BB$1000000,'Budget Filing Data'!$B$10:$B$1000000,'2 Rates Rev- IOU Only'!$B24,'Budget Filing Data'!$G$10:$G$1000000,'2 Rates Rev- IOU Only'!$C24) -> 290969.54 | F24: =SUMIFS('Budget Filing Data'!BC$10:BC$1000000,'Budget Filing Data'!$B$10:$B$1000000,'2 Rates Rev- IOU Only'!$B24,'Budget Filing Data'!$G$10:$G$1000000,'2 Rates Rev- IOU Only'!$C24) -> 3023123.6 | G24: =SUMIFS('Budget Filing Data'!BD$10:BD$1000000,'Budget Filing Data'!$B$10:$B$1000000,'2 Rates Rev- IOU Only'!$B24,'Budget Filing Data'!$G$10:$G$1000000,'2 Rates Rev- IOU Only'!$C24) -> 401084.39 | H24: =D24-F24 -> -2063556.8 | I24: =E24-G24 -> -110114.84 | L24: =H24/$J$22 -> #DIV/0! | M24: =I24/$K$22 -> #DIV/0!
B25: 2030 | C25: Commercial | D25: =SUMIFS('Budget Filing Data'!BA$10:BA$1000000,'Budget Filing Data'!$B$10:$B$1000000,'2 Rates Rev- IOU Only'!$B25,'Budget Filing Data'!$G$10:$G$1000000,'2 Rates Rev- IOU Only'!$C25) -> 1059362.6 | E25: =SUMIFS('Budget Filing Data'!BB$10:BB$1000000,'Budget Filing Data'!$B$10:$B$1000000,'2 Rates Rev- IOU Only'!$B25,'Budget Filing Data'!$G$10:$G$1000000,'2 Rates Rev- IOU Only'!$C25) -> 307867.4 | F25: =SUMIFS('Budget Filing Data'!BC$10:BC$1000000,'Budget Filing Data'!$B$10:$B$1000000,'2 Rates Rev- IOU Only'!$B25,'Budget Filing Data'!$G$10:$G$1000000,'2 Rates Rev- IOU Only'!$C25) -> 3117845.3 | G25: =SUMIFS('Budget Filing Data'!BD$10:BD$1000000,'Budget Filing Data'!$B$10:$B$1000000,'2 Rates Rev- IOU Only'!$B25,'Budget Filing Data'!$G$10:$G$1000000,'2 Rates Rev- IOU Only'!$C25) -> 416308.17 | H25: =D25-F25 -> -2058482.8 | I25: =E25-G25 -> -108440.77 | L25: =H25/$J$22 -> #DIV/0! | M25: =I25/$K$22 -> #DIV/0!
B26: 2031 | C26: Commercial | D26: =SUMIFS('Budget Filing Data'!BA$10:BA$1000000,'Budget Filing Data'!$B$10:$B$1000000,'2 Rates Rev- IOU Only'!$B26,'Budget Filing Data'!$G$10:$G$1000000,'2 Rates Rev- IOU Only'!$C26) -> 1153112.7 | E26: =SUMIFS('Budget Filing Data'!BB$10:BB$1000000,'Budget Filing Data'!$B$10:$B$1000000,'2 Rates Rev- IOU Only'!$B26,'Budget Filing Data'!$G$10:$G$1000000,'2 Rates Rev- IOU Only'!$C26) -> 364841.36 | F26: =SUMIFS('Budget Filing Data'!BC$10:BC$1000000,'Budget Filing Data'!$B$10:$B$1000000,'2 Rates Rev- IOU Only'!$B26,'Budget Filing Data'!$G$10:$G$1000000,'2 Rates Rev- IOU Only'!$C26) -> 3330374.3 | G26: =SUMIFS('Budget Filing Data'!BD$10:BD$1000000,'Budget Filing Data'!$B$10:$B$1000000,'2 Rates Rev- IOU Only'!$B26,'Budget Filing Data'!$G$10:$G$1000000,'2 Rates Rev- IOU Only'!$C26) -> 477662.82 | H26: =D26-F26 -> -2177261.6 | I26: =E26-G26 -> -112821.47 | L26: =H26/$J$22 -> #DIV/0! | M26: =I26/$K$22 -> #DIV/0!
B27: Reference: 2024 | C27: Industrial | H27: =D27-F27 -> 0 | I27: =E27-G27 -> 0 | L27: =H27/$J$27 -> #DIV/0! | M27: =I27/$K$27 -> #DIV/0!
B28: 2028 | C28: Industrial | D28: =SUMIFS('Budget Filing Data'!BA$10:BA$1000000,'Budget Filing Data'!$B$10:$B$1000000,'2 Rates Rev- IOU Only'!$B28,'Budget Filing Data'!$G$10:$G$1000000,'2 Rates Rev- IOU Only'!$C28) -> 0 | E28: =SUMIFS('Budget Filing Data'!BB$10:BB$1000000,'Budget Filing Data'!$B$10:$B$1000000,'2 Rates Rev- IOU Only'!$B28,'Budget Filing Data'!$G$10:$G$1000000,'2 Rates Rev- IOU Only'!$C28) -> 0 | F28: =SUMIFS('Budget Filing Data'!BC$10:BC$1000000,'Budget Filing Data'!$B$10:$B$1000000,'2 Rates Rev- IOU Only'!$B28,'Budget Filing Data'!$G$10:$G$1000000,'2 Rates Rev- IOU Only'!$C28) -> 0 | G28: =SUMIFS('Budget Filing Data'!BD$10:BD$1000000,'Budget Filing Data'!$B$10:$B$1000000,'2 Rates Rev- IOU Only'!$B28,'Budget Filing Data'!$G$10:$G$1000000,'2 Rates Rev- IOU Only'!$C28) -> 0 | H28: =D28-F28 -> 0 | I28: =E28-G28 -> 0 | L28: =H28/$J$27 -> #DIV/0! | M28: =I28/$K$27 -> #DIV/0!
B29: 2029 | C29: Industrial | D29: =SUMIFS('Budget Filing Data'!BA$10:BA$1000000,'Budget Filing Data'!$B$10:$B$1000000,'2 Rates Rev- IOU Only'!$B29,'Budget Filing Data'!$G$10:$G$1000000,'2 Rates Rev- IOU Only'!$C29) -> 0 | E29: =SUMIFS('Budget Filing Data'!BB$10:BB$1000000,'Budget Filing Data'!$B$10:$B$1000000,'2 Rates Rev- IOU Only'!$B29,'Budget Filing Data'!$G$10:$G$1000000,'2 Rates Rev- IOU Only'!$C29) -> 0 | F29: =SUMIFS('Budget Filing Data'!BC$10:BC$1000000,'Budget Filing Data'!$B$10:$B$1000000,'2 Rates Rev- IOU Only'!$B29,'Budget Filing Data'!$G$10:$G$1000000,'2 Rates Rev- IOU Only'!$C29) -> 0 | G29: =SUMIFS('Budget Filing Data'!BD$10:BD$1000000,'Budget Filing Data'!$B$10:$B$1000000,'2 Rates Rev- IOU Only'!$B29,'Budget Filing Data'!$G$10:$G$1000000,'2 Rates Rev- IOU Only'!$C29) -> 0 | H29: =D29-F29 -> 0 | I29: =E29-G29 -> 0 | L29: =H29/$J$27 -> #DIV/0! | M29: =I29/$K$27 -> #DIV/0!
B30: 2030 | C30: Industrial | D30: =SUMIFS('Budget Filing Data'!BA$10:BA$1000000,'Budget Filing Data'!$B$10:$B$1000000,'2 Rates Rev- IOU Only'!$B30,'Budget Filing Data'!$G$10:$G$1000000,'2 Rates Rev- IOU Only'!$C30) -> 0 | E30: =SUMIFS('Budget Filing Data'!BB$10:BB$1000000,'Budget Filing Data'!$B$10:$B$1000000,'2 Rates Rev- IOU Only'!$B30,'Budget Filing Data'!$G$10:$G$1000000,'2 Rates Rev- IOU Only'!$C30) -> 0 | F30: =SUMIFS('Budget Filing Data'!BC$10:BC$1000000,'Budget Filing Data'!$B$10:$B$1000000,'2 Rates Rev- IOU Only'!$B30,'Budget Filing Data'!$G$10:$G$1000000,'2 Rates Rev- IOU Only'!$C30) -> 0 | G30: =SUMIFS('Budget Filing Data'!BD$10:BD$1000000,'Budget Filing Data'!$B$10:$B$1000000,'2 Rates Rev- IOU Only'!$B30,'Budget Filing Data'!$G$10:$G$1000000,'2 Rates Rev- IOU Only'!$C30) -> 0 | H30: =D30-F30 -> 0 | I30: =E30-G30 -> 0 | L30: =H30/$J$27 -> #DIV/0! | M30: =I30/$K$27 -> #DIV/0!
B31: 2031 | C31: Industrial | D31: =SUMIFS('Budget Filing Data'!BA$10:BA$1000000,'Budget Filing Data'!$B$10:$B$1000000,'2 Rates Rev- IOU Only'!$B31,'Budget Filing Data'!$G$10:$G$1000000,'2 Rates Rev- IOU Only'!$C31) -> 0 | E31: =SUMIFS('Budget Filing Data'!BB$10:BB$1000000,'Budget Filing Data'!$B$10:$B$1000000,'2 Rates Rev- IOU Only'!$B31,'Budget Filing Data'!$G$10:$G$1000000,'2 Rates Rev- IOU Only'!$C31) -> 0 | F31: =SUMIFS('Budget Filing Data'!BC$10:BC$1000000,'Budget Filing Data'!$B$10:$B$1000000,'2 Rates Rev- IOU Only'!$B31,'Budget Filing Data'!$G$10:$G$1000000,'2 Rates Rev- IOU Only'!$C31) -> 0 | G31: =SUMIFS('Budget Filing Data'!BD$10:BD$1000000,'Budget Filing Data'!$B$10:$B$1000000,'2 Rates Rev- IOU Only'!$B31,'Budget Filing Data'!$G$10:$G$1000000,'2 Rates Rev- IOU Only'!$C31) -> 0 | H31: =D31-F31 -> 0 | I31: =E31-G31 -> 0 | L31: =H31/$J$27 -> #DIV/0! | M31: =I31/$K$27 -> #DIV/0!
B32: Reference: 2024 | C32: Agricultural | H32: =D32-F32 -> 0 | I32: =E32-G32 -> 0 | L32: =H32/$J$32 -> #DIV/0! | M32: =I32/$K$32 -> #DIV/0!
B33: 2028 | C33: Agricultural | D33: =SUMIFS('Budget Filing Data'!BA$10:BA$1000000,'Budget Filing Data'!$B$10:$B$1000000,'2 Rates Rev- IOU Only'!$B33,'Budget Filing Data'!$G$10:$G$1000000,'2 Rates Rev- IOU Only'!$C33) -> 0 | E33: =SUMIFS('Budget Filing Data'!BB$10:BB$1000000,'Budget Filing Data'!$B$10:$B$1000000,'2 Rates Rev- IOU Only'!$B33,'Budget Filing Data'!$G$10:$G$1000000,'2 Rates Rev- IOU Only'!$C33) -> 0 | F33: =SUMIFS('Budget Filing Data'!BC$10:BC$1000000,'Budget Filing Data'!$B$10:$B$1000000,'2 Rates Rev- IOU Only'!$B33,'Budget Filing Data'!$G$10:$G$1000000,'2 Rates Rev- IOU Only'!$C33) -> 0 | G33: =SUMIFS('Budget Filing Data'!BD$10:BD$1000000,'Budget Filing Data'!$B$10:$B$1000000,'2 Rates Rev- IOU Only'!$B33,'Budget Filing Data'!$G$10:$G$1000000,'2 Rates Rev- IOU Only'!$C33) -> 0 | H33: =D33-F33 -> 0 | I33: =E33-G33 -> 0 | L33: =H33/$J$32 -> #DIV/0! | M33: =I33/$K$32 -> #DIV/0!
B34: 2029 | C34: Agricultural | D34: =SUMIFS('Budget Filing Data'!BA$10:BA$1000000,'Budget Filing Data'!$B$10:$B$1000000,'2 Rates Rev- IOU Only'!$B34,'Budget Filing Data'!$G$10:$G$1000000,'2 Rates Rev- IOU Only'!$C34) -> 0 | E34: =SUMIFS('Budget Filing Data'!BB$10:BB$1000000,'Budget Filing Data'!$B$10:$B$1000000,'2 Rates Rev- IOU Only'!$B34,'Budget Filing Data'!$G$10:$G$1000000,'2 Rates Rev- IOU Only'!$C34) -> 0 | F34: =SUMIFS('Budget Filing Data'!BC$10:BC$1000000,'Budget Filing Data'!$B$10:$B$1000000,'2 Rates Rev- IOU Only'!$B34,'Budget Filing Data'!$G$10:$G$1000000,'2 Rates Rev- IOU Only'!$C34) -> 0 | G34: =SUMIFS('Budget Filing Data'!BD$10:BD$1000000,'Budget Filing Data'!$B$10:$B$1000000,'2 Rates Rev- IOU Only'!$B34,'Budget Filing Data'!$G$10:$G$1000000,'2 Rates Rev- IOU Only'!$C34) -> 0 | H34: =D34-F34 -> 0 | I34: =E34-G34 -> 0 | L34: =H34/$J$32 -> #DIV/0! | M34: =I34/$K$32 -> #DIV/0!
B35: 2030 | C35: Agricultural | D35: =SUMIFS('Budget Filing Data'!BA$10:BA$1000000,'Budget Filing Data'!$B$10:$B$1000000,'2 Rates Rev- IOU Only'!$B35,'Budget Filing Data'!$G$10:$G$1000000,'2 Rates Rev- IOU Only'!$C35) -> 0 | E35: =SUMIFS('Budget Filing Data'!BB$10:BB$1000000,'Budget Filing Data'!$B$10:$B$1000000,'2 Rates Rev- IOU Only'!$B35,'Budget Filing Data'!$G$10:$G$1000000,'2 Rates Rev- IOU Only'!$C35) -> 0 | F35: =SUMIFS('Budget Filing Data'!BC$10:BC$1000000,'Budget Filing Data'!$B$10:$B$1000000,'2 Rates Rev- IOU Only'!$B35,'Budget Filing Data'!$G$10:$G$1000000,'2 Rates Rev- IOU Only'!$C35) -> 0 | G35: =SUMIFS('Budget Filing Data'!BD$10:BD$1000000,'Budget Filing Data'!$B$10:$B$1000000,'2 Rates Rev- IOU Only'!$B35,'Budget Filing Data'!$G$10:$G$1000000,'2 Rates Rev- IOU Only'!$C35) -> 0 | H35: =D35-F35 -> 0 | I35: =E35-G35 -> 0 | L35: =H35/$J$32 -> #DIV/0! | M35: =I35/$K$32 -> #DIV/0!
B36: 2031 | C36: Agricultural | D36: =SUMIFS('Budget Filing Data'!BA$10:BA$1000000,'Budget Filing Data'!$B$10:$B$1000000,'2 Rates Rev- IOU Only'!$B36,'Budget Filing Data'!$G$10:$G$1000000,'2 Rates Rev- IOU Only'!$C36) -> 0 | E36: =SUMIFS('Budget Filing Data'!BB$10:BB$1000000,'Budget Filing Data'!$B$10:$B$1000000,'2 Rates Rev- IOU Only'!$B36,'Budget Filing Data'!$G$10:$G$1000000,'2 Rates Rev- IOU Only'!$C36) -> 0 | F36: =SUMIFS('Budget Filing Data'!BC$10:BC$1000000,'Budget Filing Data'!$B$10:$B$1000000,'2 Rates Rev- IOU Only'!$B36,'Budget Filing Data'!$G$10:$G$1000000,'2 Rates Rev- IOU Only'!$C36) -> 0 | G36: =SUMIFS('Budget Filing Data'!BD$10:BD$1000000,'Budget Filing Data'!$B$10:$B$1000000,'2 Rates Rev- IOU Only'!$B36,'Budget Filing Data'!$G$10:$G$1000000,'2 Rates Rev- IOU Only'!$C36) -> 0 | H36: =D36-F36 -> 0 | I36: =E36-G36 -> 0 | L36: =H36/$J$32 -> #DIV/0! | M36: =I36/$K$32 -> #DIV/0!
B37: Reference: 2024 | C37: Public | H37: =D37-F37 -> 0 | I37: =E37-G37 -> 0 | L37: =H37/$J$37 -> #DIV/0! | M37: =I37/$K$37 -> #DIV/0!
B38: 2028 | C38: Public | D38: =SUMIFS('Budget Filing Data'!BA$10:BA$1000000,'Budget Filing Data'!$B$10:$B$1000000,'2 Rates Rev- IOU Only'!$B38,'Budget Filing Data'!$G$10:$G$1000000,'2 Rates Rev- IOU Only'!$C38) -> 0 | E38: =SUMIFS('Budget Filing Data'!BB$10:BB$1000000,'Budget Filing Data'!$B$10:$B$1000000,'2 Rates Rev- IOU Only'!$B38,'Budget Filing Data'!$G$10:$G$1000000,'2 Rates Rev- IOU Only'!$C38) -> 0 | F38: =SUMIFS('Budget Filing Data'!BC$10:BC$1000000,'Budget Filing Data'!$B$10:$B$1000000,'2 Rates Rev- IOU Only'!$B38,'Budget Filing Data'!$G$10:$G$1000000,'2 Rates Rev- IOU Only'!$C38) -> 0 | G38: =SUMIFS('Budget Filing Data'!BD$10:BD$1000000,'Budget Filing Data'!$B$10:$B$1000000,'2 Rates Rev- IOU Only'!$B38,'Budget Filing Data'!$G$10:$G$1000000,'2 Rates Rev- IOU Only'!$C38) -> 0 | H38: =D38-F38 -> 0 | I38: =E38-G38 -> 0 | L38: =H38/$J$37 -> #DIV/0! | M38: =I38/$K$37 -> #DIV/0!
B39: 2029 | C39: Public | D39: =SUMIFS('Budget Filing Data'!BA$10:BA$1000000,'Budget Filing Data'!$B$10:$B$1000000,'2 Rates Rev- IOU Only'!$B39,'Budget Filing Data'!$G$10:$G$1000000,'2 Rates Rev- IOU Only'!$C39) -> 0 | E39: =SUMIFS('Budget Filing Data'!BB$10:BB$1000000,'Budget Filing Data'!$B$10:$B$1000000,'2 Rates Rev- IOU Only'!$B39,'Budget Filing Data'!$G$10:$G$1000000,'2 Rates Rev- IOU Only'!$C39) -> 0 | F39: =SUMIFS('Budget Filing Data'!BC$10:BC$1000000,'Budget Filing Data'!$B$10:$B$1000000,'2 Rates Rev- IOU Only'!$B39,'Budget Filing Data'!$G$10:$G$1000000,'2 Rates Rev- IOU Only'!$C39) -> 0 | G39: =SUMIFS('Budget Filing Data'!BD$10:BD$1000000,'Budget Filing Data'!$B$10:$B$1000000,'2 Rates Rev- IOU Only'!$B39,'Budget Filing Data'!$G$10:$G$1000000,'2 Rates Rev- IOU Only'!$C39) -> 0 | H39: =D39-F39 -> 0 | I39: =E39-G39 -> 0 | L39: =H39/$J$37 -> #DIV/0! | M39: =I39/$K$37 -> #DIV/0!
B40: 2030 | C40: Public | D40: =SUMIFS('Budget Filing Data'!BA$10:BA$1000000,'Budget Filing Data'!$B$10:$B$1000000,'2 Rates Rev- IOU Only'!$B40,'Budget Filing Data'!$G$10:$G$1000000,'2 Rates Rev- IOU Only'!$C40) -> 0 | E40: =SUMIFS('Budget Filing Data'!BB$10:BB$1000000,'Budget Filing Data'!$B$10:$B$1000000,'2 Rates Rev- IOU Only'!$B40,'Budget Filing Data'!$G$10:$G$1000000,'2 Rates Rev- IOU Only'!$C40) -> 0 | F40: =SUMIFS('Budget Filing Data'!BC$10:BC$1000000,'Budget Filing Data'!$B$10:$B$1000000,'2 Rates Rev- IOU Only'!$B40,'Budget Filing Data'!$G$10:$G$1000000,'2 Rates Rev- IOU Only'!$C40) -> 0 | G40: =SUMIFS('Budget Filing Data'!BD$10:BD$1000000,'Budget Filing Data'!$B$10:$B$1000000,'2 Rates Rev- IOU Only'!$B40,'Budget Filing Data'!$G$10:$G$1000000,'2 Rates Rev- IOU Only'!$C40) -> 0 | H40: =D40-F40 -> 0 | I40: =E40-G40 -> 0 | L40: =H40/$J$37 -> #DIV/0! | M40: =I40/$K$37 -> #DIV/0!
B41: 2031 | C41: Public | D41: =SUMIFS('Budget Filing Data'!BA$10:BA$1000000,'Budget Filing Data'!$B$10:$B$1000000,'2 Rates Rev- IOU Only'!$B41,'Budget Filing Data'!$G$10:$G$1000000,'2 Rates Rev- IOU Only'!$C41) -> 0 | E41: =SUMIFS('Budget Filing Data'!BB$10:BB$1000000,'Budget Filing Data'!$B$10:$B$1000000,'2 Rates Rev- IOU Only'!$B41,'Budget Filing Data'!$G$10:$G$1000000,'2 Rates Rev- IOU Only'!$C41) -> 0 | F41: =SUMIFS('Budget Filing Data'!BC$10:BC$1000000,'Budget Filing Data'!$B$10:$B$1000000,'2 Rates Rev- IOU Only'!$B41,'Budget Filing Data'!$G$10:$G$1000000,'2 Rates Rev- IOU Only'!$C41) -> 0 | G41: =SUMIFS('Budget Filing Data'!BD$10:BD$1000000,'Budget Filing Data'!$B$10:$B$1000000,'2 Rates Rev- IOU Only'!$B41,'Budget Filing Data'!$G$10:$G$1000000,'2 Rates Rev- IOU Only'!$C41) -> 0 | H41: =D41-F41 -> 0 | I41: =E41-G41 -> 0 | L41: =H41/$J$37 -> #DIV/0! | M41: =I41/$K$37 -> #DIV/0!
B42: Reference: 2024 | C42: Cross-Cutting | H42: =D42-F42 -> 0 | I42: =E42-G42 -> 0 | L42: =H42/J42 -> #DIV/0! | M42: =I42/K42 -> #DIV/0!
B43: 2028 | C43: Cross-Cutting | D43: =SUMIFS('Budget Filing Data'!BA$10:BA$1000000,'Budget Filing Data'!$B$10:$B$1000000,'2 Rates Rev- IOU Only'!$B43,'Budget Filing Data'!$G$10:$G$1000000,'2 Rates Rev- IOU Only'!$C43) -> 0 | E43: =SUMIFS('Budget Filing Data'!BB$10:BB$1000000,'Budget Filing Data'!$B$10:$B$1000000,'2 Rates Rev- IOU Only'!$B43,'Budget Filing Data'!$G$10:$G$1000000,'2 Rates Rev- IOU Only'!$C43) -> 0 | F43: =SUMIFS('Budget Filing Data'!BC$10:BC$1000000,'Budget Filing Data'!$B$10:$B$1000000,'2 Rates Rev- IOU Only'!$B43,'Budget Filing Data'!$G$10:$G$1000000,'2 Rates Rev- IOU Only'!$C43) -> 0 | G43: =SUMIFS('Budget Filing Data'!BD$10:BD$1000000,'Budget Filing Data'!$B$10:$B$1000000,'2 Rates Rev- IOU Only'!$B43,'Budget Filing Data'!$G$10:$G$1000000,'2 Rates Rev- IOU Only'!$C43) -> 0 | H43: =D43-F43 -> 0 | I43: =E43-G43 -> 0 | L43: =H43/J42 -> #DIV/0! | M43: =I43/K42 -> #DIV/0!
B44: 2029 | C44: Cross-Cutting | D44: =SUMIFS('Budget Filing Data'!BA$10:BA$1000000,'Budget Filing Data'!$B$10:$B$1000000,'2 Rates Rev- IOU Only'!$B44,'Budget Filing Data'!$G$10:$G$1000000,'2 Rates Rev- IOU Only'!$C44) -> 0 | E44: =SUMIFS('Budget Filing Data'!BB$10:BB$1000000,'Budget Filing Data'!$B$10:$B$1000000,'2 Rates Rev- IOU Only'!$B44,'Budget Filing Data'!$G$10:$G$1000000,'2 Rates Rev- IOU Only'!$C44) -> 0 | F44: =SUMIFS('Budget Filing Data'!BC$10:BC$1000000,'Budget Filing Data'!$B$10:$B$1000000,'2 Rates Rev- IOU Only'!$B44,'Budget Filing Data'!$G$10:$G$1000000,'2 Rates Rev- IOU Only'!$C44) -> 0 | G44: =SUMIFS('Budget Filing Data'!BD$10:BD$1000000,'Budget Filing Data'!$B$10:$B$1000000,'2 Rates Rev- IOU Only'!$B44,'Budget Filing Data'!$G$10:$G$1000000,'2 Rates Rev- IOU Only'!$C44) -> 0 | H44: =D44-F44 -> 0 | I44: =E44-G44 -> 0 | L44: =H44/J42 -> #DIV/0! | M44: =I44/K42 -> #DIV/0!
B45: 2030 | C45: Cross-Cutting | D45: =SUMIFS('Budget Filing Data'!BA$10:BA$1000000,'Budget Filing Data'!$B$10:$B$1000000,'2 Rates Rev- IOU Only'!$B45,'Budget Filing Data'!$G$10:$G$1000000,'2 Rates Rev- IOU Only'!$C45) -> 0 | E45: =SUMIFS('Budget Filing Data'!BB$10:BB$1000000,'Budget Filing Data'!$B$10:$B$1000000,'2 Rates Rev- IOU Only'!$B45,'Budget Filing Data'!$G$10:$G$1000000,'2 Rates Rev- IOU Only'!$C45) -> 0 | F45: =SUMIFS('Budget Filing Data'!BC$10:BC$1000000,'Budget Filing Data'!$B$10:$B$1000000,'2 Rates Rev- IOU Only'!$B45,'Budget Filing Data'!$G$10:$G$1000000,'2 Rates Rev- IOU Only'!$C45) -> 0 | G45: =SUMIFS('Budget Filing Data'!BD$10:BD$1000000,'Budget Filing Data'!$B$10:$B$1000000,'2 Rates Rev- IOU Only'!$B45,'Budget Filing Data'!$G$10:$G$1000000,'2 Rates Rev- IOU Only'!$C45) -> 0 | H45: =D45-F45 -> 0 | I45: =E45-G45 -> 0 | L45: =H45/J42 -> #DIV/0! | M45: =I45/K42 -> #DIV/0!
B46: 2031 | C46: Cross-Cutting | D46: =SUMIFS('Budget Filing Data'!BA$10:BA$1000000,'Budget Filing Data'!$B$10:$B$1000000,'2 Rates Rev- IOU Only'!$B46,'Budget Filing Data'!$G$10:$G$1000000,'2 Rates Rev- IOU Only'!$C46) -> 0 | E46: =SUMIFS('Budget Filing Data'!BB$10:BB$1000000,'Budget Filing Data'!$B$10:$B$1000000,'2 Rates Rev- IOU Only'!$B46,'Budget Filing Data'!$G$10:$G$1000000,'2 Rates Rev- IOU Only'!$C46) -> 0 | F46: =SUMIFS('Budget Filing Data'!BC$10:BC$1000000,'Budget Filing Data'!$B$10:$B$1000000,'2 Rates Rev- IOU Only'!$B46,'Budget Filing Data'!$G$10:$G$1000000,'2 Rates Rev- IOU Only'!$C46) -> 0 | G46: =SUMIFS('Budget Filing Data'!BD$10:BD$1000000,'Budget Filing Data'!$B$10:$B$1000000,'2 Rates Rev- IOU Only'!$B46,'Budget Filing Data'!$G$10:$G$1000000,'2 Rates Rev- IOU Only'!$C46) -> 0 | H46: =D46-F46 -> 0 | I46: =E46-G46 -> 0 | L46: =H46/J42 -> #DIV/0! | M46: =I46/K42 -> #DIV/0!
B47: Reference: 2024 | C47: Portfolio Support | H47: =D47-F47 -> 0 | I47: =E47-G47 -> 0 | L47: =H47/J47 -> #DIV/0! | M47: =I47/K47 -> #DIV/0!
B48: 2028 | C48: Portfolio Support | D48: =SUMIFS('Budget Filing Data'!BA$10:BA$1000000,'Budget Filing Data'!$B$10:$B$1000000,'2 Rates Rev- IOU Only'!$B48,'Budget Filing Data'!$G$10:$G$1000000,'2 Rates Rev- IOU Only'!$C48) -> 0 | E48: =SUMIFS('Budget Filing Data'!BB$10:BB$1000000,'Budget Filing Data'!$B$10:$B$1000000,'2 Rates Rev- IOU Only'!$B48,'Budget Filing Data'!$G$10:$G$1000000,'2 Rates Rev- IOU Only'!$C48) -> 0 | F48: =SUMIFS('Budget Filing Data'!BC$10:BC$1000000,'Budget Filing Data'!$B$10:$B$1000000,'2 Rates Rev- IOU Only'!$B48,'Budget Filing Data'!$G$10:$G$1000000,'2 Rates Rev- IOU Only'!$C48) -> 0 | G48: =SUMIFS('Budget Filing Data'!BD$10:BD$1000000,'Budget Filing Data'!$B$10:$B$1000000,'2 Rates Rev- IOU Only'!$B48,'Budget Filing Data'!$G$10:$G$1000000,'2 Rates Rev- IOU Only'!$C48) -> 0 | H48: =D48-F48 -> 0 | I48: =E48-G48 -> 0 | L48: =H48/J47 -> #DIV/0! | M48: =I48/K47 -> #DIV/0!
B49: 2029 | C49: Portfolio Support | D49: =SUMIFS('Budget Filing Data'!BA$10:BA$1000000,'Budget Filing Data'!$B$10:$B$1000000,'2 Rates Rev- IOU Only'!$B49,'Budget Filing Data'!$G$10:$G$1000000,'2 Rates Rev- IOU Only'!$C49) -> 0 | E49: =SUMIFS('Budget Filing Data'!BB$10:BB$1000000,'Budget Filing Data'!$B$10:$B$1000000,'2 Rates Rev- IOU Only'!$B49,'Budget Filing Data'!$G$10:$G$1000000,'2 Rates Rev- IOU Only'!$C49) -> 0 | F49: =SUMIFS('Budget Filing Data'!BC$10:BC$1000000,'Budget Filing Data'!$B$10:$B$1000000,'2 Rates Rev- IOU Only'!$B49,'Budget Filing Data'!$G$10:$G$1000000,'2 Rates Rev- IOU Only'!$C49) -> 0 | G49: =SUMIFS('Budget Filing Data'!BD$10:BD$1000000,'Budget Filing Data'!$B$10:$B$1000000,'2 Rates Rev- IOU Only'!$B49,'Budget Filing Data'!$G$10:$G$1000000,'2 Rates Rev- IOU Only'!$C49) -> 0 | H49: =D49-F49 -> 0 | I49: =E49-G49 -> 0 | L49: =H49/J47 -> #DIV/0! | M49: =I49/K47 -> #DIV/0!
B50: 2030 | C50: Portfolio Support | D50: =SUMIFS('Budget Filing Data'!BA$10:BA$1000000,'Budget Filing Data'!$B$10:$B$1000000,'2 Rates Rev- IOU Only'!$B50,'Budget Filing Data'!$G$10:$G$1000000,'2 Rates Rev- IOU Only'!$C50) -> 0 | E50: =SUMIFS('Budget Filing Data'!BB$10:BB$1000000,'Budget Filing Data'!$B$10:$B$1000000,'2 Rates Rev- IOU Only'!$B50,'Budget Filing Data'!$G$10:$G$1000000,'2 Rates Rev- IOU Only'!$C50) -> 0 | F50: =SUMIFS('Budget Filing Data'!BC$10:BC$1000000,'Budget Filing Data'!$B$10:$B$1000000,'2 Rates Rev- IOU Only'!$B50,'Budget Filing Data'!$G$10:$G$1000000,'2 Rates Rev- IOU Only'!$C50) -> 0 | G50: =SUMIFS('Budget Filing Data'!BD$10:BD$1000000,'Budget Filing Data'!$B$10:$B$1000000,'2 Rates Rev- IOU Only'!$B50,'Budget Filing Data'!$G$10:$G$1000000,'2 Rates Rev- IOU Only'!$C50) -> 0 | H50: =D50-F50 -> 0 | I50: =E50-G50 -> 0 | L50: =H50/J47 -> #DIV/0! | M50: =I50/K47 -> #DIV/0!
B51: 2031 | C51: Portfolio Support | D51: =SUMIFS('Budget Filing Data'!BA$10:BA$1000000,'Budget Filing Data'!$B$10:$B$1000000,'2 Rates Rev- IOU Only'!$B51,'Budget Filing Data'!$G$10:$G$1000000,'2 Rates Rev- IOU Only'!$C51) -> 0 | E51: =SUMIFS('Budget Filing Data'!BB$10:BB$1000000,'Budget Filing Data'!$B$10:$B$1000000,'2 Rates Rev- IOU Only'!$B51,'Budget Filing Data'!$G$10:$G$1000000,'2 Rates Rev- IOU Only'!$C51) -> 0 | F51: =SUMIFS('Budget Filing Data'!BC$10:BC$1000000,'Budget Filing Data'!$B$10:$B$1000000,'2 Rates Rev- IOU Only'!$B51,'Budget Filing Data'!$G$10:$G$1000000,'2 Rates Rev- IOU Only'!$C51) -> 0 | G51: =SUMIFS('Budget Filing Data'!BD$10:BD$1000000,'Budget Filing Data'!$B$10:$B$1000000,'2 Rates Rev- IOU Only'!$B51,'Budget Filing Data'!$G$10:$G$1000000,'2 Rates Rev- IOU Only'!$C51) -> 0 | H51: =D51-F51 -> 0 | I51: =E51-G51 -> 0 | L51: =H51/J47 -> #DIV/0! | M51: =I51/K47 -> #DIV/0!

Sheet 3.1 Funding Category
B2: Description | C2: Provides a comprehensive overview of budget requests, funding sources, cost recovery mechanisms, and unspent funds for energy efficiency and demand response programs, categorized by funding type, source, and portfolio administrator.
B3: Instructions | C3: Populate only the blue highlighted cells. The blue cells are for the forecasted electric and gas portfolio allocation percentage; PA fuel substitution spending budget request; ED portfolio oversight; EM&V PA; and EM&V - ED amounts by year.
B5: PA Name: | C5: ='Read Me'!B10 -> WestLight Energy
B6: Budget Year: | C6: ='Read Me'!B11 -> 2028-2035
B9: Year | C9: Budget & Cost Recovery Category | D9: Total | E9: Electric | F9: % Electric | G9: Gas | H9: % Gas
B10: 2028 | C10: PA Spending Budget Request (excluding fuel substitution budget) | D10: =SUMIF('4.1 Program Budget 2028-2031'!$M$16:$M$80,'3.1 Funding Category'!B10,'4.1 Program Budget 2028-2031'!$N$16:$N$80)-D18 -> 6515303 | E10: =F10*D10 -> 4834354.8 | F10: 0.742 | G10: =H10*D10 -> 1680948.2 | H10: 0.258
B11: 2029 | C11: PA Spending Budget Request (excluding fuel substitution budget) | D11: =SUMIF('4.1 Program Budget 2028-2031'!$M$16:$M$80,'3.1 Funding Category'!B11,'4.1 Program Budget 2028-2031'!$N$16:$N$80)-D19 -> 8733897.8 | E11: =F11*D11 -> 6760036.9 | F11: 0.774 | G11: =H11*D11 -> 1973860.9 | H11: 0.226
B12: 2030 | C12: PA Spending Budget Request (excluding fuel substitution budget) | D12: =SUMIF('4.1 Program Budget 2028-2031'!$M$16:$M$80,'3.1 Funding Category'!B12,'4.1 Program Budget 2028-2031'!$N$16:$N$80)-D20 -> 9377417.3 | E12: =F12*D12 -> 7361272.5 | F12: 0.785 | G12: =H12*D12 -> 2016144.7 | H12: 0.215
B13: 2031 | C13: PA Spending Budget Request (excluding fuel substitution budget) | D13: =SUMIF('4.1 Program Budget 2028-2031'!$M$16:$M$80,'3.1 Funding Category'!B13,'4.1 Program Budget 2028-2031'!$N$16:$N$80)-D21 -> 10341230 | E13: =F13*D13 -> 8076500.8 | F13: 0.781 | G13: =H13*D13 -> 2264729.4 | H13: 0.219
B14: 2032 | C14: PA Spending Budget Request (excluding fuel substitution budget) | D14: =SUMIF('4.2 Sector Seg Budget 2032-2035'!$E$13:$E$110,'3.1 Funding Category'!B14,'4.2 Sector Seg Budget 2032-2035'!$F$13:$F$100)-D22 -> 10648517 | E14: =F14*D14 -> 8305843.4 | F14: 0.78 | G14: =H14*D14 -> 2342673.8 | H14: 0.22
B15: 2033 | C15: PA Spending Budget Request (excluding fuel substitution budget) | D15: =SUMIF('4.2 Sector Seg Budget 2032-2035'!$E$13:$E$110,'3.1 Funding Category'!B15,'4.2 Sector Seg Budget 2032-2035'!$F$13:$F$100)-D23 -> 10966427 | E15: =F15*D15 -> 8542846.8 | F15: 0.779 | G15: =H15*D15 -> 2423580.4 | H15: 0.221
B16: 2034 | C16: PA Spending Budget Request (excluding fuel substitution budget) | D16: =SUMIF('4.2 Sector Seg Budget 2032-2035'!$E$13:$E$110,'3.1 Funding Category'!B16,'4.2 Sector Seg Budget 2032-2035'!$F$13:$F$100)-D24 -> 11293825 | E16: =F16*D16 -> 8775301.8 | F16: 0.777 | G16: =H16*D16 -> 2518522.9 | H16: 0.223
B17: 2035 | C17: PA Spending Budget Request (excluding fuel substitution budget) | D17: =SUMIF('4.2 Sector Seg Budget 2032-2035'!$E$13:$E$110,'3.1 Funding Category'!B17,'4.2 Sector Seg Budget 2032-2035'!$F$13:$F$100)-D25 -> 11631999 | E17: =F17*D17 -> 9026431.2 | F17: 0.776 | G17: =H17*D17 -> 2605567.8 | H17: 0.224
B18: 2028 | C18: PA Fuel Substitution Spending Budget Request | D18: 78447 | E18: =F18*D18 -> 58207.674 | F18: 0.742 | G18: =H18*D18 -> 20239.326 | H18: 0.258
B19: 2029 | C19: PA Fuel Substitution Spending Budget Request | D19: 291311 | E19: =F19*D19 -> 225474.71 | F19: 0.774 | G19: =H19*D19 -> 65836.286 | H19: 0.226
B20: 2030 | C20: PA Fuel Substitution Spending Budget Request | D20: 439980 | E20: =F20*D20 -> 345384.3 | F20: 0.785 | G20: =H20*D20 -> 94595.7 | H20: 0.215
B21: 2031 | C21: PA Fuel Substitution Spending Budget Request | D21: 524499 | E21: =F21*D21 -> 409633.72 | F21: 0.781 | G21: =H21*D21 -> 114865.28 | H21: 0.219
B22: 2032 | C22: PA Fuel Substitution Spending Budget Request | D22: 543184 | E22: =F22*D22 -> 423683.52 | F22: 0.78 | G22: =H22*D22 -> 119500.48 | H22: 0.22
B23: 2033 | C23: PA Fuel Substitution Spending Budget Request | D23: 561025 | E23: =F23*D23 -> 437038.48 | F23: 0.779 | G23: =H23*D23 -> 123986.52 | H23: 0.221
B24: 2034 | C24: PA Fuel Substitution Spending Budget Request | D24: 579451 | E24: =F24*D24 -> 450233.43 | F24: 0.777 | G24: =H24*D24 -> 129217.57 | H24: 0.223
B25: 2035 | C25: PA Fuel Substitution Spending Budget Request | D25: 597475 | E25: =F25*D25 -> 463640.6 | F25: 0.776 | G25: =H25*D25 -> 133834.4 | H25: 0.224
B26: 2028 | C26: ED Portfolio Oversight Spending Budget Request | E26: =F26*D26 -> 0 | F26: 0.742 | G26: =H26*D26 -> 0 | H26: 0.258
B27: 2029 | C27: ED Portfolio Oversight Spending Budget Request | E27: =F27*D27 -> 0 | F27: 0.774 | G27: =H27*D27 -> 0 | H27: 0.226
B28: 2030 | C28: ED Portfolio Oversight Spending Budget Request | E28: =F28*D28 -> 0 | F28: 0.785 | G28: =H28*D28 -> 0 | H28: 0.215
B29: 2031 | C29: ED Portfolio Oversight Spending Budget Request | E29: =F29*D29 -> 0 | F29: 0.781 | G29: =H29*D29 -> 0 | H29: 0.219
B30: 2032 | C30: ED Portfolio Oversight Spending Budget Request | E30: =F30*D30 -> 0 | F30: 0.78 | G30: =H30*D30 -> 0 | H30: 0.22
B31: 2033 | C31: ED Portfolio Oversight Spending Budget Request | E31: =F31*D31 -> 0 | F31: 0.779 | G31: =H31*D31 -> 0 | H31: 0.221
B32: 2034 | C32: ED Portfolio Oversight Spending Budget Request | E32: =F32*D32 -> 0 | F32: 0.777 | G32: =H32*D32 -> 0 | H32: 0.223
B33: 2035 | C33: ED Portfolio Oversight Spending Budget Request | E33: =F33*D33 -> 0 | F33: 0.776 | G33: =H33*D33 -> 0 | H33: 0.224
B34: 2028 | C34: REN & CCA Spending Budget Request | D34: =SUMIFS('7 PA PY Budget'!$E$9:$E$60,'7 PA PY Budget'!$C$9:$C$60,'3.1 Funding Category'!B34,'7 PA PY Budget'!$D$9:$D$60,"Total REN")+SUMIFS('7 PA PY Budget'!$E$9:$E$60,'7 PA PY Budget'!$C$9:$C$60,'3.1 Funding Category'!B34,'7 PA PY Budget'!$D$9:$D$60,"Total CCA") -> 0 | E34: =F34*D34 -> 0 | F34: 0.742 | G34: =H34*D34 -> 0 | H34: 0.258
B35: 2029 | C35: REN & CCA Spending Budget Request | D35: =SUMIFS('7 PA PY Budget'!$E$9:$E$60,'7 PA PY Budget'!$C$9:$C$60,'3.1 Funding Category'!B35,'7 PA PY Budget'!$D$9:$D$60,"Total REN")+SUMIFS('7 PA PY Budget'!$E$9:$E$60,'7 PA PY Budget'!$C$9:$C$60,'3.1 Funding Category'!B35,'7 PA PY Budget'!$D$9:$D$60,"Total CCA") -> 0 | E35: =F35*D35 -> 0 | F35: 0.774 | G35: =H35*D35 -> 0 | H35: 0.226
B36: 2030 | C36: REN & CCA Spending Budget Request | D36: =SUMIFS('7 PA PY Budget'!$E$9:$E$60,'7 PA PY Budget'!$C$9:$C$60,'3.1 Funding Category'!B36,'7 PA PY Budget'!$D$9:$D$60,"Total REN")+SUMIFS('7 PA PY Budget'!$E$9:$E$60,'7 PA PY Budget'!$C$9:$C$60,'3.1 Funding Category'!B36,'7 PA PY Budget'!$D$9:$D$60,"Total CCA") -> 0 | E36: =F36*D36 -> 0 | F36: 0.785 | G36: =H36*D36 -> 0 | H36: 0.215
B37: 2031 | C37: REN & CCA Spending Budget Request | D37: =SUMIFS('7 PA PY Budget'!$E$9:$E$60,'7 PA PY Budget'!$C$9:$C$60,'3.1 Funding Category'!B37,'7 PA PY Budget'!$D$9:$D$60,"Total REN")+SUMIFS('7 PA PY Budget'!$E$9:$E$60,'7 PA PY Budget'!$C$9:$C$60,'3.1 Funding Category'!B37,'7 PA PY Budget'!$D$9:$D$60,"Total CCA") -> 0 | E37: =F37*D37 -> 0 | F37: 0.781 | G37: =H37*D37 -> 0 | H37: 0.219
B38: 2032 | C38: REN & CCA Spending Budget Request | E38: =F38*D38 -> 0 | F38: 0.78 | G38: =H38*D38 -> 0 | H38: 0.22
B39: 2033 | C39: REN & CCA Spending Budget Request | E39: =F39*D39 -> 0 | F39: 0.779 | G39: =H39*D39 -> 0 | H39: 0.221
B40: 2034 | C40: REN & CCA Spending Budget Request | E40: =F40*D40 -> 0 | F40: 0.777 | G40: =H40*D40 -> 0 | H40: 0.223
B41: 2035 | C41: REN & CCA Spending Budget Request | E41: =F41*D41 -> 0 | F41: 0.776 | G41: =H41*D41 -> 0 | H41: 0.224
B42: 2028 | C42: PA (IOU+CCAs+RENs+ED Portfolio Oversight) Spending Budget Request | D42: =D10+D18+D26+D34 -> 6593750 | E42: =F42*D42 -> 4892562.5 | F42: 0.742 | G42: =H42*D42 -> 1701187.5 | H42: 0.258
B43: 2029 | C43: PA (IOU+CCAs+RENs+ED Portfolio Oversight) Spending Budget Request | D43: =D11+D19+D27+D35 -> 9025208.8 | E43: =F43*D43 -> 6985511.6 | F43: 0.774 | G43: =H43*D43 -> 2039697.2 | H43: 0.226
B44: 2030 | C44: PA (IOU+CCAs+RENs+ED Portfolio Oversight) Spending Budget Request | D44: =D12+D20+D28+D36 -> 9817397.3 | E44: =F44*D44 -> 7706656.8 | F44: 0.785 | G44: =H44*D44 -> 2110740.4 | H44: 0.215
B45: 2031 | C45: PA (IOU+CCAs+RENs+ED Portfolio Oversight) Spending Budget Request | D45: =D13+D21+D29+D37 -> 10865729 | E45: =F45*D45 -> 8486134.6 | F45: 0.781 | G45: =H45*D45 -> 2379594.7 | H45: 0.219
B46: 2032 | C46: PA (IOU+CCAs+RENs+ED Portfolio Oversight) Spending Budget Request | D46: =D14+D22+D30+D38 -> 11191701 | E46: =F46*D46 -> 8729526.9 | F46: 0.78 | G46: =H46*D46 -> 2462174.3 | H46: 0.22
B47: 2033 | C47: PA (IOU+CCAs+RENs+ED Portfolio Oversight) Spending Budget Request | D47: =D15+D23+D31+D39 -> 11527452 | E47: =F47*D47 -> 8979885.2 | F47: 0.779 | G47: =H47*D47 -> 2547566.9 | H47: 0.221
B48: 2034 | C48: PA (IOU+CCAs+RENs+ED Portfolio Oversight) Spending Budget Request | D48: =D16+D24+D32+D40 -> 11873276 | E48: =F48*D48 -> 9225535.3 | F48: 0.777 | G48: =H48*D48 -> 2647740.5 | H48: 0.223
B49: 2035 | C49: PA (IOU+CCAs+RENs+ED Portfolio Oversight) Spending Budget Request | D49: =D17+D25+D33+D41 -> 12229474 | E49: =F49*D49 -> 9490071.8 | F49: 0.776 | G49: =H49*D49 -> 2739402.2 | H49: 0.224
B50: 2028 | C50: Total Unspent/Uncommitted Funds | D50: =SUMIFS('7 PA PY Budget'!$I$9:$I$60,'7 PA PY Budget'!$C$9:$C$60,'3.1 Funding Category'!B50,'7 PA PY Budget'!$D$9:$D$60,"Total (IOU+REN+CCA)") -> 0 | E50: =F50*D50 -> 0 | F50: 0.742 | G50: =H50*D50 -> 0 | H50: 0.258
B51: 2029 | C51: Total Unspent/Uncommitted Funds | D51: =SUMIFS('7 PA PY Budget'!$I$9:$I$60,'7 PA PY Budget'!$C$9:$C$60,'3.1 Funding Category'!B51,'7 PA PY Budget'!$D$9:$D$60,"Total (IOU+REN+CCA)") -> 0 | E51: =F51*D51 -> 0 | F51: 0.774 | G51: =H51*D51 -> 0 | H51: 0.226
B52: 2030 | C52: Total Unspent/Uncommitted Funds | D52: =SUMIFS('7 PA PY Budget'!$I$9:$I$60,'7 PA PY Budget'!$C$9:$C$60,'3.1 Funding Category'!B52,'7 PA PY Budget'!$D$9:$D$60,"Total (IOU+REN+CCA)") -> 0 | E52: =F52*D52 -> 0 | F52: 0.785 | G52: =H52*D52 -> 0 | H52: 0.215
B53: 2031 | C53: Total Unspent/Uncommitted Funds | D53: =SUMIFS('7 PA PY Budget'!$I$9:$I$60,'7 PA PY Budget'!$C$9:$C$60,'3.1 Funding Category'!B53,'7 PA PY Budget'!$D$9:$D$60,"Total (IOU+REN+CCA)") -> 0 | E53: =F53*D53 -> 0 | F53: 0.781 | G53: =H53*D53 -> 0 | H53: 0.219
B54: 2032 | C54: Total Unspent/Uncommitted Funds | D54: =SUMIFS('7 PA PY Budget'!$I$9:$I$60,'7 PA PY Budget'!$C$9:$C$60,'3.1 Funding Category'!B54,'7 PA PY Budget'!$D$9:$D$60,"Total (IOU+REN+CCA)") -> 0 | E54: =F54*D54 -> 0 | F54: 0.78 | G54: =H54*D54 -> 0 | H54: 0.22
B55: 2033 | C55: Total Unspent/Uncommitted Funds | D55: =SUMIFS('7 PA PY Budget'!$I$9:$I$60,'7 PA PY Budget'!$C$9:$C$60,'3.1 Funding Category'!B55,'7 PA PY Budget'!$D$9:$D$60,"Total (IOU+REN+CCA)") -> 0 | E55: =F55*D55 -> 0 | F55: 0.779 | G55: =H55*D55 -> 0 | H55: 0.221
B56: 2034 | C56: Total Unspent/Uncommitted Funds | D56: =SUMIFS('7 PA PY Budget'!$I$9:$I$60,'7 PA PY Budget'!$C$9:$C$60,'3.1 Funding Category'!B56,'7 PA PY Budget'!$D$9:$D$60,"Total (IOU+REN+CCA)") -> 0 | E56: =F56*D56 -> 0 | F56: 0.777 | G56: =H56*D56 -> 0 | H56: 0.223
B57: 2035 | C57: Total Unspent/Uncommitted Funds | D57: =SUMIFS('7 PA PY Budget'!$I$9:$I$60,'7 PA PY Budget'!$C$9:$C$60,'3.1 Funding Category'!B57,'7 PA PY Budget'!$D$9:$D$60,"Total (IOU+REN+CCA)") -> 0 | E57: =F57*D57 -> 0 | F57: 0.776 | G57: =H57*D57 -> 0 | H57: 0.224
B58: 2028 | C58: EM&V - PA | D58: 72531 | E58: =F58*D58 -> 53818.002 | F58: 0.742 | G58: =H58*D58 -> 18712.998 | H58: 0.258
B59: 2029 | C59: EM&V - PA | D59: 99277 | E59: =F59*D59 -> 76840.398 | F59: 0.774 | G59: =H59*D59 -> 22436.602 | H59: 0.226
B60: 2030 | C60: EM&V - PA | D60: 107991 | E60: =F60*D60 -> 84772.935 | F60: 0.785 | G60: =H60*D60 -> 23218.065 | H60: 0.215
B61: 2031 | C61: EM&V - PA | D61: 119523 | E61: =F61*D61 -> 93347.463 | F61: 0.781 | G61: =H61*D61 -> 26175.537 | H61: 0.219
B62: 2032 | C62: EM&V - PA | D62: 123109 | E62: =F62*D62 -> 96025.02 | F62: 0.78 | G62: =H62*D62 -> 27083.98 | H62: 0.22
B63: 2033 | C63: EM&V - PA | D63: 126802 | E63: =F63*D63 -> 98778.758 | F63: 0.779 | G63: =H63*D63 -> 28023.242 | H63: 0.221
B64: 2034 | C64: EM&V - PA | D64: 130606 | E64: =F64*D64 -> 101480.86 | F64: 0.777 | G64: =H64*D64 -> 29125.138 | H64: 0.223
B65: 2035 | C65: EM&V - PA | D65: 134524 | E65: =F65*D65 -> 104390.62 | F65: 0.776 | G65: =H65*D65 -> 30133.376 | H65: 0.224
B66: 2028 | C66: EM&V - ED | D66: 191219 | E66: =F66*D66 -> 141884.5 | F66: 0.742 | G66: =H66*D66 -> 49334.502 | H66: 0.258
B67: 2029 | C67: EM&V - ED | D67: 261731 | E67: =F67*D67 -> 202579.79 | F67: 0.774 | G67: =H67*D67 -> 59151.206 | H67: 0.226
B68: 2030 | C68: EM&V - ED | D68: 284705 | E68: =F68*D68 -> 223493.43 | F68: 0.785 | G68: =H68*D68 -> 61211.575 | H68: 0.215
B69: 2031 | C69: EM&V - ED | D69: 315106 | E69: =F69*D69 -> 246097.79 | F69: 0.781 | G69: =H69*D69 -> 69008.214 | H69: 0.219
... B73: 2035 | C73: EM&V - ED | D73: 354655 | E73: =F73*D73 -> 275212.28 | F73: 0.776 | G73: =H73*D73 -> 79442.72 | H73: 0.224
B74: 2028 | C74: PA (IOU+CCAs+RENs+ED Portfolio Oversight) Revenue Requirement Request (Cost Recovery) | D74: =D42-D50 -> 6593750 | E74: =F74*D74 -> 4892562.5 | F74: 0.742 | G74: =H74*D74 -> 1701187.5 | H74: 0.258
B75: 2029 | C75: PA (IOU+CCAs+RENs+ED Portfolio Oversight) Revenue Requirement Request (Cost Recovery) | D75: =D43-D51 -> 9025208.8 | E75: =F75*D75 -> 6985511.6 | F75: 0.774 | G75: =H75*D75 -> 2039697.2 | H75: 0.226
B76: 2030 | C76: PA (IOU+CCAs+RENs+ED Portfolio Oversight) Revenue Requirement Request (Cost Recovery) | D76: =D44-D52 -> 9817397.3 | E76: =F76*D76 -> 7706656.8 | F76: 0.785 | G76: =H76*D76 -> 2110740.4 | H76: 0.215
B77: 2031 | C77: PA (IOU+CCAs+RENs+ED Portfolio Oversight) Revenue Requirement Request (Cost Recovery) | D77: =D45-D53 -> 10865729 | E77: =F77*D77 -> 8486134.6 | F77: 0.781 | G77: =H77*D77 -> 2379594.7 | H77: 0.219
B78: 2032 | C78: PA (IOU+CCAs+RENs+ED Portfolio Oversight) Revenue Requirement Request (Cost Recovery) | D78: =D46-D54 -> 11191701 | E78: =F78*D78 -> 8729526.9 | F78: 0.78 | G78: =H78*D78 -> 2462174.3 | H78: 0.22
B79: 2033 | C79: PA (IOU+CCAs+RENs+ED Portfolio Oversight) Revenue Requirement Request (Cost Recovery) | D79: =D47-D55 -> 11527452 | E79: =F79*D79 -> 8979885.2 | F79: 0.779 | G79: =H79*D79 -> 2547566.9 | H79: 0.221
B80: 2034 | C80: PA (IOU+CCAs+RENs+ED Portfolio Oversight) Revenue Requirement Request (Cost Recovery) | D80: =D48-D56 -> 11873276 | E80: =F80*D80 -> 9225535.3 | F80: 0.777 | G80: =H80*D80 -> 2647740.5 | H80: 0.223
B81: 2035 | C81: PA (IOU+CCAs+RENs+ED Portfolio Oversight) Revenue Requirement Request (Cost Recovery) | D81: =D49-D57 -> 12229474 | E81: =F81*D81 -> 9490071.8 | F81: 0.776 | G81: =H81*D81 -> 2739402.2 | H81: 0.224
B82: Total | C82: PA (IOU+CCAs+RENs+ED Portfolio Oversight) Revenue Requirement Request (Cost Recovery) | D82: =SUM(D74:D81) -> 83123988 | E82: =SUM(E74:E81) -> 64495885 | G82: =SUM(G74:G81) -> 18628104

Sheet 3.2 Funding CCA_REN only
B2: Description | C2: Table for documenting the source of all funds for the CCAs and RENs.
B3: Instructions | C3: CCAs and RENs to populate the funds received by IOU for their respective portfolio. For Electric, they are the Electric Energy Efficiency Funds and for Gas, they are the Natural Gas Public Purpose Funds.
B5: PA Name: | C5: ='Read Me'!B10 -> WestLight Energy
B6: Budget Year: | C6: ='Read Me'!B11 -> 2028-2035
B10: 8 Year Funding Sources - RENs/CCAs
B12: Year | C12: PG&E | E12: SDG&E | G12: SCE | H12: SCG
C13: Electric $ | D13: Gas $ | E13: Electric $ | F13: Gas $ | G13: Electric $ | H13: Gas $ | I13: Total Proposed Budget $
B14: 2028 | C14: ='3.1 Funding Category'!E74 -> 4892562.5 | D14: ='3.1 Funding Category'!G74 -> 1701187.5 | I14: =SUM(C14:H14) -> 6593750
B15: 2029 | C15: ='3.1 Funding Category'!E75 -> 6985511.6 | D15: ='3.1 Funding Category'!G75 -> 2039697.2 | I15: =SUM(C15:H15) -> 9025208.8
B16: 2030 | C16: ='3.1 Funding Category'!E76 -> 7706656.8 | D16: ='3.1 Funding Category'!G76 -> 2110740.4 | I16: =SUM(C16:H16) -> 9817397.3
B17: 2031 | C17: ='3.1 Funding Category'!E77 -> 8486134.6 | D17: ='3.1 Funding Category'!G77 -> 2379594.7 | I17: =SUM(C17:H17) -> 10865729
B18: 2032 | C18: ='3.1 Funding Category'!E78 -> 8729526.9 | D18: ='3.1 Funding Category'!G78 -> 2462174.3 | I18: =SUM(C18:H18) -> 11191701
B19: 2033 | C19: ='3.1 Funding Category'!E79 -> 8979885.2 | D19: ='3.1 Funding Category'!G79 -> 2547566.9 | I19: =SUM(C19:H19) -> 11527452
B20: 2034 | C20: ='3.1 Funding Category'!E80 -> 9225535.3 | D20: ='3.1 Funding Category'!G80 -> 2647740.5 | I20: =SUM(C20:H20) -> 11873276
B21: 2035 | C21: ='3.1 Funding Category'!E81 -> 9490071.8 | D21: ='3.1 Funding Category'!G81 -> 2739402.2 | I21: =SUM(C21:H21) -> 12229474
B22: Total | C22: =SUM(C14:C21) -> 64495885 | D22: =SUM(D14:D21) -> 18628104 | E22: =SUM(E14:E21) -> 0 | F22: =SUM(F14:F21) -> 0 | G22: =SUM(G14:G21) -> 0 | H22: =SUM(H14:H21) -> 0 | I22: =SUM(I14:I21) -> 83123988

Sheet 4.1 Program Budget 2028-2031
B2: Description | C2: Program-level budget requests and cost and savings components for your energy efficiency programs.
B3: Instructions | C3: Review and complete the table accordingly. Can use the Budget Filing Data to fill in the tab by using SumIfs based on the data pulled from the Program Card tab (columns marked accordingly).
B5: PA Name: | C5: ='Read Me'!B10 -> WestLight Energy
B6: Budget Year: | C6: ='Read Me'!B11 -> 2028-2035
B7: (report budgets to the $--do not round)
B8: Table 4 – Program Budget and Savings Details, 2028-2031
C11: Check to make sure that the formulas in the subtotal include the added rows.
C15: Program ID | D15: Program Name | E15: Changing Status or Budget Reason Select from look up table | F15: Justification for Program Change If programs are to be closed, specify reason (this can include underperformance of TSB and/or TRC) | G15: Program Implementer "_PA portion" of Statewide programs must be marked as "Core PA" rather than "Statewide" | H15: Statewide | I15: Target Exempt Select from look up table | J15: Primary Sector | K15: Program Category | L15: Program Segment | M15: Year Must complete for all four years | N15: PA Spending Budget Request Sum of (admin, M&O, DI Non-incentives, incentives) | O15: Administrative | P15: Marketing/ Outreach | Q15: Direct Implementation Non-Incentive | R15: EM&V Costs | S15: On Bill Financing Loan Pool Additions | T15: Cost Recovered from Other Sources | U15: Incentive/ Rebate | V15: Net TSB | W15: TRC | X15: PAC | Y15: RIM | Z15: SCT-Base (from CET) | AA15: SCT-High (from CET) | AB15: First Year Net KWH | AC15: First Year Net KW | AD15: First Year Net Therms | AE15: First Year Net Electric CO2e | AF15: First Year Net Gas CO2e | AG15: Lifecycle Net KWH | AH15: Lifecycle Net Therms | AI15: Lifecycle Net Electric CO2e | AJ15: Lifecycle Net Gas CO2e | AK15: Lifecycle Net Electric CO2e from low-GWP Measures | AL15: Lifecycle Net Gas CO2e from low-GWP Measures | AN15: Program Implementer Type mapping
C16: ='Budget Filing Data'!D10 -> PCE-03-RES-DI | D16: ='Budget Filing Data'!E10 -> Residential Direct Install | E16: Programs that are new in 2028 or beyond | G16: ='Budget Filing Data'!J10 -> REN/CCA | H16: ='Budget Filing Data'!H10 -> No | I16: Yes | J16: ='Budget Filing Data'!G10 -> Residential | K16: ='Budget Filing Data'!I10 -> 0 | L16: ='Budget Filing Data'!K10 -> equity | M16: ='Budget Filing Data'!B10 -> 2028 | N16: =SUM(O16:U16) -> 539999.84 | O16: ='Budget Filing Data'!AG10 -> 27000 | P16: ='Budget Filing Data'!AH10 -> 16200 | Q16: ='Budget Filing Data'!AI10 -> 405000 | R16: ='Budget Filing Data'!AJ10 -> 0 | S16: ='Budget Filing Data'!AK10 -> 0 | T16: ='Budget Filing Data'!AL10 -> 0 | U16: ='Budget Filing Data'!AM10 -> 91799.842 | V16: ='Budget Filing Data'!W10 -> 166060.21 | W16: =('Budget Filing Data'!AB10+'Budget Filing Data'!AC10+'Budget Filing Data'!AD10+'Budget Filing Data'!AR10)/'Budget Filing Data'!Z10 -> 0.34523382 | X16: =('Budget Filing Data'!AB10+'Budget Filing Data'!AC10+'Budget Filing Data'!AD10+'Budget Filing Data'!AR10)/'Budget Filing Data'!AA10 -> 0.34523382 | Y16: =('Budget Filing Data'!AV10+'Budget Filing Data'!AW10)/('Budget Filing Data'!AX10+'Budget Filing Data'!AY10) -> 0.37180758 | Z16: 0.50020389 | AA16: 0.50147902 | AB16: ='Budget Filing Data'!P10 -> -11144.374 | AC16: ='Budget Filing Data'!Q10 -> 8.6184216 | AD16: ='Budget Filing Data'!R10 -> 7711.2617 | AE16: ='Budget Filing Data'!AE10 -> -2.3338375 | AF16: ='Budget Filing Data'!AF10 -> 40.9468 | AG16: ='Budget Filing Data'!$S10 -> -285146.59 | AH16: ='Budget Filing Data'!$T10 -> 96944.897 | AI16: ='Budget Filing Data'!$U10 -> -59.260085 | AJ16: ='Budget Filing Data'!$V10 -> 514.7774 | AK16: 0 | AL16: 0 | AN16: =IF(I16="Yes",IF(OR(G16="IOU Core",G16= "REN/CCA"), "PA","Non-PA Third Party & Partnership"),"PA & Non-PA Target Exempt Programs ") -> PA
C17: ='Budget Filing Data'!D11 -> PCE-01-IDSM | D17: ='Budget Filing Data'!E11 -> IDSM Program | E17: Programs that are new in 2028 or beyond | G17: ='Budget Filing Data'!J11 -> REN/CCA | H17: ='Budget Filing Data'!H11 -> No | I17: No | J17: ='Budget Filing Data'!G11 -> Cross-Cutting | K17: ='Budget Filing Data'!I11 -> 0 | L17: ='Budget Filing Data'!K11 -> resource_acquisition | M17: ='Budget Filing Data'!B11 -> 2028 | N17: =SUM(O17:U17) -> 912000 | O17: ='Budget Filing Data'!AG11 -> 28800 | P17: ='Budget Filing Data'!AH11 -> 28800 | Q17: ='Budget Filing Data'!AI11 -> 134400 | R17: ='Budget Filing Data'!AJ11 -> 0 | S17: ='Budget Filing Data'!AK11 -> 0 | T17: ='Budget Filing Data'!AL11 -> 0 | U17: ='Budget Filing Data'!AM11 -> 720000 | V17: ='Budget Filing Data'!W11 -> 949712.4 | W17: =('Budget Filing Data'!AB11+'Budget Filing Data'!AC11+'Budget Filing Data'!AD11+'Budget Filing Data'!AR11)/'Budget Filing Data'!Z11 -> 1.0413513 | X17: =('Budget Filing Data'!AB11+'Budget Filing Data'!AC11+'Budget Filing Data'!AD11+'Budget Filing Data'!AR11)/'Budget Filing Data'!AA11 -> 1.0413513 | Y17: =('Budget Filing Data'!AV11+'Budget Filing Data'!AW11)/('Budget Filing Data'!AX11+'Budget Filing Data'!AY11) -> 1.0413513 | Z17: 1.0413513 | AA17: 1.0413513 | AB17: ='Budget Filing Data'!P11 -> 0 | AC17: ='Budget Filing Data'!Q11 -> 0 | AD17: ='Budget Filing Data'!R11 -> 0 | AE17: ='Budget Filing Data'!AE11 -> 0 | AF17: ='Budget Filing Data'!AF11 -> 0 | AG17: ='Budget Filing Data'!$S11 -> 0 | AH17: ='Budget Filing Data'!$T11 -> 0 | AI17: ='Budget Filing Data'!$U11 -> 0 | AJ17: ='Budget Filing Data'!$V11 -> 0 | AK17: 0 | AL17: 0 | AN17: =IF(I17="Yes",IF(OR(G17="IOU Core",G17= "REN/CCA"), "PA","Non-PA Third Party & Partnership"),"PA & Non-PA Target Exempt Programs ") -> PA & Non-PA Target Exempt Programs
C18: ='Budget Filing Data'!D12 -> PCE-02-COM-DI | D18: ='Budget Filing Data'!E12 -> Commercial Direct Install | E18: Programs that are new in 2028 or beyond | G18: ='Budget Filing Data'!J12 -> REN/CCA | H18: ='Budget Filing Data'!H12 -> No | I18: No | J18: ='Budget Filing Data'!G12 -> Commercial | K18: ='Budget Filing Data'!I12 -> 0 | L18: ='Budget Filing Data'!K12 -> resource_acquisition | M18: ='Budget Filing Data'!B12 -> 2028 | N18: =SUM(O18:U18) -> 615600.16 | O18: ='Budget Filing Data'!AG12 -> 32400 | P18: ='Budget Filing Data'!AH12 -> 19440 | Q18: ='Budget Filing Data'!AI12 -> 466560 | R18: ='Budget Filing Data'!AJ12 -> 0 | S18: ='Budget Filing Data'!AK12 -> 0 | T18: ='Budget Filing Data'!AL12 -> 0 | U18: ='Budget Filing Data'!AM12 -> 97200.157 | V18: ='Budget Filing Data'!W12 -> 371419.24 | W18: =('Budget Filing Data'!AB12+'Budget Filing Data'!AC12+'Budget Filing Data'!AD12+'Budget Filing Data'!AR12)/'Budget Filing Data'!Z12 -> 0.62727691 | X18: =('Budget Filing Data'!AB12+'Budget Filing Data'!AC12+'Budget Filing Data'!AD12+'Budget Filing Data'!AR12)/'Budget Filing Data'!AA12 -> 0.62727691 | Y18: =('Budget Filing Data'!AV12+'Budget Filing Data'!AW12)/('Budget Filing Data'!AX12+'Budget Filing Data'!AY12) -> 0.34219139 | Z18: 0.83535899 | AA18: 0.83713299 | AB18: ='Budget Filing Data'!P12 -> 160896.99 | AC18: ='Budget Filing Data'!Q12 -> 35.13211 | AD18: ='Budget Filing Data'!R12 -> 10278.772 | AE18: ='Budget Filing Data'!AE12 -> 43.703934 | AF18: ='Budget Filing Data'!AF12 -> 54.580279 | AG18: ='Budget Filing Data'!$S12 -> 2248574 | AH18: ='Budget Filing Data'!$T12 -> 118980.4 | AI18: ='Budget Filing Data'!$U12 -> 375.7228 | AJ18: ='Budget Filing Data'!$V12 -> 631.78594 | AK18: 0 | AL18: 0 | AN18: =IF(I18="Yes",IF(OR(G18="IOU Core",G18= "REN/CCA"), "PA","Non-PA Third Party & Partnership"),"PA & Non-PA Target Exempt Programs ") -> PA & Non-PA Target Exempt Programs
C19: ='Budget Filing Data'!D13 -> PCE-01-EMV | D19: ='Budget Filing Data'!E13 -> WestLight EM&V | E19: Programs that are new in 2028 or beyond | G19: ='Budget Filing Data'!J13 -> Non-Program | H19: ='Budget Filing Data'!H13 -> No | I19: Yes | J19: ='Budget Filing Data'!G13 -> Cross-Cutting | K19: ='Budget Filing Data'!I13 -> Evaluation Measurement and Verification | L19: ='Budget Filing Data'!K13 -> evaluation_measurement_verification | M19: ='Budget Filing Data'!B13 -> 2028 | N19: =SUM(O19:U19) -> 263750 | O19: ='Budget Filing Data'!AG13 -> 0 | P19: ='Budget Filing Data'!AH13 -> 0 | Q19: ='Budget Filing Data'!AI13 -> 0 | R19: ='Budget Filing Data'!AJ13 -> 263750 | S19: ='Budget Filing Data'!AK13 -> 0 | T19: ='Budget Filing Data'!AL13 -> 0 | U19: ='Budget Filing Data'!AM13 -> 0 | V19: ='Budget Filing Data'!W13 -> 0 | W19: =('Budget Filing Data'!AB13+'Budget Filing Data'!AC13+'Budget Filing Data'!AD13+'Budget Filing Data'!AR13)/'Budget Filing Data'!Z13 -> 0 | X19: =('Budget Filing Data'!AB13+'Budget Filing Data'!AC13+'Budget Filing Data'!AD13+'Budget Filing Data'!AR13)/'Budget Filing Data'!AA13 -> 0 | Y19: =('Budget Filing Data'!AV13+'Budget Filing Data'!AW13)/('Budget Filing Data'!AX13+'Budget Filing Data'!AY13) -> 0 | Z19: 0 | AA19: 0 | AB19: ='Budget Filing Data'!P13 -> 0 | AC19: ='Budget Filing Data'!Q13 -> 0 | AD19: ='Budget Filing Data'!R13 -> 0 | AE19: ='Budget Filing Data'!AE13 -> 0 | AF19: ='Budget Filing Data'!AF13 -> 0 | AG19: ='Budget Filing Data'!$S13 -> 0 | AH19: ='Budget Filing Data'!$T13 -> 0 | AI19: ='Budget Filing Data'!$U13 -> 0 | AJ19: ='Budget Filing Data'!$V13 -> 0 | AK19: 0 | AL19: 0 | AN19: =IF(I19="Yes",IF(OR(G19="IOU Core",G19= "REN/CCA"), "PA","Non-PA Third Party & Partnership"),"PA & Non-PA Target Exempt Programs ") -> Non-PA Third Party & Partnership
C20: ='Budget Filing Data'!D14 -> PCE-01-COM-FM | D20: ='Budget Filing Data'!E14 -> FLEXMarket | E20: Programs that are new in 2028 or beyond | G20: ='Budget Filing Data'!J14 -> REN/CCA | H20: ='Budget Filing Data'!H14 -> No | I20: No | J20: ='Budget Filing Data'!G14 -> Commercial | K20: ='Budget Filing Data'!I14 -> 0 | L20: ='Budget Filing Data'!K14 -> resource_acquisition | M20: ='Budget Filing Data'!B14 -> 2028 | N20: =SUM(O20:U20) -> 1368000 | O20: ='Budget Filing Data'!AG14 -> 72000 | P20: ='Budget Filing Data'!AH14 -> 0 | Q20: ='Budget Filing Data'!AI14 -> 1296000 | R20: ='Budget Filing Data'!AJ14 -> 0 | S20: ='Budget Filing Data'!AK14 -> 0 | T20: ='Budget Filing Data'!AL14 -> 0 | U20: ='Budget Filing Data'!AM14 -> 0 | V20: ='Budget Filing Data'!W14 -> 3209254.7 | W20: =('Budget Filing Data'!AB14+'Budget Filing Data'!AC14+'Budget Filing Data'!AD14+'Budget Filing Data'!AR14)/'Budget Filing Data'!Z14 -> 0.96418873 | X20: =('Budget Filing Data'!AB14+'Budget Filing Data'!AC14+'Budget Filing Data'!AD14+'Budget Filing Data'!AR14)/'Budget Filing Data'!AA14 -> 2.3311694 | Y20: =('Budget Filing Data'!AV14+'Budget Filing Data'!AW14)/('Budget Filing Data'!AX14+'Budget Filing Data'!AY14) -> 0.29163095 | Z20: 1.2486459 | AA20: 1.2510967 | AB20: ='Budget Filing Data'!P14 -> 1938719.6 | AC20: ='Budget Filing Data'!Q14 -> 258.22919 | AD20: ='Budget Filing Data'!R14 -> 71760.232 | AE20: ='Budget Filing Data'!AE14 -> 558.39254 | AF20: ='Budget Filing Data'!AF14 -> 381.04683 | AG20: ='Budget Filing Data'!$S14 -> 22860504 | AH20: ='Budget Filing Data'!$T14 -> 800386.39 | AI20: ='Budget Filing Data'!$U14 -> 4182.8759 | AJ20: ='Budget Filing Data'!$V14 -> 4250.0518 | AK20: 0 | AL20: 0 | AN20: =IF(I20="Yes",IF(OR(G20="IOU Core",G20= "REN/CCA"), "PA","Non-PA Third Party & Partnership"),"PA & Non-PA Target Exempt Programs ") -> PA & Non-PA Target Exempt Programs
C21: ='Budget Filing Data'!D15 -> PCE-03-COM-SEM | D21: ='Budget Filing Data'!E15 -> Non Residential Strategic Energy Management | E21: Programs that are new in 2028 or beyond | G21: ='Budget Filing Data'!J15 -> REN/CCA | H21: ='Budget Filing Data'!H15 -> No | I21: No | J21: ='Budget Filing Data'!G15 -> Commercial | K21: ='Budget Filing Data'!I15 -> 0 | L21: ='Budget Filing Data'!K15 -> resource_acquisition | M21: ='Budget Filing Data'!B15 -> 2028 | N21: =SUM(O21:U21) -> 988000 | O21: ='Budget Filing Data'!AG15 -> 52000 | P21: ='Budget Filing Data'!AH15 -> 31200 | Q21: ='Budget Filing Data'!AI15 -> 904800 | R21: ='Budget Filing Data'!AJ15 -> 0 | S21: ='Budget Filing Data'!AK15 -> 0 | T21: ='Budget Filing Data'!AL15 -> 0 | U21: ='Budget Filing Data'!AM15 -> 0 | V21: ='Budget Filing Data'!W15 -> 0 | W21: =('Budget Filing Data'!AB15+'Budget Filing Data'!AC15+'Budget Filing Data'!AD15+'Budget Filing Data'!AR15)/'Budget Filing Data'!Z15 -> 0 | X21: =('Budget Filing Data'!AB15+'Budget Filing Data'!AC15+'Budget Filing Data'!AD15+'Budget Filing Data'!AR15)/'Budget Filing Data'!AA15 -> 0 | Y21: =('Budget Filing Data'!AV15+'Budget Filing Data'!AW15)/('Budget Filing Data'!AX15+'Budget Filing Data'!AY15) -> 0 | Z21: 0 | AA21: 0 | AB21: ='Budget Filing Data'!P15 -> 0 | AC21: ='Budget Filing Data'!Q15 -> 0 | AD21: ='Budget Filing Data'!R15 -> 0 | AE21: ='Budget Filing Data'!AE15 -> 0 | AF21: ='Budget Filing Data'!AF15 -> 0 | AG21: ='Budget Filing Data'!$S15 -> 0 | AH21: ='Budget Filing Data'!$T15 -> 0 | AI21: ='Budget Filing Data'!$U15 -> 0 | AJ21: ='Budget Filing Data'!$V15 -> 0 | AK21: 0 | AL21: 0 | AN21: =IF(I21="Yes",IF(OR(G21="IOU Core",G21= "REN/CCA"), "PA","Non-PA Third Party & Partnership"),"PA & Non-PA Target Exempt Programs ") -> PA & Non-PA Target Exempt Programs
C22: ='Budget Filing Data'!D16 -> PCE-01-RES-MFSEM | D22: ='Budget Filing Data'!E16 -> Multifamily Strategic Energy Management | E22: Programs that are new in 2028 or beyond | G22: ='Budget Filing Data'!J16 -> REN/CCA | H22: ='Budget Filing Data'!H16 -> No | I22: No | J22: ='Budget Filing Data'!G16 -> Residential | K22: ='Budget Filing Data'!I16 -> 0 | L22: ='Budget Filing Data'!K16 -> resource_acquisition | M22: ='Budget Filing Data'!B16 -> 2028 | N22: =SUM(O22:U22) -> 345800 | O22: ='Budget Filing Data'!AG16 -> 18200 | P22: ='Budget Filing Data'!AH16 -> 10920 | Q22: ='Budget Filing Data'!AI16 -> 316680 | R22: ='Budget Filing Data'!AJ16 -> 0 | S22: ='Budget Filing Data'!AK16 -> 0 | T22: ='Budget Filing Data'!AL16 -> 0 | U22: ='Budget Filing Data'!AM16 -> 0 | V22: ='Budget Filing Data'!W16 -> 0 | W22: =('Budget Filing Data'!AB16+'Budget Filing Data'!AC16+'Budget Filing Data'!AD16+'Budget Filing Data'!AR16)/'Budget Filing Data'!Z16 -> 0 | X22: =('Budget Filing Data'!AB16+'Budget Filing Data'!AC16+'Budget Filing Data'!AD16+'Budget Filing Data'!AR16)/'Budget Filing Data'!AA16 -> 0 | Y22: =('Budget Filing Data'!AV16+'Budget Filing Data'!AW16)/('Budget Filing Data'!AX16+'Budget Filing Data'!AY16) -> 0 | Z22: 0 | AA22: 0 | AB22: ='Budget Filing Data'!P16 -> 0 | AC22: ='Budget Filing Data'!Q16 -> 0 | AD22: ='Budget Filing Data'!R16 -> 0 | AE22: ='Budget Filing Data'!AE16 -> 0 | AF22: ='Budget Filing Data'!AF16 -> 0 | AG22: ='Budget Filing Data'!$S16 -> 0 | AH22: ='Budget Filing Data'!$T16 -> 0 | AI22: ='Budget Filing Data'!$U16 -> 0 | AJ22: ='Budget Filing Data'!$V16 -> 0 | AK22: 0 | AL22: 0 | AN22: =IF(I22="Yes",IF(OR(G22="IOU Core",G22= "REN/CCA"), "PA","Non-PA Third Party & Partnership"),"PA & Non-PA Target Exempt Programs ") -> PA & Non-PA Target Exempt Programs
C23: ='Budget Filing Data'!D17 -> PCE-02-RES-MP | D23: ='Budget Filing Data'!E17 -> Renters Marketplace | E23: Programs that are new in 2028 or beyond | G23: ='Budget Filing Data'!J17 -> REN/CCA | H23: ='Budget Filing Data'!H17 -> No | I23: Yes | J23: ='Budget Filing Data'!G17 -> Residential | K23: ='Budget Filing Data'!I17 -> 0 | L23: ='Budget Filing Data'!K17 -> equity | M23: ='Budget Filing Data'!B17 -> 2028 | N23: =SUM(O23:U23) -> 889200 | O23: ='Budget Filing Data'!AG17 -> 46800 | P23: ='Budget Filing Data'!AH17 -> 56160 | Q23: ='Budget Filing Data'!AI17 -> 655200 | R23: ='Budget Filing Data'!AJ17 -> 0 | S23: ='Budget Filing Data'!AK17 -> 0 | T23: ='Budget Filing Data'!AL17 -> 0 | U23: ='Budget Filing Data'!AM17 -> 131040 | V23: ='Budget Filing Data'!W17 -> 735184.72 | W23: =('Budget Filing Data'!AB17+'Budget Filing Data'!AC17+'Budget Filing Data'!AD17+'Budget Filing Data'!AR17)/'Budget Filing Data'!Z17 -> 0.51447431 | X23: =('Budget Filing Data'!AB17+'Budget Filing Data'!AC17+'Budget Filing Data'!AD17+'Budget Filing Data'!AR17)/'Budget Filing Data'!AA17 -> 0.83078523 | Y23: =('Budget Filing Data'!AV17+'Budget Filing Data'!AW17)/('Budget Filing Data'!AX17+'Budget Filing Data'!AY17) -> 0.2946508 | Z23: 0.66427473 | AA23: 0.66526334 | AB23: ='Budget Filing Data'!P17 -> 496214.6 | AC23: ='Budget Filing Data'!Q17 -> 61.013392 | AD23: ='Budget Filing Data'!R17 -> 12741.952 | AE23: ='Budget Filing Data'!AE17 -> 181.48665 | AF23: ='Budget Filing Data'!AF17 -> 67.659764 | AG23: ='Budget Filing Data'!$S17 -> 3990838.9 | AH23: ='Budget Filing Data'!$T17 -> 172481.21 | AI23: ='Budget Filing Data'!$U17 -> 1121.0535 | AJ23: ='Budget Filing Data'!$V17 -> 915.87523 | AK23: 0 | AL23: 0 | AN23: =IF(I23="Yes",IF(OR(G23="IOU Core",G23= "REN/CCA"), "PA","Non-PA Third Party & Partnership"),"PA & Non-PA Target Exempt Programs ") -> PA
C24: ='Budget Filing Data'!D18 -> PCE_Equity_PortfolioSupport | D24: ='Budget Filing Data'!E18 -> Equity Portfolio Support | E24: Programs that are new in 2028 or beyond | G24: ='Budget Filing Data'!J18 -> REN/CCA | H24: ='Budget Filing Data'!H18 -> No | I24: Yes | J24: ='Budget Filing Data'!G18 -> Portfolio Support | K24: ='Budget Filing Data'!I18 -> 0 | L24: ='Budget Filing Data'!K18 -> equity | M24: ='Budget Filing Data'!B18 -> 2028 | N24: =SUM(O24:U24) -> 73800 | O24: ='Budget Filing Data'!AG18 -> 73800 | P24: ='Budget Filing Data'!AH18 -> 0 | Q24: ='Budget Filing Data'!AI18 -> 0 | R24: ='Budget Filing Data'!AJ18 -> 0 | S24: ='Budget Filing Data'!AK18 -> 0 | T24: ='Budget Filing Data'!AL18 -> 0 | U24: ='Budget Filing Data'!AM18 -> 0 | V24: ='Budget Filing Data'!W18 -> 0 | W24: =('Budget Filing Data'!AB18+'Budget Filing Data'!AC18+'Budget Filing Data'!AD18+'Budget Filing Data'!AR18)/'Budget Filing Data'!Z18 -> 0 | X24: =('Budget Filing Data'!AB18+'Budget Filing Data'!AC18+'Budget Filing Data'!AD18+'Budget Filing Data'!AR18)/'Budget Filing Data'!AA18 -> 0 | Y24: =('Budget Filing Data'!AV18+'Budget Filing Data'!AW18)/('Budget Filing Data'!AX18+'Budget Filing Data'!AY18) -> 0 | Z24: 0 | AA24: 0 | AB24: ='Budget Filing Data'!P18 -> 0 | AC24: ='Budget Filing Data'!Q18 -> 0 | AD24: ='Budget Filing Data'!R18 -> 0 | AE24: ='Budget Filing Data'!AE18 -> 0 | AF24: ='Budget Filing Data'!AF18 -> 0 | AG24: ='Budget Filing Data'!$S18 -> 0 | AH24: ='Budget Filing Data'!$T18 -> 0 | AI24: ='Budget Filing Data'!$U18 -> 0 | AJ24: ='Budget Filing Data'!$V18 -> 0 | AK24: 0 | AL24: 0 | AN24: =IF(I24="Yes",IF(OR(G24="IOU Core",G24= "REN/CCA"), "PA","Non-PA Third Party & Partnership"),"PA & Non-PA Target Exempt Programs ") -> PA
C25: ='Budget Filing Data'!D19 -> PCE_MS_Portfolio_Support | D25: ='Budget Filing Data'!E19 -> Market Support Portfolio Support | E25: Programs that are new in 2028 or beyond | G25: ='Budget Filing Data'!J19 -> REN/CCA | H25: ='Budget Filing Data'!H19 -> No | I25: Yes | J25: ='Budget Filing Data'!G19 -> Portfolio Support | K25: ='Budget Filing Data'!I19 -> 0 | L25: ='Budget Filing Data'!K19 -> market_support | M25: ='Budget Filing Data'!B19 -> 2028 | N25: =SUM(O25:U25) -> 18000 | O25: ='Budget Filing Data'!AG19 -> 18000 | P25: ='Budget Filing Data'!AH19 -> 0 | Q25: ='Budget Filing Data'!AI19 -> 0 | R25: ='Budget Filing Data'!AJ19 -> 0 | S25: ='Budget Filing Data'!AK19 -> 0 | T25: ='Budget Filing Data'!AL19 -> 0 | U25: ='Budget Filing Data'!AM19 -> 0 | V25: ='Budget Filing Data'!W19 -> 0 | W25: =('Budget Filing Data'!AB19+'Budget Filing Data'!AC19+'Budget Filing Data'!AD19+'Budget Filing Data'!AR19)/'Budget Filing Data'!Z19 -> 0 | X25: =('Budget Filing Data'!AB19+'Budget Filing Data'!AC19+'Budget Filing Data'!AD19+'Budget Filing Data'!AR19)/'Budget Filing Data'!AA19 -> 0 | Y25: =('Budget Filing Data'!AV19+'Budget Filing Data'!AW19)/('Budget Filing Data'!AX19+'Budget Filing Data'!AY19) -> 0 | Z25: 0 | AA25: 0 | AB25: ='Budget Filing Data'!P19 -> 0 | AC25: ='Budget Filing Data'!Q19 -> 0 | AD25: ='Budget Filing Data'!R19 -> 0 | AE25: ='Budget Filing Data'!AE19 -> 0 | AF25: ='Budget Filing Data'!AF19 -> 0 | AG25: ='Budget Filing Data'!$S19 -> 0 | AH25: ='Budget Filing Data'!$T19 -> 0 | AI25: ='Budget Filing Data'!$U19 -> 0 | AJ25: ='Budget Filing Data'!$V19 -> 0 | AK25: 0 | AL25: 0 | AN25: =IF(I25="Yes",IF(OR(G25="IOU Core",G25= "REN/CCA"), "PA","Non-PA Third Party & Partnership"),"PA & Non-PA Target Exempt Programs ") -> PA
C26: ='Budget Filing Data'!D20 -> PCE_RA_Portfolio_Support | D26: ='Budget Filing Data'!E20 -> Resource Acquisition Portfolio Support | E26: Programs that are new in 2028 or beyond | G26: ='Budget Filing Data'!J20 -> REN/CCA | H26: ='Budget Filing Data'!H20 -> No | I26: Yes | J26: ='Budget Filing Data'!G20 -> Portfolio Support | K26: ='Budget Filing Data'!I20 -> 0 | L26: ='Budget Filing Data'!K20 -> resource_acquisition | M26: ='Budget Filing Data'!B20 -> 2028 | N26: =SUM(O26:U26) -> 219600 | O26: ='Budget Filing Data'!AG20 -> 219600 | P26: ='Budget Filing Data'!AH20 -> 0 | Q26: ='Budget Filing Data'!AI20 -> 0 | R26: ='Budget Filing Data'!AJ20 -> 0 | S26: ='Budget Filing Data'!AK20 -> 0 | T26: ='Budget Filing Data'!AL20 -> 0 | U26: ='Budget Filing Data'!AM20 -> 0 | V26: ='Budget Filing Data'!W20 -> 0 | W26: =('Budget Filing Data'!AB20+'Budget Filing Data'!AC20+'Budget Filing Data'!AD20+'Budget Filing Data'!AR20)/'Budget Filing Data'!Z20 -> 0 | X26: =('Budget Filing Data'!AB20+'Budget Filing Data'!AC20+'Budget Filing Data'!AD20+'Budget Filing Data'!AR20)/'Budget Filing Data'!AA20 -> 0 | Y26: =('Budget Filing Data'!AV20+'Budget Filing Data'!AW20)/('Budget Filing Data'!AX20+'Budget Filing Data'!AY20) -> 0 | Z26: 0 | AA26: 0 | AB26: ='Budget Filing Data'!P20 -> 0 | AC26: ='Budget Filing Data'!Q20 -> 0 | AD26: ='Budget Filing Data'!R20 -> 0 | AE26: ='Budget Filing Data'!AE20 -> 0 | AF26: ='Budget Filing Data'!AF20 -> 0 | AG26: ='Budget Filing Data'!$S20 -> 0 | AH26: ='Budget Filing Data'!$T20 -> 0 | AI26: ='Budget Filing Data'!$U20 -> 0 | AJ26: ='Budget Filing Data'!$V20 -> 0 | AK26: 0 | AL26: 0 | AN26: =IF(I26="Yes",IF(OR(G26="IOU Core",G26= "REN/CCA"), "PA","Non-PA Third Party & Partnership"),"PA & Non-PA Target Exempt Programs ") -> PA
C27: ='Budget Filing Data'!D21 -> PCE-01-WET-REF | D27: ='Budget Filing Data'!E21 -> Refrigerant Workforce Education and Training (WET) | E27: Programs that are new in 2028 or beyond | G27: ='Budget Filing Data'!J21 -> REN/CCA | H27: ='Budget Filing Data'!H21 -> No | I27: Yes | J27: ='Budget Filing Data'!G21 -> Cross-Cutting | K27: ='Budget Filing Data'!I21 -> Workforce Education and Training | L27: ='Budget Filing Data'!K21 -> market_support | M27: ='Budget Filing Data'!B21 -> 2028 | N27: =SUM(O27:U27) -> 360000 | O27: ='Budget Filing Data'!AG21 -> 10800 | P27: ='Budget Filing Data'!AH21 -> 10800 | Q27: ='Budget Filing Data'!AI21 -> 338400 | R27: ='Budget Filing Data'!AJ21 -> 0 | S27: ='Budget Filing Data'!AK21 -> 0 | T27: ='Budget Filing Data'!AL21 -> 0 | U27: ='Budget Filing Data'!AM21 -> 0 | V27: ='Budget Filing Data'!W21 -> 0 | W27: =('Budget Filing Data'!AB21+'Budget Filing Data'!AC21+'Budget Filing Data'!AD21+'Budget Filing Data'!AR21)/'Budget Filing Data'!Z21 -> 0 | X27: =('Budget Filing Data'!AB21+'Budget Filing Data'!AC21+'Budget Filing Data'!AD21+'Budget Filing Data'!AR21)/'Budget Filing Data'!AA21 -> 0 | Y27: =('Budget Filing Data'!AV21+'Budget Filing Data'!AW21)/('Budget Filing Data'!AX21+'Budget Filing Data'!AY21) -> 0 | Z27: 0 | AA27: 0 | AB27: ='Budget Filing Data'!P21 -> 0 | AC27: ='Budget Filing Data'!Q21 -> 0 | AD27: ='Budget Filing Data'!R21 -> 0 | AE27: ='Budget Filing Data'!AE21 -> 0 | AF27: ='Budget Filing Data'!AF21 -> 0 | AG27: ='Budget Filing Data'!$S21 -> 0 | AH27: ='Budget Filing Data'!$T21 -> 0 | AI27: ='Budget Filing Data'!$U21 -> 0 | AJ27: ='Budget Filing Data'!$V21 -> 0 | AK27: 0 | AL27: 0 | AN27: =IF(I27="Yes",IF(OR(G27="IOU Core",G27= "REN/CCA"), "PA","Non-PA Third Party & Partnership"),"PA & Non-PA Target Exempt Programs ") -> PA
... C58: ='Budget Filing Data'!D52 -> PCE-01-RES-MFSEM | D58: ='Budget Filing Data'!E52 -> Multifamily Strategic Energy Management | E58: Programs that are new in 2028 or beyond | G58: ='Budget Filing Data'!J52 -> REN/CCA | H58: ='Budget Filing Data'!H52 -> No | I58: No | J58: ='Budget Filing Data'!G52 -> Residential | K58: ='Budget Filing Data'!I52 -> 0 | L58: ='Budget Filing Data'!K52 -> resource_acquisition | M58: ='Budget Filing Data'!B52 -> 2031 | N58: =SUM(O58:U58) -> 851199.77 | O58: ='Budget Filing Data'!AG52 -> 44800 | P58: ='Budget Filing Data'!AH52 -> 26880 | Q58: ='Budget Filing Data'!AI52 -> 546560 | R58: ='Budget Filing Data'!AJ52 -> 0 | S58: ='Budget Filing Data'!AK52 -> 0 | T58: ='Budget Filing Data'!AL52 -> 0 | U58: ='Budget Filing Data'!AM52 -> 232959.77 | V58: ='Budget Filing Data'!W52 -> 2287846.6 | W58: =('Budget Filing Data'!AB52+'Budget Filing Data'!AC52+'Budget Filing Data'!AD52+'Budget Filing Data'!AR52)/'Budget Filing Data'!Z52 -> 1.2276465 | X58: =('Budget Filing Data'!AB52+'Budget Filing Data'!AC52+'Budget Filing Data'!AD52+'Budget Filing Data'!AR52)/'Budget Filing Data'!AA52 -> 2.6577839 | Y58: =('Budget Filing Data'!AV52+'Budget Filing Data'!AW52)/('Budget Filing Data'!AX52+'Budget Filing Data'!AY52) -> 0.56870846 | Z58: 1.7333357 | AA58: 1.7298708 | AB58: ='Budget Filing Data'!P52 -> 837604.74 | AC58: ='Budget Filing Data'!Q52 -> 82.862841 | AD58: ='Budget Filing Data'!R52 -> 110547.58 | AE58: ='Budget Filing Data'!AE52 -> 210.55139 | AF58: ='Budget Filing Data'!AF52 -> 587.00764 | AG58: ='Budget Filing Data'!$S52 -> 1985550.5 | AH58: ='Budget Filing Data'!$T52 -> 920387.27 | AI58: ='Budget Filing Data'!$U52 -> 3344.7413 | AJ58: ='Budget Filing Data'!$V52 -> 4887.2564 | AK58: 0 | AL58: 0 | AN58: =IF(I58="Yes",IF(OR(G58="IOU Core",G58= "REN/CCA"), "PA","Non-PA Third Party & Partnership"),"PA & Non-PA Target Exempt Programs ") -> PA & Non-PA Target Exempt Programs
C59: ='Budget Filing Data'!D53 -> PCE-02-RES-MP | D59: ='Budget Filing Data'!E53 -> Renters Marketplace | E59: Programs that are new in 2028 or beyond | G59: ='Budget Filing Data'!J53 -> REN/CCA | H59: ='Budget Filing Data'!H53 -> No | I59: Yes | J59: ='Budget Filing Data'!G53 -> Residential | K59: ='Budget Filing Data'!I53 -> 0 | L59: ='Budget Filing Data'!K53 -> equity | M59: ='Budget Filing Data'!B53 -> 2031 | N59: =SUM(O59:U59) -> 1531400 | O59: ='Budget Filing Data'!AG53 -> 80600 | P59: ='Budget Filing Data'!AH53 -> 96720 | Q59: ='Budget Filing Data'!AI53 -> 1128400 | R59: ='Budget Filing Data'!AJ53 -> 0 | S59: ='Budget Filing Data'!AK53 -> 0 | T59: ='Budget Filing Data'!AL53 -> 0 | U59: ='Budget Filing Data'!AM53 -> 225680 | V59: ='Budget Filing Data'!W53 -> 1620012.3 | W59: =('Budget Filing Data'!AB53+'Budget Filing Data'!AC53+'Budget Filing Data'!AD53+'Budget Filing Data'!AR53)/'Budget Filing Data'!Z53 -> 0.64268688 | X59: =('Budget Filing Data'!AB53+'Budget Filing Data'!AC53+'Budget Filing Data'!AD53+'Budget Filing Data'!AR53)/'Budget Filing Data'!AA53 -> 1.0563407 | Y59: =('Budget Filing Data'!AV53+'Budget Filing Data'!AW53)/('Budget Filing Data'!AX53+'Budget Filing Data'!AY53) -> 0.33403081 | Z59: 0.82807122 | AA59: 0.82807122 | AB59: ='Budget Filing Data'!P53 -> 925936.4 | AC59: ='Budget Filing Data'!Q53 -> 116.03954 | AD59: ='Budget Filing Data'!R53 -> 24888.638 | AE59: ='Budget Filing Data'!AE53 -> 235.09934 | AF59: ='Budget Filing Data'!AF53 -> 132.15867 | AG59: ='Budget Filing Data'!$S53 -> 7338675.6 | AH59: ='Budget Filing Data'!$T53 -> 339309.82 | AI59: ='Budget Filing Data'!$U53 -> 2003.6379 | AJ59: ='Budget Filing Data'!$V53 -> 1801.7351 | AK59: 0 | AL59: 0
C60: ='Budget Filing Data'!D54 -> PCE_Equity_PortfolioSupport | D60: ='Budget Filing Data'!E54 -> Equity Portfolio Support | E60: Programs that are new in 2028 or beyond | G60: ='Budget Filing Data'!J54 -> REN/CCA | H60: ='Budget Filing Data'!H54 -> No | I60: Yes | J60: ='Budget Filing Data'!G54 -> Portfolio Support | K60: ='Budget Filing Data'!I54 -> 0 | L60: ='Budget Filing Data'!K54 -> equity | M60: ='Budget Filing Data'!B54 -> 2031 | N60: =SUM(O60:U60) -> 127100 | O60: ='Budget Filing Data'!AG54 -> 127100 | P60: ='Budget Filing Data'!AH54 -> 0 | Q60: ='Budget Filing Data'!AI54 -> 0 | R60: ='Budget Filing Data'!AJ54 -> 0 | S60: ='Budget Filing Data'!AK54 -> 0 | T60: ='Budget Filing Data'!AL54 -> 0 | U60: ='Budget Filing Data'!AM54 -> 0 | V60: ='Budget Filing Data'!W54 -> 0 | W60: =('Budget Filing Data'!AB54+'Budget Filing Data'!AC54+'Budget Filing Data'!AD54+'Budget Filing Data'!AR54)/'Budget Filing Data'!Z54 -> 0 | X60: =('Budget Filing Data'!AB54+'Budget Filing Data'!AC54+'Budget Filing Data'!AD54+'Budget Filing Data'!AR54)/'Budget Filing Data'!AA54 -> 0 | Y60: =('Budget Filing Data'!AV54+'Budget Filing Data'!AW54)/('Budget Filing Data'!AX54+'Budget Filing Data'!AY54) -> 0 | Z60: 0 | AA60: 0 | AB60: ='Budget Filing Data'!P54 -> 0 | AC60: ='Budget Filing Data'!Q54 -> 0 | AD60: ='Budget Filing Data'!R54 -> 0 | AE60: ='Budget Filing Data'!AE54 -> 0 | AF60: ='Budget Filing Data'!AF54 -> 0 | AG60: ='Budget Filing Data'!$S54 -> 0 | AH60: ='Budget Filing Data'!$T54 -> 0 | AI60: ='Budget Filing Data'!$U54 -> 0 | AJ60: ='Budget Filing Data'!$V54 -> 0 | AK60: 0 | AL60: 0
C61: ='Budget Filing Data'!D55 -> PCE_MS_Portfolio_Support | D61: ='Budget Filing Data'!E55 -> Market Support Portfolio Support | E61: Programs that are new in 2028 or beyond | G61: ='Budget Filing Data'!J55 -> REN/CCA | H61: ='Budget Filing Data'!H55 -> No | I61: Yes | J61: ='Budget Filing Data'!G55 -> Portfolio Support | K61: ='Budget Filing Data'!I55 -> 0 | L61: ='Budget Filing Data'!K55 -> market_support | M61: ='Budget Filing Data'!B55 -> 2031 | N61: =SUM(O61:U61) -> 31000 | O61: ='Budget Filing Data'!AG55 -> 31000 | P61: ='Budget Filing Data'!AH55 -> 0 | Q61: ='Budget Filing Data'!AI55 -> 0 | R61: ='Budget Filing Data'!AJ55 -> 0 | S61: ='Budget Filing Data'!AK55 -> 0 | T61: ='Budget Filing Data'!AL55 -> 0 | U61: ='Budget Filing Data'!AM55 -> 0 | V61: ='Budget Filing Data'!W55 -> 0 | W61: =('Budget Filing Data'!AB55+'Budget Filing Data'!AC55+'Budget Filing Data'!AD55+'Budget Filing Data'!AR55)/'Budget Filing Data'!Z55 -> 0 | X61: =('Budget Filing Data'!AB55+'Budget Filing Data'!AC55+'Budget Filing Data'!AD55+'Budget Filing Data'!AR55)/'Budget Filing Data'!AA55 -> 0 | Y61: =('Budget Filing Data'!AV55+'Budget Filing Data'!AW55)/('Budget Filing Data'!AX55+'Budget Filing Data'!AY55) -> 0 | Z61: 0 | AA61: 0 | AB61: ='Budget Filing Data'!P55 -> 0 | AC61: ='Budget Filing Data'!Q55 -> 0 | AD61: ='Budget Filing Data'!R55 -> 0 | AE61: ='Budget Filing Data'!AE55 -> 0 | AF61: ='Budget Filing Data'!AF55 -> 0 | AG61: ='Budget Filing Data'!$S55 -> 0 | AH61: ='Budget Filing Data'!$T55 -> 0 | AI61: ='Budget Filing Data'!$U55 -> 0 | AJ61: ='Budget Filing Data'!$V55 -> 0 | AK61: 0 | AL61: 0
C62: ='Budget Filing Data'!D56 -> PCE_RA_Portfolio_Support | D62: ='Budget Filing Data'!E56 -> Resource Acquisition Portfolio Support | E62: Programs that are new in 2028 or beyond | G62: ='Budget Filing Data'!J56 -> REN/CCA | H62: ='Budget Filing Data'!H56 -> No | I62: Yes | J62: ='Budget Filing Data'!G56 -> Portfolio Support | K62: ='Budget Filing Data'!I56 -> 0 | L62: ='Budget Filing Data'!K56 -> resource_acquisition | M62: ='Budget Filing Data'!B56 -> 2031 | N62: =SUM(O62:U62) -> 378200 | O62: ='Budget Filing Data'!AG56 -> 378200 | P62: ='Budget Filing Data'!AH56 -> 0 | Q62: ='Budget Filing Data'!AI56 -> 0 | R62: ='Budget Filing Data'!AJ56 -> 0 | S62: ='Budget Filing Data'!AK56 -> 0 | T62: ='Budget Filing Data'!AL56 -> 0 | U62: ='Budget Filing Data'!AM56 -> 0 | V62: ='Budget Filing Data'!W56 -> 0 | W62: =('Budget Filing Data'!AB56+'Budget Filing Data'!AC56+'Budget Filing Data'!AD56+'Budget Filing Data'!AR56)/'Budget Filing Data'!Z56 -> 0 | X62: =('Budget Filing Data'!AB56+'Budget Filing Data'!AC56+'Budget Filing Data'!AD56+'Budget Filing Data'!AR56)/'Budget Filing Data'!AA56 -> 0 | Y62: =('Budget Filing Data'!AV56+'Budget Filing Data'!AW56)/('Budget Filing Data'!AX56+'Budget Filing Data'!AY56) -> 0 | Z62: 0 | AA62: 0 | AB62: ='Budget Filing Data'!P56 -> 0 | AC62: ='Budget Filing Data'!Q56 -> 0 | AD62: ='Budget Filing Data'!R56 -> 0 | AE62: ='Budget Filing Data'!AE56 -> 0 | AF62: ='Budget Filing Data'!AF56 -> 0 | AG62: ='Budget Filing Data'!$S56 -> 0 | AH62: ='Budget Filing Data'!$T56 -> 0 | AI62: ='Budget Filing Data'!$U56 -> 0 | AJ62: ='Budget Filing Data'!$V56 -> 0 | AK62: 0 | AL62: 0
C63: ='Budget Filing Data'!D57 -> PCE-01-WET-REF | D63: ='Budget Filing Data'!E57 -> Refrigerant Workforce Education and Training (WET) | E63: Programs that are new in 2028 or beyond | G63: ='Budget Filing Data'!J57 -> REN/CCA | H63: ='Budget Filing Data'!H57 -> No | I63: Yes | J63: ='Budget Filing Data'!G57 -> Cross-Cutting | K63: ='Budget Filing Data'!I57 -> Workforce Education and Training | L63: ='Budget Filing Data'!K57 -> market_support | M63: ='Budget Filing Data'!B57 -> 2031 | N63: =SUM(O63:U63) -> 620000 | O63: ='Budget Filing Data'!AG57 -> 18600 | P63: ='Budget Filing Data'!AH57 -> 18600 | Q63: ='Budget Filing Data'!AI57 -> 582800 | R63: ='Budget Filing Data'!AJ57 -> 0 | S63: ='Budget Filing Data'!AK57 -> 0 | T63: ='Budget Filing Data'!AL57 -> 0 | U63: ='Budget Filing Data'!AM57 -> 0 | V63: ='Budget Filing Data'!W57 -> 0 | W63: =('Budget Filing Data'!AB57+'Budget Filing Data'!AC57+'Budget Filing Data'!AD57+'Budget Filing Data'!AR57)/'Budget Filing Data'!Z57 -> 0 | X63: =('Budget Filing Data'!AB57+'Budget Filing Data'!AC57+'Budget Filing Data'!AD57+'Budget Filing Data'!AR57)/'Budget Filing Data'!AA57 -> 0 | Y63: =('Budget Filing Data'!AV57+'Budget Filing Data'!AW57)/('Budget Filing Data'!AX57+'Budget Filing Data'!AY57) -> 0 | Z63: 0 | AA63: 0 | AB63: ='Budget Filing Data'!P57 -> 0 | AC63: ='Budget Filing Data'!Q57 -> 0 | AD63: ='Budget Filing Data'!R57 -> 0 | AE63: ='Budget Filing Data'!AE57 -> 0 | AF63: ='Budget Filing Data'!AF57 -> 0 | AG63: ='Budget Filing Data'!$S57 -> 0 | AH63: ='Budget Filing Data'!$T57 -> 0 | AI63: ='Budget Filing Data'!$U57 -> 0 | AJ63: ='Budget Filing Data'!$V57 -> 0 | AK63: 0 | AL63: 0
C64: ='Budget Filing Data'!D58 -> 0 | D64: ='Budget Filing Data'!E58 -> 0 | G64: ='Budget Filing Data'!J58 -> 0 | H64: ='Budget Filing Data'!H58 -> 0 | J64: ='Budget Filing Data'!G58 -> 0 | K64: ='Budget Filing Data'!I58 -> 0 | L64: ='Budget Filing Data'!K58 -> 0 | M64: ='Budget Filing Data'!B58 -> 0 | N64: =SUM(O64:U64) -> 0 | O64: ='Budget Filing Data'!AG58 -> 0 | P64: ='Budget Filing Data'!AH58 -> 0 | Q64: ='Budget Filing Data'!AI58 -> 0 | R64: ='Budget Filing Data'!AJ58 -> 0 | S64: ='Budget Filing Data'!AK58 -> 0 | T64: ='Budget Filing Data'!AL58 -> 0 | U64: ='Budget Filing Data'!AM58 -> 0 | V64: ='Budget Filing Data'!W58 -> 0 | W64: 0 | X64: 0 | Y64: 0 | AB64: ='Budget Filing Data'!P58 -> 0 | AC64: ='Budget Filing Data'!Q58 -> 0 | AD64: ='Budget Filing Data'!R58 -> 0 | AE64: ='Budget Filing Data'!AE58 -> 0 | AF64: ='Budget Filing Data'!AF58 -> 0 | AG64: ='Budget Filing Data'!$S58 -> 0 | AH64: ='Budget Filing Data'!$R58 -> 0 | AI64: ='Budget Filing Data'!$U58 -> 0 | AJ64: ='Budget Filing Data'!$V58 -> 0 | AK64: 0 | AL64: 0
C65: ='Budget Filing Data'!D59 -> 0 | D65: ='Budget Filing Data'!E59 -> 0 | G65: ='Budget Filing Data'!J59 -> 0 | H65: ='Budget Filing Data'!H59 -> 0 | J65: ='Budget Filing Data'!G59 -> 0 | K65: ='Budget Filing Data'!I59 -> 0 | L65: ='Budget Filing Data'!K59 -> 0 | M65: ='Budget Filing Data'!B59 -> 0 | N65: =SUM(O65:U65) -> 0 | O65: ='Budget Filing Data'!AG59 -> 0 | P65: ='Budget Filing Data'!AH59 -> 0 | Q65: ='Budget Filing Data'!AI59 -> 0 | R65: ='Budget Filing Data'!AJ59 -> 0 | S65: ='Budget Filing Data'!AK59 -> 0 | T65: ='Budget Filing Data'!AL59 -> 0 | U65: ='Budget Filing Data'!AM59 -> 0 | V65: ='Budget Filing Data'!W59 -> 0 | W65: 0 | X65: 0 | Y65: 0 | AB65: ='Budget Filing Data'!P59 -> 0 | AC65: ='Budget Filing Data'!Q59 -> 0 | AD65: ='Budget Filing Data'!R59 -> 0 | AE65: ='Budget Filing Data'!AE59 -> 0 | AF65: ='Budget Filing Data'!AF59 -> 0 | AG65: ='Budget Filing Data'!$S59 -> 0 | AH65: ='Budget Filing Data'!$R59 -> 0 | AI65: ='Budget Filing Data'!$U59 -> 0 | AJ65: ='Budget Filing Data'!$V59 -> 0 | AK65: 0 | AL65: 0
C66: ='Budget Filing Data'!D60 -> 0 | D66: ='Budget Filing Data'!E60 -> 0 | G66: ='Budget Filing Data'!J60 -> 0 | H66: ='Budget Filing Data'!H60 -> 0 | J66: ='Budget Filing Data'!G60 -> 0 | K66: ='Budget Filing Data'!I60 -> 0 | L66: ='Budget Filing Data'!K60 -> 0 | M66: ='Budget Filing Data'!B60 -> 0 | N66: =SUM(O66:U66) -> 0 | O66: ='Budget Filing Data'!AG60 -> 0 | P66: ='Budget Filing Data'!AH60 -> 0 | Q66: ='Budget Filing Data'!AI60 -> 0 | R66: ='Budget Filing Data'!AJ60 -> 0 | S66: ='Budget Filing Data'!AK60 -> 0 | T66: ='Budget Filing Data'!AL60 -> 0 | U66: ='Budget Filing Data'!AM60 -> 0 | V66: ='Budget Filing Data'!W60 -> 0 | W66: 0 | X66: 0 | Y66: 0 | AB66: ='Budget Filing Data'!P60 -> 0 | AC66: ='Budget Filing Data'!Q60 -> 0 | AD66: ='Budget Filing Data'!R60 -> 0 | AE66: ='Budget Filing Data'!AE60 -> 0 | AF66: ='Budget Filing Data'!AF60 -> 0 | AG66: ='Budget Filing Data'!$S60 -> 0 | AH66: ='Budget Filing Data'!$R60 -> 0 | AI66: ='Budget Filing Data'!$U60 -> 0 | AJ66: ='Budget Filing Data'!$V60 -> 0 | AK66: 0 | AL66: 0
C67: ='Budget Filing Data'!D61 -> 0 | D67: ='Budget Filing Data'!E61 -> 0 | G67: ='Budget Filing Data'!J61 -> 0 | H67: ='Budget Filing Data'!H61 -> 0 | J67: ='Budget Filing Data'!G61 -> 0 | K67: ='Budget Filing Data'!I61 -> 0 | L67: ='Budget Filing Data'!K61 -> 0 | M67: ='Budget Filing Data'!B61 -> 0 | N67: =SUM(O67:U67) -> 0 | O67: ='Budget Filing Data'!AG61 -> 0 | P67: ='Budget Filing Data'!AH61 -> 0 | Q67: ='Budget Filing Data'!AI61 -> 0 | R67: ='Budget Filing Data'!AJ61 -> 0 | S67: ='Budget Filing Data'!AK61 -> 0 | T67: ='Budget Filing Data'!AL61 -> 0 | U67: ='Budget Filing Data'!AM61 -> 0 | V67: ='Budget Filing Data'!W61 -> 0 | W67: 0 | X67: 0 | Y67: 0 | AB67: ='Budget Filing Data'!P61 -> 0 | AC67: ='Budget Filing Data'!Q61 -> 0 | AD67: ='Budget Filing Data'!R61 -> 0 | AE67: ='Budget Filing Data'!AE61 -> 0 | AF67: ='Budget Filing Data'!AF61 -> 0 | AG67: ='Budget Filing Data'!$S61 -> 0 | AH67: ='Budget Filing Data'!$R61 -> 0 | AI67: ='Budget Filing Data'!$U61 -> 0 | AJ67: ='Budget Filing Data'!$V61 -> 0 | AK67: 0 | AL67: 0
C68: ='Budget Filing Data'!D62 -> 0 | D68: ='Budget Filing Data'!E62 -> 0 | G68: ='Budget Filing Data'!J62 -> 0 | H68: ='Budget Filing Data'!H62 -> 0 | J68: ='Budget Filing Data'!G62 -> 0 | K68: ='Budget Filing Data'!I62 -> 0 | L68: ='Budget Filing Data'!K62 -> 0 | M68: ='Budget Filing Data'!B62 -> 0 | N68: =SUM(O68:U68) -> 0 | O68: ='Budget Filing Data'!AG62 -> 0 | P68: ='Budget Filing Data'!AH62 -> 0 | Q68: ='Budget Filing Data'!AI62 -> 0 | R68: ='Budget Filing Data'!AJ62 -> 0 | S68: ='Budget Filing Data'!AK62 -> 0 | T68: ='Budget Filing Data'!AL62 -> 0 | U68: ='Budget Filing Data'!AM62 -> 0 | V68: ='Budget Filing Data'!W62 -> 0 | W68: 0 | X68: 0 | Y68: 0 | AB68: ='Budget Filing Data'!P62 -> 0 | AC68: ='Budget Filing Data'!Q62 -> 0 | AD68: ='Budget Filing Data'!R62 -> 0 | AE68: ='Budget Filing Data'!AE62 -> 0 | AF68: ='Budget Filing Data'!AF62 -> 0 | AG68: ='Budget Filing Data'!$S62 -> 0 | AH68: ='Budget Filing Data'!$R62 -> 0 | AI68: ='Budget Filing Data'!$U62 -> 0 | AJ68: ='Budget Filing Data'!$V62 -> 0 | AK68: 0 | AL68: 0
C69: ='Budget Filing Data'!D63 -> 0 | D69: ='Budget Filing Data'!E63 -> 0 | G69: ='Budget Filing Data'!J63 -> 0 | H69: ='Budget Filing Data'!H63 -> 0 | J69: ='Budget Filing Data'!G63 -> 0 | K69: ='Budget Filing Data'!I63 -> 0 | L69: ='Budget Filing Data'!K63 -> 0 | M69: ='Budget Filing Data'!B63 -> 0 | N69: =SUM(O69:U69) -> 0 | O69: ='Budget Filing Data'!AG63 -> 0 | P69: ='Budget Filing Data'!AH63 -> 0 | Q69: ='Budget Filing Data'!AI63 -> 0 | R69: ='Budget Filing Data'!AJ63 -> 0 | S69: ='Budget Filing Data'!AK63 -> 0 | T69: ='Budget Filing Data'!AL63 -> 0 | U69: ='Budget Filing Data'!AM63 -> 0 | V69: ='Budget Filing Data'!W63 -> 0 | W69: 0 | X69: 0 | Y69: 0 | AB69: ='Budget Filing Data'!P63 -> 0 | AC69: ='Budget Filing Data'!Q63 -> 0 | AD69: ='Budget Filing Data'!R63 -> 0 | AE69: ='Budget Filing Data'!AE63 -> 0 | AF69: ='Budget Filing Data'!AF63 -> 0 | AG69: ='Budget Filing Data'!$S63 -> 0 | AH69: ='Budget Filing Data'!$R63 -> 0 | AI69: ='Budget Filing Data'!$U63 -> 0 | AJ69: ='Budget Filing Data'!$V63 -> 0 | AK69: 0 | AL69: 0
C70: ='Budget Filing Data'!D64 -> 0 | D70: ='Budget Filing Data'!E64 -> 0 | G70: ='Budget Filing Data'!J64 -> 0 | H70: ='Budget Filing Data'!H64 -> 0 | J70: ='Budget Filing Data'!G64 -> 0 | K70: ='Budget Filing Data'!I64 -> 0 | L70: ='Budget Filing Data'!K64 -> 0 | M70: ='Budget Filing Data'!B64 -> 0 | N70: =SUM(O70:U70) -> 0 | O70: ='Budget Filing Data'!AG64 -> 0 | P70: ='Budget Filing Data'!AH64 -> 0 | Q70: ='Budget Filing Data'!AI64 -> 0 | R70: ='Budget Filing Data'!AJ64 -> 0 | S70: ='Budget Filing Data'!AK64 -> 0 | T70: ='Budget Filing Data'!AL64 -> 0 | U70: ='Budget Filing Data'!AM64 -> 0 | V70: ='Budget Filing Data'!W64 -> 0 | W70: 0 | X70: 0 | Y70: 0 | AB70: ='Budget Filing Data'!P64 -> 0 | AC70: ='Budget Filing Data'!Q64 -> 0 | AD70: ='Budget Filing Data'!R64 -> 0 | AE70: ='Budget Filing Data'!AE64 -> 0 | AF70: ='Budget Filing Data'!AF64 -> 0 | AG70: ='Budget Filing Data'!$S64 -> 0 | AH70: ='Budget Filing Data'!$R64 -> 0 | AI70: ='Budget Filing Data'!$U64 -> 0 | AJ70: ='Budget Filing Data'!$V64 -> 0 | AK70: 0 | AL70: 0 | AN70: =IF(I70="Yes",IF(OR(G70="IOU Core",G70= "REN/CCA"), "PA","Non-PA Third Party & Partnership"),"PA & Non-PA Target Exempt Programs ") -> PA & Non-PA Target Exempt Programs
C71: ='Budget Filing Data'!D65 -> 0 | D71: ='Budget Filing Data'!E65 -> 0 | G71: ='Budget Filing Data'!J65 -> 0 | H71: ='Budget Filing Data'!H65 -> 0 | J71: ='Budget Filing Data'!G65 -> 0 | K71: ='Budget Filing Data'!I65 -> 0 | L71: ='Budget Filing Data'!K65 -> 0 | M71: ='Budget Filing Data'!B65 -> 0 | N71: =SUM(O71:U71) -> 0 | O71: ='Budget Filing Data'!AG65 -> 0 | P71: ='Budget Filing Data'!AH65 -> 0 | Q71: ='Budget Filing Data'!AI65 -> 0 | R71: ='Budget Filing Data'!AJ65 -> 0 | S71: ='Budget Filing Data'!AK65 -> 0 | T71: ='Budget Filing Data'!AL65 -> 0 | U71: ='Budget Filing Data'!AM65 -> 0 | V71: ='Budget Filing Data'!W65 -> 0 | W71: 0 | X71: 0 | Y71: 0 | AB71: ='Budget Filing Data'!P65 -> 0 | AC71: ='Budget Filing Data'!Q65 -> 0 | AD71: ='Budget Filing Data'!R65 -> 0 | AE71: ='Budget Filing Data'!AE65 -> 0 | AF71: ='Budget Filing Data'!AF65 -> 0 | AG71: ='Budget Filing Data'!$S65 -> 0 | AH71: ='Budget Filing Data'!$R65 -> 0 | AI71: ='Budget Filing Data'!$U65 -> 0 | AJ71: ='Budget Filing Data'!$V65 -> 0 | AK71: 0 | AL71: 0 | AN71: =IF(I71="Yes",IF(OR(G71="IOU Core",G71= "REN/CCA"), "PA","Non-PA Third Party & Partnership"),"PA & Non-PA Target Exempt Programs ") -> PA & Non-PA Target Exempt Programs
C72: ='Budget Filing Data'!D66 -> 0 | D72: ='Budget Filing Data'!E66 -> 0 | G72: ='Budget Filing Data'!J66 -> 0 | H72: ='Budget Filing Data'!H66 -> 0 | J72: ='Budget Filing Data'!G66 -> 0 | K72: ='Budget Filing Data'!I66 -> 0 | L72: ='Budget Filing Data'!K66 -> 0 | M72: ='Budget Filing Data'!B66 -> 0 | N72: =SUM(O72:U72) -> 0 | O72: ='Budget Filing Data'!AG66 -> 0 | P72: ='Budget Filing Data'!AH66 -> 0 | Q72: ='Budget Filing Data'!AI66 -> 0 | R72: ='Budget Filing Data'!AJ66 -> 0 | S72: ='Budget Filing Data'!AK66 -> 0 | T72: ='Budget Filing Data'!AL66 -> 0 | U72: ='Budget Filing Data'!AM66 -> 0 | V72: ='Budget Filing Data'!W66 -> 0 | W72: 0 | X72: 0 | Y72: 0 | AB72: ='Budget Filing Data'!P66 -> 0 | AC72: ='Budget Filing Data'!Q66 -> 0 | AD72: ='Budget Filing Data'!R66 -> 0 | AE72: ='Budget Filing Data'!AE66 -> 0 | AF72: ='Budget Filing Data'!AF66 -> 0 | AG72: ='Budget Filing Data'!$S66 -> 0 | AH72: ='Budget Filing Data'!$R66 -> 0 | AI72: ='Budget Filing Data'!$U66 -> 0 | AJ72: ='Budget Filing Data'!$V66 -> 0 | AK72: 0 | AL72: 0 | AN72: =IF(I72="Yes",IF(OR(G72="IOU Core",G72= "REN/CCA"), "PA","Non-PA Third Party & Partnership"),"PA & Non-PA Target Exempt Programs ") -> PA & Non-PA Target Exempt Programs
C73: ='Budget Filing Data'!D67 -> 0 | D73: ='Budget Filing Data'!E67 -> 0 | G73: ='Budget Filing Data'!J67 -> 0 | H73: ='Budget Filing Data'!H67 -> 0 | J73: ='Budget Filing Data'!G67 -> 0 | K73: ='Budget Filing Data'!I67 -> 0 | L73: ='Budget Filing Data'!K67 -> 0 | M73: ='Budget Filing Data'!B67 -> 0 | N73: =SUM(O73:U73) -> 0 | O73: ='Budget Filing Data'!AG67 -> 0 | P73: ='Budget Filing Data'!AH67 -> 0 | Q73: ='Budget Filing Data'!AI67 -> 0 | R73: ='Budget Filing Data'!AJ67 -> 0 | S73: ='Budget Filing Data'!AK67 -> 0 | T73: ='Budget Filing Data'!AL67 -> 0 | U73: ='Budget Filing Data'!AM67 -> 0 | V73: ='Budget Filing Data'!W67 -> 0 | W73: 0 | X73: 0 | Y73: 0 | AB73: ='Budget Filing Data'!P67 -> 0 | AC73: ='Budget Filing Data'!Q67 -> 0 | AD73: ='Budget Filing Data'!R67 -> 0 | AE73: ='Budget Filing Data'!AE67 -> 0 | AF73: ='Budget Filing Data'!AF67 -> 0 | AG73: ='Budget Filing Data'!$S67 -> 0 | AH73: ='Budget Filing Data'!$R67 -> 0 | AI73: ='Budget Filing Data'!$U67 -> 0 | AJ73: ='Budget Filing Data'!$V67 -> 0 | AK73: 0 | AL73: 0 | AN73: =IF(I73="Yes",IF(OR(G73="IOU Core",G73= "REN/CCA"), "PA","Non-PA Third Party & Partnership"),"PA & Non-PA Target Exempt Programs ") -> PA & Non-PA Target Exempt Programs
C74: ='Budget Filing Data'!D68 -> 0 | D74: ='Budget Filing Data'!E68 -> 0 | G74: ='Budget Filing Data'!J68 -> 0 | H74: ='Budget Filing Data'!H68 -> 0 | J74: ='Budget Filing Data'!G68 -> 0 | K74: ='Budget Filing Data'!I68 -> 0 | L74: ='Budget Filing Data'!K68 -> 0 | M74: ='Budget Filing Data'!B68 -> 0 | N74: =SUM(O74:U74) -> 0 | O74: ='Budget Filing Data'!AG68 -> 0 | P74: ='Budget Filing Data'!AH68 -> 0 | Q74: ='Budget Filing Data'!AI68 -> 0 | R74: ='Budget Filing Data'!AJ68 -> 0 | S74: ='Budget Filing Data'!AK68 -> 0 | T74: ='Budget Filing Data'!AL68 -> 0 | U74: ='Budget Filing Data'!AM68 -> 0 | V74: ='Budget Filing Data'!W68 -> 0 | W74: 0 | X74: 0 | Y74: 0 | AB74: ='Budget Filing Data'!P68 -> 0 | AC74: ='Budget Filing Data'!Q68 -> 0 | AD74: ='Budget Filing Data'!R68 -> 0 | AE74: ='Budget Filing Data'!AE68 -> 0 | AF74: ='Budget Filing Data'!AF68 -> 0 | AG74: ='Budget Filing Data'!$S68 -> 0 | AH74: ='Budget Filing Data'!$R68 -> 0 | AI74: ='Budget Filing Data'!$U68 -> 0 | AJ74: ='Budget Filing Data'!$V68 -> 0 | AK74: 0 | AL74: 0 | AN74: =IF(I74="Yes",IF(OR(G74="IOU Core",G74= "REN/CCA"), "PA","Non-PA Third Party & Partnership"),"PA & Non-PA Target Exempt Programs ") -> PA & Non-PA Target Exempt Programs
C75: ='Budget Filing Data'!D69 -> 0 | D75: ='Budget Filing Data'!E69 -> 0 | G75: ='Budget Filing Data'!J69 -> 0 | H75: ='Budget Filing Data'!H69 -> 0 | J75: ='Budget Filing Data'!G69 -> 0 | K75: ='Budget Filing Data'!I69 -> 0 | L75: ='Budget Filing Data'!K69 -> 0 | M75: ='Budget Filing Data'!B69 -> 0 | N75: =SUM(O75:U75) -> 0 | O75: ='Budget Filing Data'!AG69 -> 0 | P75: ='Budget Filing Data'!AH69 -> 0 | Q75: ='Budget Filing Data'!AI69 -> 0 | R75: ='Budget Filing Data'!AJ69 -> 0 | S75: ='Budget Filing Data'!AK69 -> 0 | T75: ='Budget Filing Data'!AL69 -> 0 | U75: ='Budget Filing Data'!AM69 -> 0 | V75: ='Budget Filing Data'!W69 -> 0 | W75: 0 | X75: 0 | Y75: 0 | AB75: ='Budget Filing Data'!P69 -> 0 | AC75: ='Budget Filing Data'!Q69 -> 0 | AD75: ='Budget Filing Data'!R69 -> 0 | AE75: ='Budget Filing Data'!AE69 -> 0 | AF75: ='Budget Filing Data'!AF69 -> 0 | AG75: ='Budget Filing Data'!$S69 -> 0 | AH75: ='Budget Filing Data'!$R69 -> 0 | AI75: ='Budget Filing Data'!$U69 -> 0 | AJ75: ='Budget Filing Data'!$V69 -> 0 | AK75: 0 | AL75: 0 | AN75: =IF(I75="Yes",IF(OR(G75="IOU Core",G75= "REN/CCA"), "PA","Non-PA Third Party & Partnership"),"PA & Non-PA Target Exempt Programs ") -> PA & Non-PA Target Exempt Programs
C76: ='Budget Filing Data'!D70 -> 0 | D76: ='Budget Filing Data'!E70 -> 0 | G76: ='Budget Filing Data'!J70 -> 0 | H76: ='Budget Filing Data'!H70 -> 0 | J76: ='Budget Filing Data'!G70 -> 0 | K76: ='Budget Filing Data'!I70 -> 0 | L76: ='Budget Filing Data'!K70 -> 0 | M76: ='Budget Filing Data'!B70 -> 0 | N76: =SUM(O76:U76) -> 0 | O76: ='Budget Filing Data'!AG70 -> 0 | P76: ='Budget Filing Data'!AH70 -> 0 | Q76: ='Budget Filing Data'!AI70 -> 0 | R76: ='Budget Filing Data'!AJ70 -> 0 | S76: ='Budget Filing Data'!AK70 -> 0 | T76: ='Budget Filing Data'!AL70 -> 0 | U76: ='Budget Filing Data'!AM70 -> 0 | V76: ='Budget Filing Data'!W70 -> 0 | W76: 0 | X76: 0 | Y76: 0 | AB76: ='Budget Filing Data'!P70 -> 0 | AC76: ='Budget Filing Data'!Q70 -> 0 | AD76: ='Budget Filing Data'!R70 -> 0 | AE76: ='Budget Filing Data'!AE70 -> 0 | AF76: ='Budget Filing Data'!AF70 -> 0 | AG76: ='Budget Filing Data'!$S70 -> 0 | AH76: ='Budget Filing Data'!$R70 -> 0 | AI76: ='Budget Filing Data'!$U70 -> 0 | AJ76: ='Budget Filing Data'!$V70 -> 0 | AK76: 0 | AL76: 0 | AN76: =IF(I76="Yes",IF(OR(G76="IOU Core",G76= "REN/CCA"), "PA","Non-PA Third Party & Partnership"),"PA & Non-PA Target Exempt Programs ") -> PA & Non-PA Target Exempt Programs
C77: ='Budget Filing Data'!D71 -> 0 | D77: ='Budget Filing Data'!E71 -> 0 | G77: ='Budget Filing Data'!J71 -> 0 | H77: ='Budget Filing Data'!H71 -> 0 | J77: ='Budget Filing Data'!G71 -> 0 | K77: ='Budget Filing Data'!I71 -> 0 | L77: ='Budget Filing Data'!K71 -> 0 | M77: ='Budget Filing Data'!B71 -> 0 | N77: =SUM(O77:U77) -> 0 | O77: ='Budget Filing Data'!AG71 -> 0 | P77: ='Budget Filing Data'!AH71 -> 0 | Q77: ='Budget Filing Data'!AI71 -> 0 | R77: ='Budget Filing Data'!AJ71 -> 0 | S77: ='Budget Filing Data'!AK71 -> 0 | T77: ='Budget Filing Data'!AL71 -> 0 | U77: ='Budget Filing Data'!AM71 -> 0 | V77: ='Budget Filing Data'!W71 -> 0 | W77: 0 | X77: 0 | Y77: 0 | AB77: ='Budget Filing Data'!P71 -> 0 | AC77: ='Budget Filing Data'!Q71 -> 0 | AD77: ='Budget Filing Data'!R71 -> 0 | AE77: ='Budget Filing Data'!AE71 -> 0 | AF77: ='Budget Filing Data'!AF71 -> 0 | AG77: ='Budget Filing Data'!$S71 -> 0 | AH77: ='Budget Filing Data'!$R71 -> 0 | AI77: ='Budget Filing Data'!$U71 -> 0 | AJ77: ='Budget Filing Data'!$V71 -> 0 | AK77: 0 | AL77: 0 | AN77: =IF(I77="Yes",IF(OR(G77="IOU Core",G77= "REN/CCA"), "PA","Non-PA Third Party & Partnership"),"PA & Non-PA Target Exempt Programs ") -> PA & Non-PA Target Exempt Programs
C78: ='Budget Filing Data'!D72 -> 0 | D78: ='Budget Filing Data'!E72 -> 0 | G78: ='Budget Filing Data'!J72 -> 0 | H78: ='Budget Filing Data'!H72 -> 0 | J78: ='Budget Filing Data'!G72 -> 0 | K78: ='Budget Filing Data'!I72 -> 0 | L78: ='Budget Filing Data'!K72 -> 0 | M78: ='Budget Filing Data'!B72 -> 0 | N78: =SUM(O78:U78) -> 0 | O78: ='Budget Filing Data'!AG72 -> 0 | P78: ='Budget Filing Data'!AH72 -> 0 | Q78: ='Budget Filing Data'!AI72 -> 0 | R78: ='Budget Filing Data'!AJ72 -> 0 | S78: ='Budget Filing Data'!AK72 -> 0 | T78: ='Budget Filing Data'!AL72 -> 0 | U78: ='Budget Filing Data'!AM72 -> 0 | V78: ='Budget Filing Data'!W72 -> 0 | W78: 0 | X78: 0 | Y78: 0 | AB78: ='Budget Filing Data'!P72 -> 0 | AC78: ='Budget Filing Data'!Q72 -> 0 | AD78: ='Budget Filing Data'!R72 -> 0 | AE78: ='Budget Filing Data'!AE72 -> 0 | AF78: ='Budget Filing Data'!AF72 -> 0 | AG78: ='Budget Filing Data'!$S72 -> 0 | AH78: ='Budget Filing Data'!$R72 -> 0 | AI78: ='Budget Filing Data'!$U72 -> 0 | AJ78: ='Budget Filing Data'!$V72 -> 0 | AK78: 0 | AL78: 0 | AN78: =IF(I78="Yes",IF(OR(G78="IOU Core",G78= "REN/CCA"), "PA","Non-PA Third Party & Partnership"),"PA & Non-PA Target Exempt Programs ") -> PA & Non-PA Target Exempt Programs
C79: ='Budget Filing Data'!D73 -> 0 | D79: ='Budget Filing Data'!E73 -> 0 | G79: ='Budget Filing Data'!J73 -> 0 | H79: ='Budget Filing Data'!H73 -> 0 | J79: ='Budget Filing Data'!G73 -> 0 | K79: ='Budget Filing Data'!I73 -> 0 | L79: ='Budget Filing Data'!K73 -> 0 | M79: ='Budget Filing Data'!B73 -> 0 | N79: =SUM(O79:U79) -> 0 | O79: ='Budget Filing Data'!AG73 -> 0 | P79: ='Budget Filing Data'!AH73 -> 0 | Q79: ='Budget Filing Data'!AI73 -> 0 | R79: ='Budget Filing Data'!AJ73 -> 0 | S79: ='Budget Filing Data'!AK73 -> 0 | T79: ='Budget Filing Data'!AL73 -> 0 | U79: ='Budget Filing Data'!AM73 -> 0 | V79: ='Budget Filing Data'!W73 -> 0 | W79: 0 | X79: 0 | Y79: 0 | AB79: ='Budget Filing Data'!P73 -> 0 | AC79: ='Budget Filing Data'!Q73 -> 0 | AD79: ='Budget Filing Data'!R73 -> 0 | AE79: ='Budget Filing Data'!AE73 -> 0 | AF79: ='Budget Filing Data'!AF73 -> 0 | AG79: ='Budget Filing Data'!$S73 -> 0 | AH79: ='Budget Filing Data'!$R73 -> 0 | AI79: ='Budget Filing Data'!$U73 -> 0 | AJ79: ='Budget Filing Data'!$V73 -> 0 | AK79: 0 | AL79: 0 | AN79: =IF(I79="Yes",IF(OR(G79="IOU Core",G79= "REN/CCA"), "PA","Non-PA Third Party & Partnership"),"PA & Non-PA Target Exempt Programs ") -> PA & Non-PA Target Exempt Programs
C80: ='Budget Filing Data'!D74 -> 0 | D80: ='Budget Filing Data'!E74 -> 0 | G80: ='Budget Filing Data'!J74 -> 0 | H80: ='Budget Filing Data'!H74 -> 0 | J80: ='Budget Filing Data'!G74 -> 0 | K80: ='Budget Filing Data'!I74 -> 0 | L80: ='Budget Filing Data'!K74 -> 0 | M80: ='Budget Filing Data'!B74 -> 0 | N80: =SUM(O80:U80) -> 0 | O80: ='Budget Filing Data'!AG74 -> 0 | P80: ='Budget Filing Data'!AH74 -> 0 | Q80: ='Budget Filing Data'!AI74 -> 0 | R80: ='Budget Filing Data'!AJ74 -> 0 | S80: ='Budget Filing Data'!AK74 -> 0 | T80: ='Budget Filing Data'!AL74 -> 0 | U80: ='Budget Filing Data'!AM74 -> 0 | V80: ='Budget Filing Data'!W74 -> 0 | W80: 0 | X80: 0 | Y80: 0 | AB80: ='Budget Filing Data'!P74 -> 0 | AC80: ='Budget Filing Data'!Q74 -> 0 | AD80: ='Budget Filing Data'!R74 -> 0 | AE80: ='Budget Filing Data'!AE74 -> 0 | AF80: ='Budget Filing Data'!AF74 -> 0 | AG80: ='Budget Filing Data'!$S74 -> 0 | AH80: ='Budget Filing Data'!$R74 -> 0 | AI80: ='Budget Filing Data'!$U74 -> 0 | AJ80: ='Budget Filing Data'!$V74 -> 0 | AK80: 0 | AL80: 0 | AN80: =IF(I80="Yes",IF(OR(G80="IOU Core",G80= "REN/CCA"), "PA","Non-PA Third Party & Partnership"),"PA & Non-PA Target Exempt Programs ") -> PA & Non-PA Target Exempt Programs
C81: PA Program Total | N81: =SUM(N16:N63) -> 36302085 | O81: =SUM(O16:O63) -> 3340000 | P81: =SUM(P16:P63) -> 1014000 | Q81: =SUM(Q16:Q63) -> 21210680 | R81: =SUM(R16:R63) -> 1452083 | S81: =SUM(S16:S63) -> 0 | T81: =SUM(T16:T63) -> 0 | U81: =SUM(U16:U63) -> 9285322.4 | V81: =SUM(V16:V63) -> 45006133 | AB81: =SUM(AB16:AB80) -> 32183339 | AC81: =SUM(AC16:AC80) -> 4249.3788 | AD81: =SUM(AD16:AD80) -> 922263.08 | AE81: =SUM(AE16:AE80) -> 7133.6685 | AF81: =SUM(AF16:AF80) -> 4897.217 | AG81: =SUM(AG16:AG80) -> 2.2084607e+08 | AH81: =SUM(AH16:AH80) -> 9827970.3 | AI81: =SUM(AI16:AI80) -> 96220.808 | AJ81: =SUM(AJ16:AJ80) -> 52186.522 | AK81: 0 | AL81: 0

Sheet 4.2 Sector Seg Budget 2032-2035
B2: Description | C2: Presents detailed budget requests, energy savings, emissions impacts, and lifecycle metrics by sector and program segment, supporting portfolio planning and evaluation across multiple program types.
B3: Instructions | C3: Review and complete the table accordingly. Report to the nearest $ and do not round.
B5: PA Name: | C5: ='Read Me'!B10 -> WestLight Energy
B6: Budget Year: | C6: ='Read Me'!B11 -> 2028-2035
B8: Table 4 – Budget and Savings Forecast
C10: Notes: (PA to add as needed, e.g., relevant advice letter references, decision references and any other needed explanations.)
C12: Sector Name | D12: Program Segment | E12: Year | F12: PA Spending Budget Request | G12: Net TSB | H12: First Year Net KWH | I12: First Year Net KW | J12: First Year Net Therms (MM) | K12: First Year Net Electric CO2e | L12: First Year Net Gas CO2e | M12: Lifecycle Net KWH | N12: Lifecycle Net Therms (MM) | O12: Lifecycle Net Electric CO2e | P12: Lifecycle Net Gas CO2e | Q12: Lifecycle Net CO2e from low-GWP Measures
C13: ='Read Me'!I10 -> Residential | D13: Resource Acquisition | E13: 2032 | F13: 876735.76 | G13: 2402268.3 | H13: 837604.74 | I13: 82.862841 | J13: 110547.58 | K13: 214.54365 | L13: 587.00764 | M13: 1985550.5 | N13: 920387.27 | O13: 3419.7157 | P13: 4887.2564 | Q13: 0
C14: ='Read Me'!I11 -> Commercial | D14: Resource Acquisition | E14: 2032 | F14: 5123426.3 | G14: 10069417 | H14: 8658505.7 | I14: 1123.2793 | J14: 172289.83 | K14: 1827.1491 | L14: 914.859 | M14: 56284288 | N14: 1946303.1 | O14: 27728.255 | P14: 10334.869 | Q14: 0
C15: ='Read Me'!I12 -> Industrial | D15: Resource Acquisition | E15: 2032 | F15: 0 | G15: 0 | H15: 0 | I15: 0 | J15: 0 | K15: 0 | L15: 0 | M15: 0 | N15: 0 | O15: 0 | P15: 0 | Q15: 0
C16: ='Read Me'!I13 -> Agricultural | D16: Resource Acquisition | E16: 2032 | F16: 0 | G16: 0 | H16: 0 | I16: 0 | J16: 0 | K16: 0 | L16: 0 | M16: 0 | N16: 0 | O16: 0 | P16: 0 | Q16: 0
C17: ='Read Me'!I14 -> Public | D17: Resource Acquisition | E17: 2032 | F17: 0 | G17: 0 | H17: 0 | I17: 0 | J17: 0 | K17: 0 | L17: 0 | M17: 0 | N17: 0 | O17: 0 | P17: 0 | Q17: 0
C18: ='Read Me'!I15 -> Cross-Cutting | D18: Resource Acquisition | E18: 2032 | F18: 1017640 | G18: 989258.4 | H18: 0 | I18: 0 | J18: 0 | K18: 0 | L18: 0 | M18: 0 | N18: 0 | O18: 0 | P18: 0 | Q18: 0
C19: ='Read Me'!I16 -> Portfolio Support | D19: Resource Acquisition | E19: 2032 | F19: 389546 | G19: 0 | H19: 0 | I19: 0 | J19: 0 | K19: 0 | L19: 0 | M19: 0 | N19: 0 | O19: 0 | P19: 0 | Q19: 0
C20: =C13 -> Residential | D20: Market Support | E20: 2032 | F20: 0 | G20: 0 | H20: 0 | I20: 0 | J20: 0 | K20: 0 | L20: 0 | M20: 0 | N20: 0 | O20: 0 | P20: 0 | Q20: 0
C21: =C14 -> Commercial | D21: Market Support | E21: 2032 | F21: 0 | G21: 0 | H21: 0 | I21: 0 | J21: 0 | K21: 0 | L21: 0 | M21: 0 | N21: 0 | O21: 0 | P21: 0 | Q21: 0
C22: =C15 -> Industrial | D22: Market Support | E22: 2032 | F22: 0 | G22: 0 | H22: 0 | I22: 0 | J22: 0 | K22: 0 | L22: 0 | M22: 0 | N22: 0 | O22: 0 | P22: 0 | Q22: 0
C23: =C16 -> Agricultural | D23: Market Support | E23: 2032 | F23: 0 | G23: 0 | H23: 0 | I23: 0 | J23: 0 | K23: 0 | L23: 0 | M23: 0 | N23: 0 | O23: 0 | P23: 0 | Q23: 0
C24: =C17 -> Public | D24: Market Support | E24: 2032 | F24: 0 | G24: 0 | H24: 0 | I24: 0 | J24: 0 | K24: 0 | L24: 0 | M24: 0 | N24: 0 | O24: 0 | P24: 0 | Q24: 0
C25: =C18 -> Cross-Cutting | D25: Market Support | E25: 2032 | F25: 638600 | G25: 0 | H25: 0 | I25: 0 | J25: 0 | K25: 0 | L25: 0 | M25: 0 | N25: 0 | O25: 0 | P25: 0 | Q25: 0
C26: =C19 -> Portfolio Support | D26: Market Support | E26: 2032 | F26: 31930 | G26: 0 | H26: 0 | I26: 0 | J26: 0 | K26: 0 | L26: 0 | M26: 0 | N26: 0 | O26: 0 | P26: 0 | Q26: 0
C27: =C13 -> Residential | D27: Equity | E27: 2032 | F27: 2535242.2 | G27: 2050064.5 | H27: 936382.15 | I27: 156.62134 | J27: 36321.317 | K27: 240.23993 | L27: 192.86619 | M27: 7298753.4 | N27: 475028.65 | O27: 2013.6605 | P27: 2522.4021 | Q27: 0
C28: =C14 -> Commercial | D28: Equity | E28: 2032 | F28: 0 | G28: 0 | H28: 0 | I28: 0 | J28: 0 | K28: 0 | L28: 0 | M28: 0 | N28: 0 | O28: 0 | P28: 0 | Q28: 0
C29: =C15 -> Industrial | D29: Equity | E29: 2032 | F29: 0 | G29: 0 | H29: 0 | I29: 0 | J29: 0 | K29: 0 | L29: 0 | M29: 0 | N29: 0 | O29: 0 | P29: 0 | Q29: 0
C30: =C16 -> Agricultural | D30: Equity | E30: 2032 | F30: 0 | G30: 0 | H30: 0 | I30: 0 | J30: 0 | K30: 0 | L30: 0 | M30: 0 | N30: 0 | O30: 0 | P30: 0 | Q30: 0
C31: =C17 -> Public | D31: Equity | E31: 2032 | F31: 0 | G31: 0 | H31: 0 | I31: 0 | J31: 0 | K31: 0 | L31: 0 | M31: 0 | N31: 0 | O31: 0 | P31: 0 | Q31: 0
C32: =C18 -> Cross-Cutting | D32: Equity | E32: 2032 | F32: 0 | G32: 0 | H32: 0 | I32: 0 | J32: 0 | K32: 0 | L32: 0 | M32: 0 | N32: 0 | O32: 0 | P32: 0 | Q32: 0
C33: =C19 -> Portfolio Support | D33: Equity | E33: 2032 | F33: 130913 | G33: 0 | H33: 0 | I33: 0 | J33: 0 | K33: 0 | L33: 0 | M33: 0 | N33: 0 | O33: 0 | P33: 0 | Q33: 0
C34: Residential | D34: Resource Acquisition | E34: 2033 | F34: 903037.84 | G34: 2523466.4 | H34: 837604.74 | I34: 82.862841 | J34: 110547.58 | K34: 216.77448 | L34: 587.00764 | M34: 1985550.5 | N34: 920387.27 | O34: 3498.7314 | P34: 4887.2564 | Q34: 0
C35: Commercial | D35: Resource Acquisition | E35: 2033 | F35: 5277129.1 | G35: 10450872 | H35: 8658505.7 | I35: 1123.2793 | J35: 172289.83 | K35: 1837.2466 | L35: 914.859 | M35: 56284288 | N35: 1946303.1 | O35: 28157.457 | P35: 10334.869 | Q35: 0
C36: Industrial | D36: Resource Acquisition | E36: 2033 | F36: 0 | G36: 0 | H36: 0 | I36: 0 | J36: 0 | K36: 0 | L36: 0 | M36: 0 | N36: 0 | O36: 0 | P36: 0 | Q36: 0
C37: Agricultural | D37: Resource Acquisition | E37: 2033 | F37: 0 | G37: 0 | H37: 0 | I37: 0 | J37: 0 | K37: 0 | L37: 0 | M37: 0 | N37: 0 | O37: 0 | P37: 0 | Q37: 0
C38: Public | D38: Resource Acquisition | E38: 2033 | F38: 0 | G38: 0 | H38: 0 | I38: 0 | J38: 0 | K38: 0 | L38: 0 | M38: 0 | N38: 0 | O38: 0 | P38: 0 | Q38: 0
C39: Cross-Cutting | D39: Resource Acquisition | E39: 2033 | F39: 1048169.2 | G39: 989258.4 | H39: 0 | I39: 0 | J39: 0 | K39: 0 | L39: 0 | M39: 0 | N39: 0 | O39: 0 | P39: 0 | Q39: 0
C40: Portfolio Support | D40: Resource Acquisition | E40: 2033 | F40: 401232.38 | G40: 0 | H40: 0 | I40: 0 | J40: 0 | K40: 0 | L40: 0 | M40: 0 | N40: 0 | O40: 0 | P40: 0 | Q40: 0
C41: Residential | D41: Market Support | E41: 2033 | F41: 0 | G41: 0 | H41: 0 | I41: 0 | J41: 0 | K41: 0 | L41: 0 | M41: 0 | N41: 0 | O41: 0 | P41: 0 | Q41: 0
C42: Commercial | D42: Market Support | E42: 2033 | F42: 0 | G42: 0 | H42: 0 | I42: 0 | J42: 0 | K42: 0 | L42: 0 | M42: 0 | N42: 0 | O42: 0 | P42: 0 | Q42: 0
C43: Industrial | D43: Market Support | E43: 2033 | F43: 0 | G43: 0 | H43: 0 | I43: 0 | J43: 0 | K43: 0 | L43: 0 | M43: 0 | N43: 0 | O43: 0 | P43: 0 | Q43: 0
C44: Agricultural | D44: Market Support | E44: 2033 | F44: 0 | G44: 0 | H44: 0 | I44: 0 | J44: 0 | K44: 0 | L44: 0 | M44: 0 | N44: 0 | O44: 0 | P44: 0 | Q44: 0
C45: Public | D45: Market Support | E45: 2033 | F45: 0 | G45: 0 | H45: 0 | I45: 0 | J45: 0 | K45: 0 | L45: 0 | M45: 0 | N45: 0 | O45: 0 | P45: 0 | Q45: 0
... C108: Portfolio Support | D108: Codes & Standards | E108: 2035 | F108: 0 | G108: 0 | H108: 0 | I108: 0 | J108: 0 | K108: 0 | L108: 0 | M108: 0 | N108: 0 | O108: 0 | P108: 0 | Q108: 0

Sheet 4.3 TSB and C&S Targets
B2: Description | C2: Tables comparing business plan application forecasts to goals from R.25-04-010 in D.25-08-034
B3: Instructions | C3: 1. Review CPUC Goals: - Refer to the final CPUC decision to extract the official TSB Goals and Energy Savings Goals for each year from 2028 to 2035. - Focus on Tables 2–8 for relevant targets. 2. Populate Forecast Data: For each year (2028–2035), enter forecast values for: - Total System Benefit for incentive programs (i.e. all non-codes and standards) - Electric Energy Savings (MWh) for codes and standards - Peak Demand Savings (MW) for codes and standards - Gas Energy Savings (MMTherms) for codes and standards 3. Enter Goal Data: - Input the corresponding goal values for each metric based on the CPUC decision. 4. Calculate Percent of Goal: - For each metric, calculate the percentage of the goal achieved using the formula: Percent of Goal=(Forecast | Goal)×100 - These percentages should be calculated for each year and summarized for the 4-year and 8-year totals. 5. Summarize Totals: - Complete the Total (4 years) rows for 2028–2031 and 2032–2035. - Complete the Cumulative (8 years) row for 2028–2035. 6. Validation: -Ensure all data entries are consistent with CPUC definitions and units. -Double-check calculations for accuracy.
B5: PA Name: | C5: ='Read Me'!B10 -> WestLight Energy
B6: Budget Year: | C6: ='Read Me'!B11 -> 2028-2035
C10: Notes: EE Potential and Goals Decision: https://docs.cpuc.ca.gov/PublishedDocs/Published/G000/M579/K006/579006275.PDF --- Tables 1-8 for the TSB goals and Codes & Standards Energy goals
D11: Incentive Programs | G11: Codes & Standards
C12: Year | D12: Total System Benefit Forecast | E12: Total System Benefit Goals | F12: Percent of TSB Goal | G12: Electric Energy Savings MWH Forecast | H12: Peak Demand Savings MW Forecast | I12: Gas Energy Savings MMTherms Forecast | J12: Electric Energy Savings MWH Goal | K12: Peak Demand Savings MW Goal | L12: Gas Energy Savings MMTherms Goal | M12: MWh Percent of Goal | N12: MW Percent of Goal | O12: MMTherms Percent of Goal
C13: 2028 | D13: 5431631.3 | E13: {=_xlfn.XLOOKUP(1, ($C$29:$C$69=$C13)*($D$29:$D$69=$C$5), E$29:E$69)} -> 5431631.3 | F13: =D13/E13 -> 1 | J13: {=_xlfn.XLOOKUP(1, ($C$29:$C$60=$C13)*($D$29:$D$60=$C$5), F$29:F$60)} -> #N/A | K13: {=_xlfn.XLOOKUP(1, ($C$29:$C$60=$C13)*($D$29:$D$60=$C$5), G$29:G$60)} -> #N/A | L13: {=_xlfn.XLOOKUP(1, ($C$29:$C$60=$C13)*($D$29:$D$60=$C$5), H$29:H$60)} -> #N/A | M13: =G13/J13 -> #N/A | N13: =H13/K13 -> #N/A | O13: =I13/L13 -> #N/A
C14: 2029 | D14: 11583015 | E14: {=_xlfn.XLOOKUP(1, ($C$29:$C$69=$C14)*($D$29:$D$69=$C$5), E$29:E$69)} -> 11583015 | F14: =D14/E14 -> 1 | J14: {=_xlfn.XLOOKUP(1, ($C$29:$C$60=$C14)*($D$29:$D$60=$C$5), F$29:F$60)} -> #N/A | K14: {=_xlfn.XLOOKUP(1, ($C$29:$C$60=$C14)*($D$29:$D$60=$C$5), G$29:G$60)} -> #N/A | L14: {=_xlfn.XLOOKUP(1, ($C$29:$C$60=$C14)*($D$29:$D$60=$C$5), H$29:H$60)} -> #N/A | M14: =G14/J14 -> #N/A | N14: =H14/K14 -> #N/A | O14: =I14/L14 -> #N/A
C15: 2030 | D15: 13058456 | E15: {=_xlfn.XLOOKUP(1, ($C$29:$C$69=$C15)*($D$29:$D$69=$C$5), E$29:E$69)} -> 13058456 | F15: =D15/E15 -> 1 | J15: {=_xlfn.XLOOKUP(1, ($C$29:$C$60=$C15)*($D$29:$D$60=$C$5), F$29:F$60)} -> #N/A | K15: {=_xlfn.XLOOKUP(1, ($C$29:$C$60=$C15)*($D$29:$D$60=$C$5), G$29:G$60)} -> #N/A | L15: {=_xlfn.XLOOKUP(1, ($C$29:$C$60=$C15)*($D$29:$D$60=$C$5), H$29:H$60)} -> #N/A | M15: =G15/J15 -> #N/A | N15: =H15/K15 -> #N/A | O15: =I15/L15 -> #N/A
C16: 2031 | D16: 14933031 | E16: {=_xlfn.XLOOKUP(1, ($C$29:$C$69=$C16)*($D$29:$D$69=$C$5), E$29:E$69)} -> 14933031 | F16: =D16/E16 -> 1 | J16: {=_xlfn.XLOOKUP(1, ($C$29:$C$60=$C16)*($D$29:$D$60=$C$5), F$29:F$60)} -> #N/A | K16: {=_xlfn.XLOOKUP(1, ($C$29:$C$60=$C16)*($D$29:$D$60=$C$5), G$29:G$60)} -> #N/A | L16: {=_xlfn.XLOOKUP(1, ($C$29:$C$60=$C16)*($D$29:$D$60=$C$5), H$29:H$60)} -> #N/A | M16: =G16/J16 -> #N/A | N16: =H16/K16 -> #N/A | O16: =I16/L16 -> #N/A
C17: Total (4 years) | D17: =SUM(D13:D16) -> 45006133 | E17: =SUM(E13:E16) -> 45006133 | F17: =D17/E17 -> 1 | G17: =SUM(G13:G16) -> 0 | H17: =SUM(H13:H16) -> 0 | I17: =SUM(I13:I16) -> 0 | J17: =SUM(J13:J16) -> #N/A | K17: =SUM(K13:K16) -> #N/A | L17: =SUM(L13:L16) -> #N/A | M17: =G17/J17 -> #N/A | N17: =H17/K17 -> #N/A | O17: =I17/L17 -> #N/A
C18: 2032 | D18: 15511008 | E18: {=_xlfn.XLOOKUP(1, ($C$29:$C$69=$C18)*($D$29:$D$69=$C$5), E$29:E$69)} -> 15511008 | F18: =D18/E18 -> 1 | J18: {=_xlfn.XLOOKUP(1, ($C$29:$C$60=$C18)*($D$29:$D$60=$C$5), F$29:F$60)} -> #N/A | K18: {=_xlfn.XLOOKUP(1, ($C$29:$C$60=$C18)*($D$29:$D$60=$C$5), G$29:G$60)} -> #N/A | L18: {=_xlfn.XLOOKUP(1, ($C$29:$C$60=$C18)*($D$29:$D$60=$C$5), H$29:H$60)} -> #N/A | M18: =G18/J18 -> #N/A | N18: =H18/K18 -> #N/A | O18: =I18/L18 -> #N/A
C19: 2033 | D19: 16090663 | E19: {=_xlfn.XLOOKUP(1, ($C$29:$C$69=$C19)*($D$29:$D$69=$C$5), E$29:E$69)} -> 16090663 | F19: =D19/E19 -> 1 | J19: {=_xlfn.XLOOKUP(1, ($C$29:$C$60=$C19)*($D$29:$D$60=$C$5), F$29:F$60)} -> #N/A | K19: {=_xlfn.XLOOKUP(1, ($C$29:$C$60=$C19)*($D$29:$D$60=$C$5), G$29:G$60)} -> #N/A | L19: {=_xlfn.XLOOKUP(1, ($C$29:$C$60=$C19)*($D$29:$D$60=$C$5), H$29:H$60)} -> #N/A | M19: =G19/J19 -> #N/A | N19: =H19/K19 -> #N/A | O19: =I19/L19 -> #N/A
C20: 2034 | D20: 16678258 | E20: {=_xlfn.XLOOKUP(1, ($C$29:$C$69=$C20)*($D$29:$D$69=$C$5), E$29:E$69)} -> 16678258 | F20: =D20/E20 -> 1 | J20: {=_xlfn.XLOOKUP(1, ($C$29:$C$60=$C20)*($D$29:$D$60=$C$5), F$29:F$60)} -> #N/A | K20: {=_xlfn.XLOOKUP(1, ($C$29:$C$60=$C20)*($D$29:$D$60=$C$5), G$29:G$60)} -> #N/A | L20: {=_xlfn.XLOOKUP(1, ($C$29:$C$60=$C20)*($D$29:$D$60=$C$5), H$29:H$60)} -> #N/A | M20: =G20/J20 -> #N/A | N20: =H20/K20 -> #N/A | O20: =I20/L20 -> #N/A
C21: 2035 | D21: 17477291 | E21: {=_xlfn.XLOOKUP(1, ($C$29:$C$69=$C21)*($D$29:$D$69=$C$5), E$29:E$69)} -> 17477291 | F21: =D21/E21 -> 1 | J21: {=_xlfn.XLOOKUP(1, ($C$29:$C$60=$C21)*($D$29:$D$60=$C$5), F$29:F$60)} -> #N/A | K21: {=_xlfn.XLOOKUP(1, ($C$29:$C$60=$C21)*($D$29:$D$60=$C$5), G$29:G$60)} -> #N/A | L21: {=_xlfn.XLOOKUP(1, ($C$29:$C$60=$C21)*($D$29:$D$60=$C$5), H$29:H$60)} -> #N/A | M21: =G21/J21 -> #N/A | N21: =H21/K21 -> #N/A | O21: =I21/L21 -> #N/A
C22: Total (4 years) | D22: =SUM(D18:D21) -> 65757220 | E22: =SUM(E18:E21) -> 65757220 | F22: =D22/E22 -> 1 | G22: =SUM(G18:G21) -> 0 | H22: =SUM(H18:H21) -> 0 | I22: =SUM(I18:I21) -> 0 | J22: =SUM(J18:J21) -> #N/A | K22: =SUM(K18:K21) -> #N/A | L22: =SUM(L18:L21) -> #N/A | M22: =G22/J22 -> #N/A | N22: =H22/K22 -> #N/A | O22: =I22/L22 -> #N/A
C23: Cumulative (8 years) | D23: =D22+D17 -> 1.1076335e+08 | E23: =E22+E17 -> 1.1076335e+08 | F23: =D23/E23 -> 1 | G23: =G22+G17 -> 0 | H23: =H22+H17 -> 0 | I23: =I22+I17 -> 0 | J23: =J22+J17 -> #N/A | K23: =K22+K17 -> #N/A | L23: =L22+L17 -> #N/A | M23: =G23/J23 -> #N/A | N23: =H23/K23 -> #N/A | O23: =I23/L23 -> #N/A
C26: Extracts from Tables 1-8
C28: Year | D28: IOU | E28: TSB | F28: GWh | G28: MW | H28: MMTherms
C29: 2028 | D29: PG&E | E29: $245,982,070 | F29: 688.6 | G29: 127.0 | H29: 8.0
C30: 2029 | D30: PG&E | E30: $277,204,793 | F30: 524.6 | G30: 103.6 | H30: 7.6
C31: 2030 | D31: PG&E | E31: $220,970,017 | F31: 458.8 | G31: 95.5 | H31: 7.5
C32: 2031 | D32: PG&E | E32: $261,360,492 | F32: 413.6 | G32: 90.8 | H32: 7.2
C33: 2032 | D33: PG&E | E33: $276,406,285 | F33: 371.9 | G33: 85.1 | H33: 7.1
C34: 2033 | D34: PG&E | E34: $293,966,337 | F34: 356.7 | G34: 81.9 | H34: 7.0
C35: 2034 | D35: PG&E | E35: $332,863,463 | F35: 280.0 | G35: 73.3 | H35: 6.8
C36: 2035 | D36: PG&E | E36: $370,909,444 | F36: 263.2 | G36: 67.7 | H36: 6.7
C37: 2028 | D37: SCE | E37: $186,433,247 | F37: 688.6 | G37: 117.2 | H37: -
C38: 2029 | D38: SCE | E38: $194,494,832 | F38: 524.6 | G38: 94.2 | H38: -
C39: 2030 | D39: SCE | E39: $121,814,029 | F39: 458.8 | G39: 86.3 | H39: -
C40: 2031 | D40: SCE | E40: $143,827,943 | F40: 413.6 | G40: 81.8 | H40: -
... C60: 2035 | D60: SDG&E | E60: $104,555,409 | F60: 53.9 | G60: 11.6 | H60: 0.7
C61: 2028 | D61: WestLight Energy | E61: 5431631.3 | F61: - | G61: - | H61: -
C62: 2029 | D62: WestLight Energy | E62: 11583015 | F62: - | G62: - | H62: -
C63: 2030 | D63: WestLight Energy | E63: 13058456 | F63: - | G63: - | H63: -
C64: 2031 | D64: WestLight Energy | E64: 14933031 | F64: - | G64: - | H64: -
C65: 2032 | D65: WestLight Energy | E65: 15511008 | F65: - | G65: - | H65: -
C66: 2033 | D66: WestLight Energy | E66: 16090663 | F66: - | G66: - | H66: -
C67: 2034 | D67: WestLight Energy | E67: 16678258 | F67: - | G67: - | H67: -
C68: 2035 | D68: WestLight Energy | E68: 17477291 | F68: - | G68: - | H68: -

Sheet 6 Statewide Programs
B2: Description | C2: Outlines statewide energy efficiency programs, including total contract budgets, proportional funding contributions, and administrative costs allocated across IOUs based on electric and gas load shares.
B3: Instructions | C3: This table is for all IOUs to compile together and submit. 1. This table should be identical for all IOUs. 2. The current input table is the approved table for 2028 onwards. Any change will need to be requested in the application.
B5: PA Name: | C5: ='Read Me'!B10 -> WestLight Energy
B6: Budget Year: | C6: ='Read Me'!B11 -> 2028-2035
B8: Table 6 - Statewide Programs (Identical For all lead Statewide Portfolio Administrators) | K8: (Col A)*(IOU 'Electric Proportional Share' from INPUT TABLE) + [(1-Col A)*(IOU 'Gas Proportional Share' from INPUT TABLE)] See below for INPUT TABLE
J9: Col A | K9: Col 1 | L9: Col 2 | M9: Col 3 | N9: Col 4
C10: Statewide Program* | D10: Program Segment | E10: Lead PA | F10: 2028 Program Contract Budget (Total for all IOUs)** | G10: 2029 Program Contract Budget (Total for all IOUs)** | H10: 2030 Program Contract Budget (Total for all IOUs)** | I10: 2031 Program Contract Budget (Total for all IOUs)** | J10: Percent Electric | K10: Combined (Electric & Gas) Proportional Contribution to Contract Cost per Load-Share (Either as reflected in co-funding agreement, or expected in co-funding agreement. Funding share may be within +/-20% of Target per formula in row 1 above) | O10: Total IOU Administrative Budget 2028-2031A | S10: 2028 IOU Administrative BudgetA | W10: 2029 IOU Administrative BudgetA | AA10: 2030 IOU Administrative BudgetA | AE10: 2031 IOU Administrative BudgetA
K11: PG&E | L11: SDG&E | M11: SCE | N11: SCG | O11: PG&E | P11: SDG&E | Q11: SCE | R11: SCG | S11: PG&E | T11: SDG&E | U11: SCE | V11: SCG | W11: PG&E | X11: SDG&E | Y11: SCE | Z11: SCG | AA11: PG&E | AB11: SDG&E | AC11: SCE | AD11: SCG | AE11: PG&E | AF11: SDG&E | AG11: SCE | AH11: SCG
E12: PG&E | F12: 2200000 | G12: 2200000 | H12: 2200000 | I12: 2200000
F13: 7693312.4 | G13: 9430512 | H13: 9926854.8 | I13: 7817398.1
F14: 10954816 | G14: 10267036 | H14: 10165831 | I14: 10949714
F15: 13355724 | G15: 14209484 | H15: 15276684 | I15: 17272364
F16: 8984276 | G16: 8130516 | H16: 7063316 | I16: 5727636
F17: 3998447 | G17: 3998447 | H17: 3998447 | I17: 3998447
F18: 8399584 | G18: 8399584 | H18: 8399584 | I18: 8399584
F19: 5088827 | G19: 5088827 | H19: 5088827 | I19: 5088827
F20: 2328050 | G20: 2328050 | H20: 2328050 | I20: 2328050
F21: 1100000 | G21: 1100000 | H21: 1100000 | I21: 1100000
E22: SCE
F24: 17000000 | G24: 17000000 | H24: 17000000 | I24: 17000000
F25: 4299168 | G25: 4992631 | H25: 5266700 | I25: 5278305
E26: SCG | F26: 3750000 | G26: 3750000 | H26: 3750000 | I26: 3750000
F27: 19000000 | G27: 19000000 | H27: 19000000 | I27: 19000000
F28: 21000000 | G28: 21000000 | H28: 21000000 | I28: 21000000
E29: SDG&E | F29: 6900000 | G29: 6900000 | H29: 6900000 | I29: 6900000
E30: BayREN | F30: 4639214 | G30: 5269578 | H30: 5891594 | I30: 6536061
C31: Total | F31: =SUM(F12:F30) -> 1.4069142e+08 | G31: =SUM(G12:G30) -> 143064665 | H31: =SUM(H12:H30) -> 1.4435589e+08 | I31: =SUM(I12:I30) -> 1.4434639e+08 | O31: =SUM(O12:O30) -> 0 | P31: =SUM(P12:P30) -> 0 | Q31: =SUM(Q12:Q30) -> 0 | R31: =SUM(R12:R30) -> 0 | S31: =SUM(S12:S30) -> 0 | T31: =SUM(T12:T30) -> 0 | U31: =SUM(U12:U30) -> 0 | V31: =SUM(V12:V30) -> 0 | ... AH31: =SUM(AH12:AH30) -> 0
C33: *Modify rows as needed to reflect consolidation or division of a program category per solicitation approach or contracts. Ultimately there should be one line per executed 3P contract.
C34: **The contract budget or signed contract amount for a given year accounts for the anticipated launch date of the program. Program contract budgets reflect third party implementation contract values and expenditures.
C35: ^ Administrative budgets for statewide programs are IOU specific and are filed under separate program IDs. They include all non-contract program expenditures which cover coordination, support and management. This does not include any contract implementation cost.
C36: ***Launch date assumes that the signed contracts filed via AL are approved by ED in 90-days, where applicable.
C37: BP Decision (D.18-05-041): OP 23. The 25 percent requirement for statewide funding articulated in D.16-08-019 shall be calculated as a proportion of the utility program administrator’s total portfolio budget, including evaluation, measurement, and verification funding, but excluding funding allocated to other program administrators for other (non-statewide) programs. D.23-06-055, Conclusion of Law 4: "The required minimum statewide funding contribution for the IOUs should be reduced to 20 percent of their total portfolio funding for 2024-2027, and 10 percent for SoCalGas" .
M40: INPUT TABLE: DO NOT MODIFY
M41: IOU | N41: Percent PPP Electric | O41: Percent PPP Gas | P41: Electric Proportional Share | Q41: Gas Proportional Share | R41: Target Portfolio Allocation | S41: Statewide Budget as Percentage of Total Budget
M42: PG&E | N42: 0.8 | O42: 0.2 | P42: 0.2871 | Q42: 0.4259 | R42: 0.2 | S42: 0.28
M43: SDG&E | N43: 0.9 | O43: 0.1 | P43: 0.091 | Q43: 0.132 | R43: 0.2 | S43: 0.29
M44: SCE | N44: 1 | O44: 0 | P44: 0.6219 | Q44: 0 | R44: 0.2 | S44: 0.2
M45: SoCalGas | N45: 0 | O45: 1 | P45: 0 | Q45: 0.4421 | R45: 0.1 | S45: 0.12
M47: Electric and Gas Porportional Share Table 1: https://docs.cpuc.ca.gov/PublishedDocs/Published/G000/M512/K907/512907396.PDF
M48: Statwide Program budget totals - statewide allocations, table 3.

Sheet Budget Filing Data
B2: Description | C2: Provides budget filing data to support analysis at the discretion of PAs. The current dataset reflects information available in CEDARS and should be refreshed with each business plan application cycle to ensure accuracy and relevance.
B3: Instructions | C3: 1. Navigate to the https://cedars.cpuc.ca.gov/. 2. Go to Data > Record-level. 3. Click on the latest true-up budget filing data. 4. Group data by columns Year, PA, Program ID, Program Name, Program Group, Primary Sector, Statewide Program, Program Category, Program Implementer, Filing Year Quarter, Program Segment, and Program Status. 5. Collect the numeric columns N - AP and group data by the above columns. 6. Paste data below the orange line. 7. Note column AQ requires data entry. The value is the "PAC Cost % Electric," which is to electric and gas splits for the cost recovery amounts attributed to electric and gas portions. PG&E used 59% for the 2024 TUAL; use 100% and 0% for SCE and SoCalGas respectively. Same splits are used for the respective CCAs and RENs as to the IOUs (unless they span more than one IOU).
A5: Field Type | B5: Group by columns | M5: Numeric columns | AS5: Calculated Values
A6: Source | B6: Budget Filing (business plan, MCAL, or TUAL) | C6: Budget Filing (business plan, MCAL, or TUAL) | D6: Budget Filing (business plan, MCAL, or TUAL) | E6: Budget Filing (business plan, MCAL, or TUAL) | F6: Budget Filing (business plan, MCAL, or TUAL) | G6: Budget Filing (business plan, MCAL, or TUAL) | H6: Budget Filing (business plan, MCAL, or TUAL) | I6: Budget Filing (business plan, MCAL, or TUAL) | J6: Budget Filing (business plan, MCAL, or TUAL) | K6: Budget Filing (business plan, MCAL, or TUAL) | L6: Budget Filing (business plan, MCAL, or TUAL) | M6: Budget Filing (business plan, MCAL, or TUAL) | N6: Budget Filing (business plan, MCAL, or TUAL) | O6: Budget Filing (business plan, MCAL, or TUAL) | P6: Budget Filing (business plan, MCAL, or TUAL) | Q6: Budget Filing (business plan, MCAL, or TUAL) | R6: Budget Filing (business plan, MCAL, or TUAL) | S6: Budget Filing (business plan, MCAL, or TUAL) | T6: Budget Filing (business plan, MCAL, or TUAL) | U6: Budget Filing (business plan, MCAL, or TUAL) | V6: Budget Filing (business plan, MCAL, or TUAL) | W6: Budget Filing (business plan, MCAL, or TUAL) | X6: Budget Filing (business plan, MCAL, or TUAL) | Y6: Budget Filing (business plan, MCAL, or TUAL) | Z6: Budget Filing (business plan, MCAL, or TUAL) | AA6: Budget Filing (business plan, MCAL, or TUAL) | AB6: Budget Filing (business plan, MCAL, or TUAL) | AC6: Budget Filing (business plan, MCAL, or TUAL) | AD6: Budget Filing (business plan, MCAL, or TUAL) | AE6: Budget Filing (business plan, MCAL, or TUAL) | AF6: Budget Filing (business plan, MCAL, or TUAL) | AG6: Cost Effectiveness Tool (CET) | AH6: Cost Effectiveness Tool (CET) | AI6: Cost Effectiveness Tool (CET) | AJ6: Cost Effectiveness Tool (CET) | AK6: Cost Effectiveness Tool (CET) | AL6: Cost Effectiveness Tool (CET) | AM6: Cost Effectiveness Tool (CET) | AN6: Cost Effectiveness Tool (CET) | AO6: Cost Effectiveness Tool (CET) | AP6: Cost Effectiveness Tool (CET) | AQ6: Cost Effectiveness Tool (CET) | AR6: Cost Effectiveness Tool (CET) | AS6: Data Entered | AT6: Calculated | AU6: Calculated | AV6: Calculated | AW6: Calculated | AX6: Calculated | AY6: Calculated | AZ6: Calculated | BA6: Calculated | BB6: Calculated | BC6: Calculated | BD6: Calculated
A7: Source Field name if Different than Field Name | AG7: AdminCostsOverheadAndGA + AdminCostsOther | AH7: MarketingOutreach | AI7: DIActivity+DIInstallation+DIHardwareAndMaterials+DIRebateAndInspection | AJ7: EMV | AK7: OnBillFinancing | AL7: CostsREcoveredFromOther Sources | AM7: RebatesandIncents or Sum of (DirectInstallLab, DirectInsallMat, EndUserRebate, IncentivetoOthers) | AN7: BillReducElec | AO7: BillREducGas | AP7: BillIncrElec | AQ7: BillIncrGas | AR7: WaterEnergyBen | AT7: [(Lifecycle Net Electric Bill Reductions)-(Lifecycle Net Electric Bill Increases)]/Weighted EUL | AU7: [(Lifecycle Net Gas Bill Reductions)-(Lifecycle Net Gas Bill Increases)]/Weighted EUL | AV7: [Electric Benefits]+[Water Energy Benefits]+[Lifecycle Electric Bill Increases]+[PAC Cost % Electric]*[Other Benefits] | AW7: [Gas Benefits]+[Lifecycle Gas Bill Increases]+(1-[PAC Cost % Electric])*[Other Benefits] | AX7: (Electric PAC Cost) * PAC Cost % Electric + (Lifecycle Net Electric Bill Reductions) | AY7: (Gas PAC Cost) *(1-PAC Cost % Electric) + (Lifecycle Net Gas Bill Reductions) | AZ7: [Lifecycle Net Therm]* 99976.1 +[Lifecycle Net kWh] *3412.14)/([First Year Net Therm]*99976.1+[First Year Net kWh]*3412.14) | BA7: Net Present Value of Lifecycle RIM Electric Benefits / Weighted EUL | BB7: Net Present Value of Lifecycle RIM Gas Benefits / Weighted EUL | BC7: Net Present Value of Lifecycle RIM Electric Costs / Weighted EUL | BD7: Net Present Value of Lifecycle RIM Gas Costs / Weighted EUL
A8: Example | B8: 2024 | C8: BAY | D8: BAYREN02 | E8: Multi Family | F8: Energy Upgrade California | G8: Residential | H8: Plug Load and Appliances | I8: Market Transformation | J8: IOU Core, Local Government Partnership, Non-Program, REN/CCA, State Institutional Partnership, Third/Local Party, OR Third-Party Solicited | K8: Equity | L8: Active | M8: -118,071 | N8: 87.037 | O8: 200,240 | P8: -288.820 | Q8: 60.926 | R8: 179631 | S8: -4094371 | T8: 2564189 | U8: -1385.3 | V8: 13615.8 | W8: 3215973 | X8: 3739817 | Y8: 16361112 | Z8: 20246408 | AA8: 16255126 | AB8: 45453 | AC8: 3635505.4 | AD8: 0 | AE8: -86.032 | AF8: 953.84 | AG8: 5000 | AH8: 5000 | AI8: 5000 | AJ8: 5000 | AK8: 5000 | AL8: 5000 | AM8: 5000 | AN8: 3215973 | AO8: 3739817 | AP8: 3215973 | AQ8: 3739817 | AR8: 0
A9: Field Name | B9: Year | C9: PA | D9: Program ID | E9: Program Name | F9: Program Group | G9: Primary Sector | H9: Statewide Program | I9: Program Category | J9: Program Implementer | K9: Program Segment | L9: Program Status | M9: First Year Gross kWh | N9: First Year Gross kW | O9: First Year Gross Therm | P9: First Year Net kWh | Q9: First Year Net kW | R9: First Year Net Therm | S9: Lifecycle Net kWh | T9: Lifecycle Net Therm | U9: Lifecycle Net Elec CO2 | V9: Lifecycle Net Gas CO2 | W9: Total System Benefit | X9: Total System Benefit Gross | Y9: Budget | Z9: TRC Cost | AA9: PAC Cost | AB9: Electric Benefits | AC9: Gas Benefits | AD9: Other Benefits | AE9: First Year Net Elec CO2 | AF9: First Year Net Gas CO2 | AG9: Administrative | AH9: Marketing/ Outreach | AI9: Direct Implementation Non-Incentive | AJ9: EM&V Costs | AK9: On Bill Financing Program Costs | AL9: Cost Recovered from Other Sources | AM9: Incentive/ Rebate | AN9: Lifecycle Net Electric Bill Reductions | AO9: Lifecycle Net Gas Bill Reductions | AP9: Lifecycle Net Electric Bill Increases | AQ9: Lifecycle Net Gas Bill Increases | AR9: Water-Energy Benefits | AS9: PAC Cost % Electric | AT9: Average Annual Electric Bill Savings | AU9: Average Annual Gas Bill Savings | AV9: RIM Benefit Electric | AW9: RIM Benefit Gas | AX9: RIM Cost Electric | AY9: RIM Cost Gas | AZ9: Weighted EUL | BA9: Annualized RIM Electric Benefits | BB9: AnnualizedRIM Gas Benefits | BC9: Annualized RIM Electric Costs | BD9: AnnualizedRIM Gas Costs
B10: 2028 | C10: PCE | D10: PCE-03-RES-DI | E10: Residential Direct Install | G10: Residential | H10: No | I10: 0 | J10: REN/CCA | K10: equity | L10: active | M10: -9736.1687 | N10: 10.002033 | O10: 8719.8037 | P10: -11144.374 | Q10: 8.6184216 | R10: 7711.2617 | S10: -285146.59 | T10: 96944.897 | U10: -59.260085 | V10: 514.7774 | W10: 166060.21 | X10: 184735.66 | Y10: 539999.84 | Z10: 567824.31 | AA10: 567824.31 | AB10: 6491.9257 | AC10: 174294.9 | AD10: 14294.058 | AE10: -2.3338375 | AF10: 40.9468 | AG10: 27000 | AH10: 16200 | AI10: 405000 | AM10: 91799.842 | AN10: 17163.096 | AO10: 204095.45 | AP10: 97354.836 | AQ10: 0 | AR10: 951.26703 | AS10: ='3.1 Funding Category'!F$10 -> 0.742 | AT10: =IF($AZ10=0,"NA",($AN10-$AP10)/$AZ10) -> -6740.7216 | AU10: =IF($AZ10=0,"NA",($AO10-$AQ10)/$AZ10) -> 17155.765 | AV10: =$AB10+$AR10+$AP10+$AS10*$AD10 -> 115404.22 | AW10: =$AC10+$AQ10+(1-$AS10)*$AD10 -> 177982.77 | AX10: =$AA10*$AS10+$AN10 -> 438488.74 | AY10: =$AA10*(1-$AS10)+$AO10 -> 350594.13 | AZ10: =IFERROR(($T10*99976.1+$S10*3412.14)/($R10*99976.1+$P10*3412.14),0) -> 11.896611 | BA10: =IF($AZ10=0,0,AV10/$AZ10) -> 9700.5966 | BB10: =IF($AZ10=0,0,AW10/$AZ10) -> 14960.797 | BC10: =IF($AZ10=0,0,AX10/$AZ10) -> 36858.291 | BD10: =IF($AZ10=0,0,AY10/$AZ10) -> 29470.085
B11: 2028 | C11: PCE | D11: PCE-01-IDSM | E11: IDSM Program | G11: Cross-Cutting | H11: No | I11: 0 | J11: REN/CCA | K11: resource_acquisition | L11: active | M11: 0 | N11: 0 | O11: 0 | P11: 0 | Q11: 0 | R11: 0 | S11: 0 | T11: 0 | U11: 0 | V11: 0 | W11: 949712.4 | X11: 949712.4 | Y11: 912000 | Z11: 912000 | AA11: 912000 | AB11: 0 | AC11: 0 | AD11: 949712.4 | AE11: 0 | AF11: 0 | AG11: 28800 | AH11: 28800 | AI11: 134400 | AM11: 720000 | AN11: 0 | AO11: 0 | AP11: 0 | AQ11: 0 | AR11: 0 | AS11: ='3.1 Funding Category'!F$10 -> 0.742 | AT11: =IF($AZ11=0,"NA",($AN11-$AP11)/$AZ11) -> NA | AU11: =IF($AZ11=0,"NA",($AO11-$AQ11)/$AZ11) -> NA | AV11: =$AB11+$AR11+$AP11+$AS11*$AD11 -> 704686.6 | AW11: =$AC11+$AQ11+(1-$AS11)*$AD11 -> 245025.8 | AX11: =$AA11*$AS11+$AN11 -> 676704 | AY11: =$AA11*(1-$AS11)+$AO11 -> 235296 | AZ11: =IFERROR(($T11*99976.1+$S11*3412.14)/($R11*99976.1+$P11*3412.14),0) -> 0 | BA11: =IF($AZ11=0,0,AV11/$AZ11) -> 0 | BB11: =IF($AZ11=0,0,AW11/$AZ11) -> 0 | BC11: =IF($AZ11=0,0,AX11/$AZ11) -> 0 | BD11: =IF($AZ11=0,0,AY11/$AZ11) -> 0
B12: 2028 | C12: PCE | D12: PCE-02-COM-DI | E12: Commercial Direct Install | G12: Commercial | H12: No | I12: 0 | J12: REN/CCA | K12: resource_acquisition | L12: active | M12: 232269.84 | N12: 48.680393 | O12: 12767.47 | P12: 160896.99 | Q12: 35.13211 | R12: 10278.772 | S12: 2248574 | T12: 118980.4 | U12: 375.7228 | V12: 631.78594 | W12: 371419.24 | X12: 487527.48 | Y12: 615600.16 | Z12: 655126.87 | AA12: 655126.87 | AB12: 192923.53 | AC12: 216165.5 | AD12: 0 | AE12: 43.703934 | AF12: 54.580279 | AG12: 32400 | AH12: 19440 | AI12: 466560 | AM12: 97200.157 | AN12: 879212.36 | AO12: 140451.73 | AP12: 162153.09 | AQ12: 0 | AR12: 1856.9232 | AS12: ='3.1 Funding Category'!F$10 -> 0.742 | AT12: =IF($AZ12=0,"NA",($AN12-$AP12)/$AZ12) -> 57776.006 | AU12: =IF($AZ12=0,"NA",($AO12-$AQ12)/$AZ12) -> 11316.694 | AV12: =$AB12+$AR12+$AP12+$AS12*$AD12 -> 356933.55 | AW12: =$AC12+$AQ12+(1-$AS12)*$AD12 -> 216165.5 | AX12: =$AA12*$AS12+$AN12 -> 1365316.5 | AY12: =$AA12*(1-$AS12)+$AO12 -> 309474.47 | AZ12: =IFERROR(($T12*99976.1+$S12*3412.14)/($R12*99976.1+$P12*3412.14),0) -> 12.411022 | BA12: =IF($AZ12=0,0,AV12/$AZ12) -> 28759.401 | BB12: =IF($AZ12=0,0,AW12/$AZ12) -> 17417.221 | BC12: =IF($AZ12=0,0,AX12/$AZ12) -> 110008.39 | BD12: =IF($AZ12=0,0,AY12/$AZ12) -> 24935.454
B13: 2028 | C13: PCE | D13: PCE-01-EMV | E13: WestLight EM&V | G13: Cross-Cutting | H13: No | I13: Evaluation Measurement and Verification | J13: Non-Program | K13: evaluation_measurement_verification | L13: active | M13: 0 | N13: 0 | O13: 0 | P13: 0 | Q13: 0 | R13: 0 | S13: 0 | T13: 0 | U13: 0 | V13: 0 | W13: 0 | X13: 0 | Y13: 263750 | Z13: 263750 | AA13: 263750 | AB13: 0 | AC13: 0 | AD13: 0 | AE13: 0 | AF13: 0 | AG13: 0 | AH13: 0 | AI13: 0 | AJ13: 263750 | AK13: 0 | AL13: 0 | AM13: 0 | AN13: 0 | AO13: 0 | AP13: 0 | AQ13: 0 | AR13: 0 | AS13: ='3.1 Funding Category'!F$10 -> 0.742 | AT13: =IF($AZ13=0,"NA",($AN13-$AP13)/$AZ13) -> NA | AU13: =IF($AZ13=0,"NA",($AO13-$AQ13)/$AZ13) -> NA | AV13: =$AB13+$AR13+$AP13+$AS13*$AD13 -> 0 | AW13: =$AC13+$AQ13+(1-$AS13)*$AD13 -> 0 | AX13: =$AA13*$AS13+$AN13 -> 195702.5 | AY13: =$AA13*(1-$AS13)+$AO13 -> 68047.5 | AZ13: =IFERROR(($T13*99976.1+$S13*3412.14)/($R13*99976.1+$P13*3412.14),0) -> 0 | BA13: =IF($AZ13=0,0,AV13/$AZ13) -> 0 | BB13: =IF($AZ13=0,0,AW13/$AZ13) -> 0 | BC13: =IF($AZ13=0,0,AX13/$AZ13) -> 0 | BD13: =IF($AZ13=0,0,AY13/$AZ13) -> 0
B14: 2028 | C14: PCE | D14: PCE-01-COM-FM | E14: FLEXMarket | G14: Commercial | H14: No | I14: 0 | J14: REN/CCA | K14: resource_acquisition | L14: active | M14: 1974129.8 | N14: 269.23905 | O14: 84423.803 | P14: 1938719.6 | Q14: 258.22919 | R14: 71760.232 | S14: 22860504 | T14: 800386.39 | U14: 4182.8759 | V14: 4250.0518 | W14: 3209254.7 | X14: 3483633.5 | Y14: 1368000 | Z14: 3344200.7 | AA14: 1383185.9 | AB14: 1717209.9 | AC14: 1506620.4 | AD14: 0 | AE14: 558.39254 | AF14: 381.04683 | AG14: 72000 | AH14: 0 | AI14: 1296000 | AM14: 0 | AN14: 7868142.3 | AO14: 1805250.7 | AP14: 0 | AQ14: 0 | AR14: 610.27582 | AS14: ='3.1 Funding Category'!F$10 -> 0.742 | AT14: =IF($AZ14=0,"NA",($AN14-$AP14)/$AZ14) -> 686595.29 | AU14: =IF($AZ14=0,"NA",($AO14-$AQ14)/$AZ14) -> 157531.04 | AV14: =$AB14+$AR14+$AP14+$AS14*$AD14 -> 1717820.2 | AW14: =$AC14+$AQ14+(1-$AS14)*$AD14 -> 1506620.4 | AX14: =$AA14*$AS14+$AN14 -> 8894466.2 | AY14: =$AA14*(1-$AS14)+$AO14 -> 2162112.6 | AZ14: =IFERROR(($T14*99976.1+$S14*3412.14)/($R14*99976.1+$P14*3412.14),0) -> 11.459651 | BA14: =IF($AZ14=0,0,AV14/$AZ14) -> 149901.62 | BB14: =IF($AZ14=0,0,AW14/$AZ14) -> 131471.76 | BC14: =IF($AZ14=0,0,AX14/$AZ14) -> 776155.08 | BD14: =IF($AZ14=0,0,AY14/$AZ14) -> 188671.77
B15: 2028 | C15: PCE | D15: PCE-03-COM-SEM | E15: Non Residential Strategic Energy Management | G15: Commercial | H15: No | I15: 0 | J15: REN/CCA | K15: resource_acquisition | L15: active | M15: 0 | N15: 0 | O15: 0 | P15: 0 | Q15: 0 | R15: 0 | S15: 0 | T15: 0 | U15: 0 | V15: 0 | W15: 0 | X15: 0 | Y15: 988000 | Z15: 988000 | AA15: 988000 | AB15: 0 | AC15: 0 | AD15: 0 | AE15: 0 | AF15: 0 | AG15: 52000 | AH15: 31200 | AI15: 904800 | AM15: 0 | AN15: 0 | AO15: 0 | AP15: 0 | AQ15: 0 | AR15: 0 | AS15: ='3.1 Funding Category'!F$10 -> 0.742 | AT15: =IF($AZ15=0,"NA",($AN15-$AP15)/$AZ15) -> NA | AU15: =IF($AZ15=0,"NA",($AO15-$AQ15)/$AZ15) -> NA | AV15: =$AB15+$AR15+$AP15+$AS15*$AD15 -> 0 | AW15: =$AC15+$AQ15+(1-$AS15)*$AD15 -> 0 | AX15: =$AA15*$AS15+$AN15 -> 733096 | AY15: =$AA15*(1-$AS15)+$AO15 -> 254904 | AZ15: =IFERROR(($T15*99976.1+$S15*3412.14)/($R15*99976.1+$P15*3412.14),0) -> 0 | BA15: =IF($AZ15=0,0,AV15/$AZ15) -> 0 | BB15: =IF($AZ15=0,0,AW15/$AZ15) -> 0 | BC15: =IF($AZ15=0,0,AX15/$AZ15) -> 0 | BD15: =IF($AZ15=0,0,AY15/$AZ15) -> 0
B16: 2028 | C16: PCE | D16: PCE-01-RES-MFSEM | E16: Multifamily Strategic Energy Management | G16: Residential | H16: No | I16: 0 | J16: REN/CCA | K16: resource_acquisition | L16: active | M16: 0 | N16: 0 | O16: 0 | P16: 0 | Q16: 0 | R16: 0 | S16: 0 | T16: 0 | U16: 0 | V16: 0 | W16: 0 | X16: 0 | Y16: 345800 | Z16: 345800 | AA16: 345800 | AB16: 0 | AC16: 0 | AD16: 0 | AE16: 0 | AF16: 0 | AG16: 18200 | AH16: 10920 | AI16: 316680 | AM16: 0 | AN16: 0 | AO16: 0 | AP16: 0 | AQ16: 0 | AR16: 0 | AS16: ='3.1 Funding Category'!F$10 -> 0.742 | AT16: =IF($AZ16=0,"NA",($AN16-$AP16)/$AZ16) -> NA | AU16: =IF($AZ16=0,"NA",($AO16-$AQ16)/$AZ16) -> NA | AV16: =$AB16+$AR16+$AP16+$AS16*$AD16 -> 0 | AW16: =$AC16+$AQ16+(1-$AS16)*$AD16 -> 0 | AX16: =$AA16*$AS16+$AN16 -> 256583.6 | AY16: =$AA16*(1-$AS16)+$AO16 -> 89216.4 | AZ16: =IFERROR(($T16*99976.1+$S16*3412.14)/($R16*99976.1+$P16*3412.14),0) -> 0 | BA16: =IF($AZ16=0,0,AV16/$AZ16) -> 0 | BB16: =IF($AZ16=0,0,AW16/$AZ16) -> 0 | BC16: =IF($AZ16=0,0,AX16/$AZ16) -> 0 | BD16: =IF($AZ16=0,0,AY16/$AZ16) -> 0
B17: 2028 | C17: PCE | D17: PCE-02-RES-MP | E17: Renters Marketplace | G17: Residential | H17: No | I17: 0 | J17: REN/CCA | K17: equity | L17: active | M17: 497814.6 | N17: 61.013392 | O17: 16287.052 | P17: 496214.6 | Q17: 61.013392 | R17: 12741.952 | S17: 3990838.9 | T17: 172481.21 | U17: 1121.0535 | V17: 915.87523 | W17: 735184.72 | X17: 795843.55 | Y17: 889200 | Z17: 1469774.2 | AA17: 910176.34 | AB17: 450719.5 | AC17: 305441.56 | AD17: 0 | AE17: 181.48665 | AF17: 67.659764 | AG17: 46800 | AH17: 56160 | AI17: 655200 | AM17: 131040 | AN17: 1381500 | AO17: 349610.57 | AP17: 22096.245 | AQ17: 0 | AR17: 0 | AS17: ='3.1 Funding Category'!F$10 -> 0.742 | AT17: =IF($AZ17=0,"NA",($AN17-$AP17)/$AZ17) -> 130694.79 | AU17: =IF($AZ17=0,"NA",($AO17-$AQ17)/$AZ17) -> 33612.002 | AV17: =$AB17+$AR17+$AP17+$AS17*$AD17 -> 472815.75 | AW17: =$AC17+$AQ17+(1-$AS17)*$AD17 -> 305441.56 | AX17: =$AA17*$AS17+$AN17 -> 2056850.8 | AY17: =$AA17*(1-$AS17)+$AO17 -> 584436.07 | AZ17: =IFERROR(($T17*99976.1+$S17*3412.14)/($R17*99976.1+$P17*3412.14),0) -> 10.401361 | BA17: =IF($AZ17=0,0,AV17/$AZ17) -> 45457.103 | BB17: =IF($AZ17=0,0,AW17/$AZ17) -> 29365.537 | BC17: =IF($AZ17=0,0,AX17/$AZ17) -> 197748.23 | BD17: =IF($AZ17=0,0,AY17/$AZ17) -> 56188.421
B18: 2028 | C18: PCE | D18: PCE_Equity_PortfolioSupport | E18: Equity Portfolio Support | G18: Portfolio Support | H18: No | I18: 0 | J18: REN/CCA | K18: equity | L18: active | M18: 0 | N18: 0 | O18: 0 | P18: 0 | Q18: 0 | R18: 0 | S18: 0 | T18: 0 | U18: 0 | V18: 0 | W18: 0 | X18: 0 | Y18: 73800 | Z18: 73800 | AA18: 73800 | AB18: 0 | AC18: 0 | AD18: 0 | AE18: 0 | AF18: 0 | AG18: 73800 | AH18: 0 | AI18: 0 | AM18: 0 | AN18: 0 | AO18: 0 | AP18: 0 | AQ18: 0 | AR18: 0 | AS18: ='3.1 Funding Category'!F$10 -> 0.742 | AT18: =IF($AZ18=0,"NA",($AN18-$AP18)/$AZ18) -> NA | AU18: =IF($AZ18=0,"NA",($AO18-$AQ18)/$AZ18) -> NA | AV18: =$AB18+$AR18+$AP18+$AS18*$AD18 -> 0 | AW18: =$AC18+$AQ18+(1-$AS18)*$AD18 -> 0 | AX18: =$AA18*$AS18+$AN18 -> 54759.6 | AY18: =$AA18*(1-$AS18)+$AO18 -> 19040.4 | AZ18: =IFERROR(($T18*99976.1+$S18*3412.14)/($R18*99976.1+$P18*3412.14),0) -> 0 | BA18: =IF($AZ18=0,0,AV18/$AZ18) -> 0 | BB18: =IF($AZ18=0,0,AW18/$AZ18) -> 0 | BC18: =IF($AZ18=0,0,AX18/$AZ18) -> 0 | BD18: =IF($AZ18=0,0,AY18/$AZ18) -> 0
B19: 2028 | C19: PCE | D19: PCE_MS_Portfolio_Support | E19: Market Support Portfolio Support | G19: Portfolio Support | H19: No | I19: 0 | J19: REN/CCA | K19: market_support | L19: active | M19: 0 | N19: 0 | O19: 0 | P19: 0 | Q19: 0 | R19: 0 | S19: 0 | T19: 0 | U19: 0 | V19: 0 | W19: 0 | X19: 0 | Y19: 18000 | Z19: 18000 | AA19: 18000 | AB19: 0 | AC19: 0 | AD19: 0 | AE19: 0 | AF19: 0 | AG19: 18000 | AH19: 0 | AI19: 0 | AM19: 0 | AN19: 0 | AO19: 0 | AP19: 0 | AQ19: 0 | AR19: 0 | AS19: ='3.1 Funding Category'!F$10 -> 0.742 | AT19: =IF($AZ19=0,"NA",($AN19-$AP19)/$AZ19) -> NA | AU19: =IF($AZ19=0,"NA",($AO19-$AQ19)/$AZ19) -> NA | AV19: =$AB19+$AR19+$AP19+$AS19*$AD19 -> 0 | AW19: =$AC19+$AQ19+(1-$AS19)*$AD19 -> 0 | AX19: =$AA19*$AS19+$AN19 -> 13356 | AY19: =$AA19*(1-$AS19)+$AO19 -> 4644 | AZ19: =IFERROR(($T19*99976.1+$S19*3412.14)/($R19*99976.1+$P19*3412.14),0) -> 0 | BA19: =IF($AZ19=0,0,AV19/$AZ19) -> 0 | BB19: =IF($AZ19=0,0,AW19/$AZ19) -> 0 | BC19: =IF($AZ19=0,0,AX19/$AZ19) -> 0 | BD19: =IF($AZ19=0,0,AY19/$AZ19) -> 0
B20: 2028 | C20: PCE | D20: PCE_RA_Portfolio_Support | E20: Resource Acquisition Portfolio Support | G20: Portfolio Support | H20: No | I20: 0 | J20: REN/CCA | K20: resource_acquisition | L20: active | M20: 0 | N20: 0 | O20: 0 | P20: 0 | Q20: 0 | R20: 0 | S20: 0 | T20: 0 | U20: 0 | V20: 0 | W20: 0 | X20: 0 | Y20: 219600 | Z20: 219600 | AA20: 219600 | AB20: 0 | AC20: 0 | AD20: 0 | AE20: 0 | AF20: 0 | AG20: 219600 | AH20: 0 | AI20: 0 | AM20: 0 | AN20: 0 | AO20: 0 | AP20: 0 | AQ20: 0 | AR20: 0 | AS20: ='3.1 Funding Category'!F$10 -> 0.742 | AT20: =IF($AZ20=0,"NA",($AN20-$AP20)/$AZ20) -> NA | AU20: =IF($AZ20=0,"NA",($AO20-$AQ20)/$AZ20) -> NA | AV20: =$AB20+$AR20+$AP20+$AS20*$AD20 -> 0 | AW20: =$AC20+$AQ20+(1-$AS20)*$AD20 -> 0 | AX20: =$AA20*$AS20+$AN20 -> 162943.2 | AY20: =$AA20*(1-$AS20)+$AO20 -> 56656.8 | AZ20: =IFERROR(($T20*99976.1+$S20*3412.14)/($R20*99976.1+$P20*3412.14),0) -> 0 | BA20: =IF($AZ20=0,0,AV20/$AZ20) -> 0 | BB20: =IF($AZ20=0,0,AW20/$AZ20) -> 0 | BC20: =IF($AZ20=0,0,AX20/$AZ20) -> 0 | BD20: =IF($AZ20=0,0,AY20/$AZ20) -> 0
B21: 2028 | C21: PCE | D21: PCE-01-WET-REF | E21: Refrigerant Workforce Education and Training (WET) | G21: Cross-Cutting | H21: No | I21: Workforce Education and Training | J21: REN/CCA | K21: market_support | L21: active | M21: 0 | N21: 0 | O21: 0 | P21: 0 | Q21: 0 | R21: 0 | S21: 0 | T21: 0 | U21: 0 | V21: 0 | W21: 0 | X21: 0 | Y21: 360000 | Z21: 360000 | AA21: 360000 | AB21: 0 | AC21: 0 | AD21: 0 | AE21: 0 | AF21: 0 | AG21: 10800 | AH21: 10800 | AI21: 338400 | AM21: 0 | AN21: 0 | AO21: 0 | AP21: 0 | AQ21: 0 | AR21: 0 | AS21: ='3.1 Funding Category'!F$10 -> 0.742 | AT21: =IF($AZ21=0,"NA",($AN21-$AP21)/$AZ21) -> NA | AU21: =IF($AZ21=0,"NA",($AO21-$AQ21)/$AZ21) -> NA | AV21: =$AB21+$AR21+$AP21+$AS21*$AD21 -> 0 | AW21: =$AC21+$AQ21+(1-$AS21)*$AD21 -> 0 | AX21: =$AA21*$AS21+$AN21 -> 267120 | AY21: =$AA21*(1-$AS21)+$AO21 -> 92880 | AZ21: =IFERROR(($T21*99976.1+$S21*3412.14)/($R21*99976.1+$P21*3412.14),0) -> 0 | BA21: =IF($AZ21=0,0,AV21/$AZ21) -> 0 | BB21: =IF($AZ21=0,0,AW21/$AZ21) -> 0 | BC21: =IF($AZ21=0,0,AX21/$AZ21) -> 0 | BD21: =IF($AZ21=0,0,AY21/$AZ21) -> 0
B22: 2029 | C22: PCE | D22: PCE-03-RES-DI | E22: Residential Direct Install | G22: Residential | H22: No | I22: 0 | J22: REN/CCA | K22: equity | L22: active | M22: 14514.737 | N22: 47.47 | O22: 12887.938 | P22: 10445.752 | Q22: 40.5818 | R22: 11432.678 | S22: -39922.242 | T22: 135718.83 | U22: -9.2059512 | V22: 720.66699 | W22: 318340.39 | X22: 355184.54 | Y22: 720000.17 | Z22: 743186.42 | AA22: 743186.42 | AB22: 28617.812 | AC22: 260825.65 | AD22: 53040.15 | AE22: 2.4407641 | AF22: 60.707522 | AG22: 36000 | AH22: 21600 | AI22: 302400 | AM22: 360000.17 | AN22: 79083.964 | AO22: 300500.98 | AP22: 80115.565 | AQ22: 0 | AR22: 579.14784 | AS22: ='3.1 Funding Category'!F$11 -> 0.774 | AT22: =IF($AZ22=0,"NA",($AN22-$AP22)/$AZ22) -> -90.518479 | AU22: =IF($AZ22=0,"NA",($AO22-$AQ22)/$AZ22) -> 26367.668 | AV22: =$AB22+$AR22+$AP22+$AS22*$AD22 -> 150365.6 | AW22: =$AC22+$AQ22+(1-$AS22)*$AD22 -> 272812.73 | AX22: =$AA22*$AS22+$AN22 -> 654310.25 | AY22: =$AA22*(1-$AS22)+$AO22 -> 468461.11 | AZ22: =IFERROR(($T22*99976.1+$S22*3412.14)/($R22*99976.1+$P22*3412.14),0) -> 11.39657 | BA22: =IF($AZ22=0,0,AV22/$AZ22) -> 13193.934 | BB22: =IF($AZ22=0,0,AW22/$AZ22) -> 23938.143 | BC22: =IF($AZ22=0,0,AX22/$AZ22) -> 57412.909 | BD22: =IF($AZ22=0,0,AY22/$AZ22) -> 41105.447
